Workbook
Name incBuyerDossierDetaillnkRequestName: HONDA!$F$2

Sheet SDM-COT-097-2026
A1: DATOS DEL PARTICIPANTE
A2: Nombre del PARTICIPANTE | C2: UNION MOTOR GROUP SAS
A3: NIT | C3: 900500816 - 3
A4: N° | B4: DESCRIPCIÓN DEL SERVICIO MANO DE OBRA | C4: und | D4: Cant | E4: PRECIO DE MANO DE OBRA | G4: N° | H4: DESCRIPCION DEL REPUESTO | K4: und | M4: XRE300 ABS | N4: XR-250 TORNADO
E5: VALOR CON IVA | M5: VALOR REPUESTO CON IVA | N5: VALOR REPUESTO CON IVA
A6: 1 | B6: CAMBIO ACEITE | C6: ud | D6: 1 | E6: 28955.36 | G6: 1 | H6: ACEITE 4T | K6: 1/4GAL | L6: 1 | M6: 49705.3 | N6: 47544.2
A7: =A6+1 -> 2 | B7: CAMBIO ACEITE HIDRÁULICO | C7: ud | D7: 1 | E7: 106169.28 | G7: =G6+1 -> 2 | H7: ACEITE HIDRÁULICO | K7: 1/4GAL | L7: 1 | M7: 50256.15 | N7: 48071.1
A8: =A7+1 -> 3 | B8: CAMBIO AMORTIGUADOR DELANTERO | C8: ud | D8: 1 | E8: N/A | G8: =G7+1 -> 3 | H8: AMORTIGUADOR DELANTERO | K8: ud. | L8: 1 | M8: N/A | N8: N/A
A9: =A8+1 -> 4 | B9: CAMBIO AMORTIGUADOR TRASERO | C9: ud | D9: 1 | E9: 339745.28 | G9: =G8+1 -> 4 | H9: AMORTIGUADOR TRASERO | K9: ud. | L9: 1 | M9: 2197579.8 | N9: 2102032.9
A10: =A9+1 -> 5 | B10: CAMBIO ANILLOS | C10: ud | D10: 1 | E10: 339745.28 | G10: =G9+1 -> 5 | H10: ANILLOS | K10: ud. | L10: 1 | M10: 456063.55 | N10: 436234.7
A11: =A10+1 -> 6 | B11: CAMBIO ARRANQUE | C11: ud | D11: 1 | E11: 169873.18 | G11: =G10+1 -> 6 | H11: ARRANQUE | K11: ud. | L11: 1 | M11: 674923.59 | N11: 547073.4
A12: =A11+1 -> 7 | B12: CAMBIO AUTOMÁTICO ARRANQUE | C12: ud | D12: 1 | E12: 48258.918 | G12: =G11+1 -> 7 | H12: AUTOMATICO ARRANQUE | K12: ud. | L12: 1 | M12: 1400542.4 | N12: 1339649.3
A13: =A12+1 -> 8 | B13: CAMBIO BANDAS FRENO TRASERO | C13: ud | D13: 1 | E13: 74319.918 | G13: =G12+1 -> 8 | H13: BANDAS FRENO TRASERO | K13: ud. | L13: 1 | M13: N/A | N13: 217475.38
A14: =A13+1 -> 9 | B14: CAMBIO BASE ESPEJO IZQUIERDO COMPLETO | C14: ud | D14: 1 | E14: 21233.352 | G14: =G13+1 -> 9 | H14: BASE ESPEJO IZQUIERDO COMPLETO | K14: ud. | L14: 1 | M14: 74319.918 | N14: 74319.918
A15: =A14+1 -> 10 | B15: CAMBIO BASE MALETERO | C15: ud | D15: 1 | E15: 74319.918 | G15: =G14+1 -> 10 | H15: BASE MALETERO | K15: ud. | L15: 1 | M15: 227360.62 | N15: 217475.38
A16: =A15+1 -> 11 | B16: CAMBIO BATERIA | C16: ud | D16: 1 | E16: 48258.918 | G16: =G15+1 -> 11 | H16: BATERÍA | K16: ud. | L16: 1 | M16: 485608.16 | N16: 485608.16
A17: =A16+1 -> 12 | B17: CAMBIO BIELA | C17: ud | D17: 1 | E17: 435299.61 | G17: =G16+1 -> 12 | H17: BIELA | K17: ud. | L17: 1 | M17: 705601.93 | N17: 674923.59
A18: =A17+1 -> 13 | B18: CAMBIO BOBINA DE ALTA | C18: ud | D18: 1 | E18: 84936.589 | G18: =G17+1 -> 13 | H18: BOBINA DE ALTA | K18: ud. | L18: 1 | M18: 1276856.3 | N18: 1221340.8
A19: =A18+1 -> 14 | B19: CAMBIO BOBINA DE CARGA | C19: ud | D19: 1 | E19: 127404.88 | G19: =G18+1 -> 14 | H19: BOBINA DE CARGA | K19: ud. | L19: 1 | M19: 1276856.3 | N19: 1221340.8
A20: =A19+1 -> 15 | B20: CAMBIO BOMBA ACEITE | C20: ud | D20: 1 | E20: 254809.77 | G20: =G19+1 -> 15 | H20: BOMBA ACEITE | K20: ud. | L20: 1 | M20: 403135.8 | N20: 385608.16
A21: =A20+1 -> 16 | B21: CAMBIO BOMBA FRENO DELANTERO CON DEPOSITO | C21: ud | D21: 1 | E21: 135126.24 | G21: =G20+1 -> 16 | H21: BOMBA FRENO DELANTERO CON DEPOSITO | K21: ud. | L21: 1 | M21: 806770.97 | N21: N/A
A22: =A21+1 -> 17 | B22: CAMBIO BOMBA FRENO TRASERO CON DEPÓSITO | C22: ud | D22: 1 | E22: 127404.88 | G22: =G21+1 -> 17 | H22: BOMBA FRENO TRASERO CON DEPOSITO | K22: ud. | L22: 1 | M22: 494618.73 | N22: 473113.56
A23: =A22+1 -> 18 | B23: CAMBIO BOMBILLO DIRECCIONAL | C23: ud | D23: 1 | E23: 21233.352 | G23: =G22+1 -> 18 | H23: BOMBILLO DIRECCIONAL | K23: ud. | L23: 1 | M23: N/A | N23: 77168.146
A24: =A23+1 -> 19 | B24: CAMBIO BOMBILLO FAROLA | C24: ud | D24: 1 | E24: 48258.918 | G24: =G23+1 -> 19 | H24: BOMBILLO FAROLA | K24: ud. | L24: 1 | M24: N/A | N24: 122603.11
A25: =A24+1 -> 20 | B25: CAMBIO BOMBILLO PORTA PLACA | C25: ud | D25: 1 | E25: 38606.814 | G25: =G24+1 -> 20 | H25: BOMBILLO PORTA PLACA | K25: ud. | L25: 1 | M25: 31127.142 | N25: N/A
A26: =A25+1 -> 21 | B26: CAMBIO BOMBILLO STOP | C26: ud | D26: 1 | E26: 38606.814 | G26: =G25+1 -> 21 | H26: BOMBILLO STOP | K26: ud. | L26: 1 | M26: N/A | N26: 19323.722
A27: =A26+1 -> 22 | B27: CAMBIO BRAZO TENSOR MECANICO | C27: ud | D27: 1 | E27: 95553.259 | G27: =G26+1 -> 22 | H27: BRAZO TENSOR MECANICO | K27: ud. | L27: 1 | M27: 332748.85 | N27: 318281.51
A28: =A27+1 -> 23 | B28: CAMBIO BUJE SEPARADOR RODAMIENTO RUEDA TRASERA | C28: ud | D28: 1 | E28: 138021.55 | G28: =G27+1 -> 23 | H28: BUJE SEPARADOR RODAMIENTO RUEDA TRASERA | K28: ud. | L28: 1 | M28: 82555.349 | N28: 78965.986
A29: =A28+1 -> 24 | B29: CAMBIO BUJES BALANCIN SUSPENSION TRASERA | C29: ud | D29: 1 | E29: 169873.18 | G29: =G28+1 -> 24 | H29: BUJES BALANCIN SUSPENSION TRASERA | K29: ud. | L29: 1 | M29: 447073.4 | N29: 427635.43
A30: =A29+1 -> 25 | B30: CAMBIO BUJES MONO BRAZO COMPLETO | C30: ud | D30: 1 | E30: N/A | G30: =G29+1 -> 25 | H30: BUJES MONO BRAZO COMPLETO | K30: ud. | L30: 1 | M30: N/A | N30: N/A
A31: =A30+1 -> 26 | B31: CAMBIO BUJES SUSPENSION TRASERA | C31: ud | D31: 1 | E31: 159256.5 | G31: =G30+1 -> 26 | H31: BUJES SUSPENSION TRASERA | K31: ud. | L31: 1 | M31: 447073.4 | N31: 427635.43
A32: =A31+1 -> 27 | B32: CAMBIO BUJES TIJERA COMPLETO | C32: ud | D32: 1 | E32: 169873.18 | G32: =G31+1 -> 27 | H32: BUJES TIJERA COMPLETO | K32: ud. | L32: 1 | M32: 158566.98 | N32: 151672.76
A33: =A32+1 -> 28 | B33: CAMBIO BUJIA | C33: ud | D33: 1 | E33: 28956.312 | G33: =G32+1 -> 28 | H33: BUJIA | K33: ud. | L33: 1 | M33: 396314.91 | N33: 379083.83
A34: =A33+1 -> 29 | B34: CAMBIO CABLE POSITIVO BATERIA | C34: ud | D34: 1 | E34: 48258.918 | G34: =G33+1 -> 29 | H34: CABLE POSITIVO BATERIA | K34: ud. | L34: 1 | M34: N/A | N34: 51902.202
A35: =A34+1 -> 30 | B35: CAMBIO CADENILLA REPARTICION | C35: ud | D35: 1 | E35: 231644.08 | G35: =G34+1 -> 30 | H35: CADENILLA REPARTICION | K35: ud. | L35: 1 | M35: 387431.01 | N35: 370586.18
A36: =A35+1 -> 31 | B36: CAMBIO CAJA COMPLETA FILTRO DE AIRE | C36: ud | D36: 1 | E36: 26021.554 | G36: =G35+1 -> 31 | H36: CAJA COMPLETA FILTRO DE AIRE | K36: ud. | L36: 1 | M36: 117633.81 | N36: 112519.3
A37: =A36+1 -> 32 | B37: CAMBIO CAJA EMBRAGUE COMPLETO | C37: ud | D37: 1 | E37: 233574.82 | G37: =G36+1 -> 32 | H37: CAJA EMBRAGUE COMPLETO | K37: ud. | L37: 1 | M37: 1063909.1 | N37: 1017652.2
A38: =A37+1 -> 33 | B38: CAMBIO CAJA PIÑON VELOCIMETRO | C38: ud | D38: 1 | E38: 57911.022 | G38: =G37+1 -> 33 | H38: CAJA PIÑON VELOCIMETRO | K38: ud. | L38: 1 | M38: N/A | N38: 527800
A39: =A38+1 -> 34 | B39: CAMBIO CALIPER FRENO DELANTERO | C39: ud | D39: 1 | E39: 169873.18 | G39: =G38+1 -> 34 | H39: CALIPER FRENO DELANTERO | K39: ud. | L39: 1 | M39: 859033.42 | N39: 821684.14
A40: =A39+1 -> 35 | B40: CAMBIO CALIPER FRENO TRASERO | C40: ud | D40: 1 | E40: 159256.5 | G40: =G39+1 -> 35 | H40: CALIPER FRENO TRASERO | K40: ud. | L40: 1 | M40: 982770.36 | N40: N/A
A41: =A40+1 -> 36 | B41: CAMBIO CAMPANA TRASERA | C41: ud | D41: 1 | E41: 212341.47 | G41: =G40+1 -> 36 | H41: CAMPANA TRASERA | K41: ud. | L41: 1 | M41: 1323580 | N41: 1123580
A42: =A41+1 -> 37 | B42: CAMBIO CAÑA ACELERADOR | C42: ud | D42: 1 | E42: 28956.312 | G42: =G41+1 -> 37 | H42: CAÑA ACELERADOR | K42: ud. | L42: 1 | M42: 65936.25 | N42: 63069.457
A43: =A42+1 -> 38 | B43: CAMBIO CAPUCHON BUJIA | C43: ud | D43: 1 | E43: 28956.312 | G43: =G42+1 -> 38 | H43: CAPUCHON BUJIA | K43: ud. | L43: 1 | M43: 10009.623 | N43: 9574.422
A44: =A43+1 -> 39 | B44: CAMBIO CASQUETES BIELA | C44: ud | D44: 1 | E44: 318511.4 | G44: =G43+1 -> 39 | H44: CASQUETES BIELA | K44: ud. | L44: 1 | M44: 179653.69 | N44: 171842.66
A45: =A44+1 -> 40 | B45: CAMBIO CATALINA DE CADENA | C45: ud | D45: 1 | E45: 48258.918 | G45: =G44+1 -> 40 | H45: CATALINA DE CADENA | K45: ud. | L45: 1 | M45: 331697.7 | N45: 317276.06
A46: =A45+1 -> 41 | B46: CAMBIO CAUCHO CAMPANA | C46: ud | D46: 1 | E46: 53084.965 | G46: =G45+1 -> 41 | H46: CAUCHO CAMPANA | K46: ud. | L46: 1 | M46: 179653.69 | N46: N/A
A47: =A46+1 -> 42 | B47: CAMBIO CAUCHO MANGO IZQUIERDO | C47: ud | D47: 1 | E47: 28956.312 | G47: =G46+1 -> 42 | H47: CAUCHO MANGO IZQUIERDO | K47: ud. | L47: 1 | M47: 109973.95 | N47: 105167.26
A48: =A47+1 -> 43 | B48: CAMBIO CAUCHO MANILAR IZQUIERDO | C48: ud | D48: 1 | E48: 28956.312 | G48: =G47+1 -> 43 | H48: CAUCHO MANILAR IZQUIERDO | K48: ud. | L48: 1 | M48: 109973.95 | N48: 105167.26
A49: =A48+1 -> 44 | B49: CAMBIO CAUCHO MORDAZA | C49: ud | D49: 1 | E49: 57911.022 | G49: =G48+1 -> 44 | H49: CAUCHO MORDAZA | K49: ud. | L49: 1 | M49: 39219.037 | N49: 37513.861
A50: =A49+1 -> 45 | B50: CAMBIO CDI UNIDAD ELECTRONICA | C50: ud | D50: 1 | E50: 138021.55 | G50: =G49+1 -> 45 | H50: CDI UNIDAD ELECTRONICA | K50: ud. | L50: 1 | M50: 1404166.1 | N50: 1343115.4
A51: =A50+1 -> 46 | B51: CAMBIO CHAPA MALETERO | C51: ud | D51: 1 | E51: 38606.814 | G51: =G50+1 -> 46 | H51: CHAPA MALETERO | K51: ud. | L51: 1 | M51: 43984.199 | N51: 42071.843
A52: =A51+1 -> 47 | B52: CAMBIO CIGÜEÑAL | C52: ud | D52: 1 | E52: 583937.85 | G52: =G51+1 -> 47 | H52: CIGÜEÑAL | K52: ud. | L52: 1 | M52: 1946602.2 | N52: 1731532.6
A53: =A52+1 -> 48 | B53: CAMBIO CILINDRO MOTOR | C53: ud | D53: 1 | E53: 371596.38 | G53: =G52+1 -> 48 | H53: CILINDRO MOTOR | K53: ud. | L53: 1 | M53: 1099784 | N53: 1051967.3
A54: =A53+1 -> 49 | B54: CAMBIO CONJUNTO MANIJA EMBRAGUE | C54: ud | D54: 1 | E54: 95553.259 | G54: =G53+1 -> 49 | H54: CONJUNTO MANIJA EMBRAGUE | K54: ud. | L54: 1 | M54: 236665.12 | N54: 213331.85
A55: =A54+1 -> 50 | B55: CAMBIO CORONA BOBINA | C55: ud | D55: 1 | E55: 84936.589 | G55: =G54+1 -> 50 | H55: CORONA BOBINA | K55: ud. | L55: 1 | M55: 1276856.3 | N55: 1221340.8
A56: =A55+1 -> 51 | B56: CAMBIO CULATA MOTOR | C56: ud | D56: 1 | E56: 201723.2 | G56: =G55+1 -> 51 | H56: CULATA MOTOR | K56: ud. | L56: 1 | M56: 2943851.6 | N56: 2815858.1
A57: =A56+1 -> 52 | B57: CAMBIO CUNAS DIRECCION | C57: ud | D57: 1 | E57: 26021.554 | G57: =G56+1 -> 52 | H57: CUNAS DIRECCION | K57: ud. | L57: 1 | M57: 450866.02 | N57: 431263.15
A58: =A57+1 -> 53 | B58: CAMBIO DIRECCIONAL DELANTERA R Y L | C58: ud | D58: 1 | E58: 48258.918 | G58: =G57+1 -> 53 | H58: DIRECCIONAL DELANTERA R Y L | K58: ud. | L58: 1 | M58: 161057.48 | N58: 154054.98
... A82: =A81+1 -> 77 | B82: CAMBIO ENGRANAJE SECUNDARIO TERCERA | C82: ud | D82: 1 | E82: 105999.44 | G82: =G81+1 -> 77 | H82: ENGRANAJE SECUNDARIO TERCERA | K82: ud. | L82: 1 | M82: 110122.82 | N82: 105334.87
A83: =A82+1 -> 78 | B83: CAMBIO ESCOBILLA ARRANQUEY PORTA ESCOBILLA | C83: ud | D83: 1 | E83: 116788.2 | G83: =G82+1 -> 78 | H83: ESCOBILLA ARRANQUEY PORTA ESCOBILLA | K83: ud. | L83: 1 | M83: 103098.1 | N83: N/A
A84: =A83+1 -> 79 | B84: CAMBIO ESFERAS DE LA DIRECCION | C84: ud | D84: 1 | E84: 138021.55 | G84: =G83+1 -> 79 | H84: ESFERAS DE LA DIRECCION | K84: ud. | L84: 1 | M84: 450866.02 | N84: 431263.15
A85: =A84+1 -> 80 | B85: CAMBIO ESPEJO DERECHO O IZQUIERDO | C85: ud | D85: 1 | E85: 32405.36 | G85: =G84+1 -> 80 | H85: ESPEJO DERECHO O IZQUIERDO | K85: ud. | L85: 1 | M85: 132575.71 | N85: N/A
A86: =A85+1 -> 81 | B86: CAMBIO FAROLA DELANTERA | C86: ud | D86: 1 | E86: 63701.646 | G86: =G85+1 -> 81 | H86: FAROLA DELANTERA | K86: ud. | L86: 1 | M86: 488834.44 | N86: 467580.77
A87: =A86+1 -> 82 | B87: CAMBIO FILTRO ACEITE | C87: ud | D87: 1 | E87: 48258.918 | G87: =G86+1 -> 82 | H87: FILTRO ACEITE | K87: ud. | L87: 1 | M87: 85788.908 | N87: 82058.955
A88: =A87+1 -> 83 | B88: CAMBIO FILTRO AIRE | C88: ud | D88: 1 | E88: 48258.918 | G88: =G87+1 -> 83 | H88: FILTRO AIRE | K88: ud. | L88: 1 | M88: 255230.92 | N88: 244133.92
A89: =A88+1 -> 84 | B89: CAMBIO FILTRO COMBUSTIBLE | C89: ud | D89: 1 | E89: 48258.918 | G89: =G88+1 -> 84 | H89: FILTRO COMBUSTIBLE | K89: ud. | L89: 1 | M89: 74496.942 | N89: 71257.945
A90: =A89+1 -> 85 | B90: CAMBIO FLASHER 12 VOLTIOS | C90: ud | D90: 1 | E90: 48258.918 | G90: =G89+1 -> 85 | H90: FLASHER 12 VOLTIOS | K90: ud. | L90: 1 | M90: 70593.681 | N90: 67524.391
A91: =A90+1 -> 86 | B91: CAMBIO GUAYA ACELERADOR | C91: ud | D91: 1 | E91: 53084.965 | G91: =G90+1 -> 86 | H91: GUAYA ACELERADOR | K91: ud. | L91: 1 | M91: 74808.592 | N91: 71556.045
A92: =A91+1 -> 87 | B92: CAMBIO GUAYA EMBRAGUE | C92: ud | D92: 1 | E92: 53084.96 | G92: =G91+1 -> 87 | H92: GUAYA EMBRAGUE | K92: ud. | L92: 1 | M92: 74808.592 | N92: 71556.045
A93: =A92+1 -> 88 | B93: CAMBIO GUAYA FRENO TRASERO | C93: ud | D93: 1 | E93: N/A | G93: =G92+1 -> 88 | H93: GUAYA FRENO TRASERO | K93: ud. | L93: 1 | M93: N/A | N93: N/A
A94: =A93+1 -> 89 | B94: CAMBIO GUAYA VELOCIMETRO | C94: ud | D94: 1 | E94: 57911.022 | G94: =G93+1 -> 89 | H94: GUAYA VELOCIMETRO | K94: ud. | L94: 1 | M94: 90193.005 | N94: 86271.57
A95: =A94+1 -> 90 | B95: CAMBIO GUIA CADENILLA | C95: ud | D95: 1 | E95: 116788.2 | G95: =G94+1 -> 90 | H95: GUIA CADENILLA | K95: ud. | L95: 1 | M95: 557458.29 | N95: 533220.97
A96: =A95+1 -> 91 | B96: CAMBIO GUIAS VALVULAS | C96: ud | D96: 1 | E96: 231644.08 | G96: =G95+1 -> 91 | H96: GUIAS VALVULAS | K96: ud. | L96: 1 | M96: 109041.09 | N96: 104300.17
A97: =A96+1 -> 92 | B97: CAMBIO HORQUILLA | C97: ud | D97: 1 | E97: 583937.85 | G97: =G96+1 -> 92 | H97: HORQUILLA | K97: ud. | L97: 1 | M97: 2470407.5 | N97: 2362998.5
A98: =A97+1 -> 93 | B98: CAMBIO INSTALACION ELECTRICA (ARNEX) | C98: ud | D98: 1 | E98: 169873.18 | G98: =G97+1 -> 93 | H98: INSTALACION ELECTRICA (ARNEX) | K98: ud. | L98: 1 | M98: 1606438.6 | N98: 1536593.4
A99: =A98+1 -> 94 | B99: CAMBIO INTERRUPTOR APAGADO RUN | C99: ud | D99: 1 | E99: 53084.965 | G99: =G98+1 -> 94 | H99: INTERRUPTOR APAGADO RUN | K99: ud. | L99: 1 | M99: 282578.54 | N99: 270292.52
A100: =A99+1 -> 95 | B100: CAMBIO INYECTOR | C100: ud | D100: 1 | E100: 201723.2 | G100: =G99+1 -> 95 | H100: INYECTOR | K100: ud. | L100: 1 | M100: 1430727.5 | N100: 1368521.9
A101: =A100+1 -> 96 | B101: CAMBIO JUEGO CUACHOS MANILARES | C101: ud | D101: 1 | E101: 48258.918 | G101: =G100+1 -> 96 | H101: JUEGO CUACHOS MANILARES | K101: ud. | L101: 1 | M101: 70749.46 | N101: 67673.397
A102: =A101+1 -> 97 | B102: CAMBIO JUEGO DISCOS EMBRAGUE | C102: ud | D102: 1 | E102: 201723.2 | G102: =G101+1 -> 97 | H102: JUEGO DISCOS EMBRAGUE | K102: ud. | L102: 1 | M102: 610176.43 | N102: 583647.02
A103: =A102+1 -> 98 | B103: CAMBIO KIT ARRASTRE | C103: ud | D103: 1 | E103: 127404.88 | G103: =G102+1 -> 98 | H103: KIT ARRASTRE | K103: ud. | L103: 1 | M103: 610176.43 | N103: 583647.02
A104: =A103+1 -> 99 | B104: CAMBIO KIT BIELA | C104: ud | D104: 1 | E104: 583937.85 | G104: =G103+1 -> 99 | H104: KIT BIELA | K104: ud. | L104: 1 | M104: 705601.93 | N104: N/A
A105: =A104+1 -> 100 | B105: CAMBIO KIT BUJES TIJERA COMPLETO | C105: ud | D105: 1 | E105: 154430.45 | G105: =G104+1 -> 100 | H105: KIT BUJES TIJERA COMPLETO | K105: ud. | L105: 1 | M105: 90402.995 | N105: 86472.43
A106: =A105+1 -> 101 | B106: CAMBIO KIT PISTON | C106: ud | D106: 1 | E106: 337815.61 | G106: =G105+1 -> 101 | H106: KIT PISTON | K106: ud. | L106: 1 | M106: 560106.57 | N106: 535754.11
A107: =A106+1 -> 102 | B107: CAMBIO KIT RETENEDORES MOTOR | C107: ud | D107: 1 | E107: 191106.53 | G107: =G106+1 -> 102 | H107: KIT RETENEDORES MOTOR | K107: ud. | L107: 1 | M107: 217975.89 | N107: 208498.68
A108: =A107+1 -> 103 | B108: CAMBIO KIT RODAMIETOS CAJA CAMBIOS 4 | C108: ud | D108: 1 | E108: 456532.97 | G108: =G107+1 -> 103 | H108: KIT RODAMIETOS CAJA CAMBIOS 4 | K108: ud. | L108: 1 | M108: 309618.97 | N108: 296157.28
A109: =A108+1 -> 104 | B109: CAMBIO KIT TORNILLO PORTA SPROKET | C109: ud | D109: 1 | E109: 116788.2 | G109: =G108+1 -> 104 | H109: KIT TORNILLO PORTA SPROKET | K109: ud. | L109: 1 | M109: 97437.568 | N109: 93201.152
A110: =A109+1 -> 105 | B110: CAMBIO LENTE STOP | C110: ud | D110: 1 | E110: 38606.814 | G110: =G109+1 -> 105 | H110: LENTE STOP | K110: ud. | L110: 1 | M110: 237131.17 | N110: 226821.12
A111: =A110+1 -> 106 | B111: CAMBIO LIQUIDO DE FRENOS | C111: ud | D111: 1 | E111: 74319.918 | G111: =G110+1 -> 106 | H111: LIQUIDO DE FRENOS | K111: ud. | L111: 1 | M111: 39233.595 | N111: 37527.787
A112: =A111+1 -> 107 | B112: CAMBIO LLANTA | C112: ud | D112: 1 | E112: 47852.25 | G112: =G111+1 -> 107 | H112: LLANTA DELANTERA | K112: ud. | L112: 1 | M112: 110236.8 | N112: 105443.9
G113: =G112+1 -> 108 | H113: LLANTA TRASERA | K113: ud. | L113: 1 | M113: 497181.11 | N113: 475564.54
A114: =A112+1 -> 108 | B114: CAMBIO LLAVE DE PASO COMBUSTIBLE | C114: ud | D114: 1 | E114: 67563.126 | G114: =G113+1 -> 109 | H114: LLAVE DE PASO COMBUSTIBLE | K114: ud. | L114: 1 | M114: N/A | N114: 527860
A115: =A114+1 -> 109 | B115: CAMBIO MALETERO | C115: ud | D115: 1 | E115: 74319.918 | G115: =G114+1 -> 110 | H115: MALETERO | K115: ud. | L115: 1 | M115: 112455.26 | N115: 107565.9
A116: =A115+1 -> 110 | B116: CAMBIO MANDO APAGADOR RUN | C116: ud | D116: 1 | E116: 53084.965 | G116: =G115+1 -> 111 | H116: MANDO APAGADOR RUN | K116: ud. | L116: 1 | M116: 282578.54 | N116: 270292.52
A117: =A116+1 -> 111 | B117: CAMBIO MANDO DE LUCES | C117: ud | D117: 1 | E117: 74319.918 | G117: =G116+1 -> 112 | H117: MANDO DE LUCES | K117: ud. | L117: 1 | M117: 472676.86 | N117: 452125.7
A118: =A117+1 -> 112 | B118: CAMBIO MANDO ENCENDIDO | C118: ud | D118: 1 | E118: 53084.965 | G118: =G117+1 -> 113 | H118: MANDO ENCENDIDO | K118: ud. | L118: 1 | M118: 282578.54 | N118: 270292.52
A119: =A118+1 -> 113 | B119: CAMBIO MANGUERA GASOLINA | C119: ud | D119: 1 | E119: 50502.144 | G119: =G118+1 -> 114 | H119: MANGUERA GASOLINA | K119: ud. | L119: 1 | M119: 329508.03 | N119: N/A
A120: =A119+1 -> 114 | B120: CAMBIO MANGUERA RADIADOR | C120: ud | D120: 1 | E120: 74319.918 | G120: =G119+1 -> 115 | H120: MANGUERA RADIADOR | K120: ud. | L120: 1 | M120: 282578.54 | N120: N/A
A121: =A120+1 -> 115 | B121: CAMBIO MANGUERAS DEL LIQUIDO DE FRENOS | C121: ud | D121: 1 | E121: 74319.918 | G121: =G120+1 -> 116 | H121: MANGUERAS DEL LIQUIDO DE FRENOS | K121: ud. | L121: 1 | M121: 39233.595 | N121: 37527.787
A122: =A121+1 -> 116 | B122: CAMBIO MANIGUETA CLUTCH | C122: ud | D122: 1 | E122: 67563.126 | G122: =G121+1 -> 117 | H122: MANIGUETA CLUTCH | K122: ud. | L122: 1 | M122: 73290.006 | N122: 70103.484
A123: =A122+1 -> 117 | B123: CAMBIO MANIGUETA EMBRAGUE | C123: ud | D123: 1 | E123: 38606.814 | G123: =G122+1 -> 118 | H123: MANIGUETA EMBRAGUE | K123: ud. | L123: 1 | M123: 107166.14 | N123: 104614.9
...

Sheet OFERTA ECONÓMICA
B3: GRUPO DE TRABAJO | C3: CLASE | D3: MARCA | E3: LÍNEA | F3: MODELO | G3: TIPO COMBUSTIBLE | H3: CILINDRAJE CC | I3: TOTAL
B4: En comodato a la Policía Nacional - Seccional de Tránsito y Transporte | C4: MOTOCICLETA | D4: HONDA | E4: XRE300 ABS | F4: 2022 | G4: GASOLINA | H4: 300 | I4: 232
B5: Subdirección de Gestión en Vía y Agentes Civiles de Tránsito y Transporte | C5: MOTOCICLETA | D5: HONDA | E5: XR-250 TORNADO | F5: 2015 | G5: GASOLINA | H5: 250 | I5: 19
B6: TOTAL | I6: =SUM(I4:I5) -> 251

Sheet HONDA
A1: pasos destacados del analisis 1.organizacion de cotizaciones a evaluar 2,calculo de promedios y desviacion estandar para verificar los niveles de confiavilidad entre los valores cotizados 3,calcuo de limites superiores inferiores, asi como analisis de valores minimos para valores sobrecosteado para eliminar valores atipicos 4,elimiacion de precios techo con un solo valor de respaldo cotizado 5,recalcular promedios y desviacion estandar para verificar los niveles de confiavilidad entre los valores cotizados.
E2: SDM-COT-049-2026 | F2: SDM-COT-049-2026 | G2: SDM-COT-097-2026 | M2: SDM-COT-049-2026 | N2: SDM-COT-049-2026 | O2: SDM-COT-097-2026 | P2: SDM-COT-049-2026 | Q2: SDM-COT-049-2026 | R2: SDM-COT-097-2026 | BD2: PRECIOS TECHO
B3: COTIZACIONES RECIBIDAS | E3: GRUPO SUERMOTOS S.A.S | F3: SUERMOTOS DE HUILA S.A.S | G3: UNION MOTOR GROUP SAS | J3: COTIZACIONES RECIBIDAS | M3: GRUPO SUERMOTOS S.A.S | N3: SUERMOTOS DE HUILA S.A.S | O3: UNION MOTOR GROUP SAS | P3: GRUPO SUERMOTOS S.A.S | Q3: SUERMOTOS DE HUILA S.A.S | R3: UNION MOTOR GROUP SAS | T3: DESCRIPCION DEL SERVICIO MANO DE OBRA | Y3: DESCRIPCION DEL REPUESTO | AI3: LÍMITES MANO DE OBRA | AK3: LÍMITES REPUESTOS XRE300 ABS | AM3: LÍMITES REPUESTOS XR-250 TORNADO | AO3: =F4 -> PRECIO DE MANO DE OBRA | AR3: =N4 -> XRE300 ABS | AU3: =P4 -> XR-250 TORNADO | AX3: PROMEDIO | BA3: NIVEL CONFIABILIDAD | BD3: PRECIO DE MANO DE OBRA | BF3: REPUESTO
A4: N° | B4: DESCRIPCION DEL SERVICIO MANO DE OBRA | C4: und | D4: Cantidad | E4: PRECIO DE MANO DE OBRA | F4: PRECIO DE MANO DE OBRA | G4: PRECIO DE MANO DE OBRA | I4: N° | J4: DESCRIPCION DEL REPUESTO | K4: und | L4: Cantidad de repuestos | M4: XRE300 ABS | N4: XRE300 ABS | O4: XRE300 ABS | P4: XR-250 TORNADO | Q4: XR-250 TORNADO | R4: XR-250 TORNADO | T4: promedios unitario | U4: desviación estandar | V4: coeficiente de variacion | W4: margen de confiabilidad | X4: nivel de confiabilidad | Y4: promedios unitario | Z4: desviacion estandar | AA4: coeficiente de variacion | AB4: margen de confiabilidad | AC4: nivel de confiabilidad | AD4: promedios unitario | AE4: desviación estandar | AF4: coeficiente de variación | AG4: margen de confiabilidad | AH4: nivel de confiabilidad | AI4: LÍMITES REPUESTOS | AK4: LÍMITES INSUMOS | AM4: LÍMITES INSUMOS | AO4: VALOR MANO DE OBRA CON IVA | AR4: VALOR MANO DE OBRA CON IVA | AU4: VALOR MANO DE OBRA CON IVA | AX4: COSTO PROMEDIO AJUSTADO | BA4: NIVEL CONFIABILIDAD AJUSTADA | BD4: PRECIO DE MANO DE OBRA | BF4: XRE300 ABS | BG4: XR-250 TORNADO
E5: VALOR CON IVA | F5: VALOR CON IVA | G5: VALOR CON IVA | M5: VALOR REPUESTO CON IVA | N5: VALOR REPUESTO CON IVA | O5: VALOR CON IVA | P5: VALOR REPUESTO CON IVA | Q5: VALOR REPUESTO CON IVA | R5: VALOR CON IVA | Y5: XRE300 ABS | AD5: XR-250 TORNADO | AI5: Límite inferior | AJ5: Límite superior | AK5: Límite inferior | AL5: Límite superior | AM5: Límite inferior | AN5: Límite superior | AO5: =M3 -> GRUPO SUERMOTOS S.A.S | AP5: =N3 -> SUERMOTOS DE HUILA S.A.S | AQ5: =O3 -> UNION MOTOR GROUP SAS | AR5: =P3 -> GRUPO SUERMOTOS S.A.S | AS5: =Q3 -> SUERMOTOS DE HUILA S.A.S | AT5: =R3 -> UNION MOTOR GROUP SAS | AU5: =P3 -> GRUPO SUERMOTOS S.A.S | AV5: =Q3 -> SUERMOTOS DE HUILA S.A.S | AW5: =R3 -> UNION MOTOR GROUP SAS | AX5: =AO3 -> PRECIO DE MANO DE OBRA | AY5: =AR3 -> XRE300 ABS | AZ5: =AU3 -> XR-250 TORNADO | BA5: VALOR REPUESTOS CON IVA | BB5: VALOR INSUMOS CON IVA | BC5: VALOR MANO DE OBRA CON IVA | BD5: VALOR CON IVA | BF5: VALOR REPUESTO CON IVA | BG5: VALOR REPUESTO CON IVA
A6: 1 | B6: CAMBIO ACEITE | C6: ud | D6: 1 | E6: 45500 | F6: 47775 | G6: =IFERROR(VLOOKUP(HONDA!B6,'SDM-COT-097-2026'!$B$6:$E$203,4,FALSE),"N/A") -> 28955.36 | I6: 1 | J6: ACEITE 4T | K6: 1/4GAL | L6: 1 | M6: 53300 | N6: 55965 | O6: =IFERROR(VLOOKUP($J6,'SDM-COT-097-2026'!$H$6:$M$203,6,FALSE),"N/A") -> 49705.3 | P6: 53300 | Q6: 55965 | R6: =IFERROR(VLOOKUP($J6,'SDM-COT-097-2026'!$H$6:$N$203,7,FALSE),"N/A") -> 47544.2 | T6: =IFERROR(ROUND(AVERAGE($E6,$F6,G6),0),"N/A") -> 40743 | U6: =IFERROR(ROUND(STDEVP($E6,$F6,G6),0),"N/A") -> 8387 | V6: =IFERROR(ROUND((U6/T6)*100,0),"N/A") -> 21 | W6: =IFERROR(ROUND(100-V6,0),"N/A") -> 79 | X6: =IF(W6>75,"ALTO","BAJO") -> ALTO | Y6: =IFERROR(ROUND(AVERAGE($M6,$N6,O6),0),"N/A") -> 52990 | Z6: =IFERROR(ROUND(STDEVP($M6,$N6,R6),0),"N/A") -> 3514 | AA6: =IFERROR(ROUND((Z6/Y6)*100,0),"N/A") -> 7 | AB6: =IFERROR(ROUND(100-AA6,0),"N/A") -> 93 | AC6: =IF(AB6>75,"ALTO","BAJO") -> ALTO | AD6: =IFERROR(ROUND(AVERAGE($P6,$Q6,R6),0),"N/A") -> 52270 | AE6: =IFERROR(ROUND(STDEVP($P6,$Q6,R6),0),"N/A") -> 3514 | AF6: =IFERROR(ROUND((AE6/AD6)*100,0),"N/A") -> 7 | AG6: =IFERROR(ROUND(100-AF6,0),"N/A") -> 93 | AH6: =IF(AG6>75,"ALTO","BAJO") -> ALTO | AI6: =IFERROR(IF(X6="BAJO",(T6-_xlfn.STDEV.S($E6,$F6,$G6)),""),"N/A") | AJ6: =IFERROR(IF(X6="BAJO",(T6+_xlfn.STDEV.S($E6,$F6,$G6)),""),"N/A") | AK6: =IFERROR(IF(AC6="BAJO",(Y6-_xlfn.STDEV.S($M6,$N6,$O6)),""),"N/A") | AL6: =IFERROR(IF(AC6="BAJO",(Y6+_xlfn.STDEV.S($M6,$N6,$O6)),""),"N/A") | AM6: =IFERROR(IF(AH6="BAJO",(AD6-_xlfn.STDEV.S($P6,$Q6,$R6)),""),"N/A") | AN6: =IFERROR(IF(AH6="BAJO",(AD6+_xlfn.STDEV.S($P6,$Q6,$R6)),""),"N/A") | AO6: =E6 -> 45500 | AP6: =F6 -> 47775 | AQ6: =G6 -> 28955.36 | AR6: =M6 -> 53300 | AS6: =N6 -> 55965 | AT6: =O6 -> 49705.3 | AU6: =P6 -> 53300 | AV6: =Q6 -> 55965 | AW6: =R6 -> 47544.2 | AX6: =IFERROR(IF(AI6="",$T6,AVERAGEIFS((AO6:AQ6),(AO6:AQ6),">"&AI6,(AO6:AQ6),"<"&AJ6)),"N/A") -> 40743 | AY6: =IFERROR(IF(AK6="",$Y6,AVERAGEIFS((AR6:AT6),(AR6:AT6),">"&AK6,(AR6:AT6),"<"&AL6)),"N/A") -> 52990 | AZ6: =IFERROR(IF(AM6="",$AD6,AVERAGEIFS((AU6:AW6),(AU6:AW6),">"&AM6,(AU6:AW6),"<"&AN6)),"N/A") -> 52270 | BA6: {=IF(AI6="",X6,IF(1-(_xlfn.STDEV.S(IF(AO6:AQ6>AI6,IF(AO6:AQ6<AJ6,AO6:AQ6)))/AX6)>70%,"ALTO","BAJO"))} -> ALTO | BB6: {=IF(AK6="",AC6,IF(1-(_xlfn.STDEV.S(IF(AR6:AT6>AK6,IF(AR6:AT6<AL6,AR6:AT6)))/AY6)>70%,"ALTO","BAJO"))} -> ALTO | BC6: {=IF(AM6="",AH6,IF(1-(_xlfn.STDEV.S(IF(AU6:AW6>AM6,IF(AU6:AW6<AN6,AU6:AW6)))/AZ6)>70%,"ALTO","BAJO"))} -> ALTO | BD6: =AX6 -> 40743 | BF6: =AY6 -> 52990 | BG6: =AZ6 -> 52270
A7: =A6+1 -> 2 | B7: CAMBIO ACEITE DEL ENGRANAJE FINAL SAE 90 | C7: ud | D7: 1 | G7: =IFERROR(VLOOKUP(HONDA!B7,'SDM-COT-097-2026'!$B$6:$E$203,4,FALSE),"N/A") -> N/A | I7: =I6+1 -> 2 | J7: ACEITE DEL ENGRANAJE FINAL SAE 90 | K7: 1/4GAL | L7: 1 | M7: N/A | O7: =IFERROR(VLOOKUP($J7,'SDM-COT-097-2026'!$H$6:$M$203,6,FALSE),"N/A") -> N/A | R7: =IFERROR(VLOOKUP($J7,'SDM-COT-097-2026'!$H$6:$N$203,7,FALSE),"N/A") -> N/A | T7: =IFERROR(ROUND(AVERAGE($E7,$F7,G7),0),"N/A") -> N/A | U7: =IFERROR(ROUND(STDEVP($E7,$F7,G7),0),"N/A") -> N/A | V7: =IFERROR(ROUND((U7/T7)*100,0),"N/A") -> N/A | W7: =IFERROR(ROUND(100-V7,0),"N/A") -> N/A | X7: =IF(W7>75,"ALTO","BAJO") -> ALTO | Y7: =IFERROR(ROUND(AVERAGE($M7,$N7,O7),0),"N/A") -> N/A | Z7: =IFERROR(ROUND(STDEVP($M7,$N7,R7),0),"N/A") -> N/A | AA7: =IFERROR(ROUND((Z7/Y7)*100,0),"N/A") -> N/A | AB7: =IFERROR(ROUND(100-AA7,0),"N/A") -> N/A | AC7: =IF(AB7>75,"ALTO","BAJO") -> ALTO | AD7: =IFERROR(ROUND(AVERAGE($P7,$Q7,R7),0),"N/A") -> N/A | AE7: =IFERROR(ROUND(STDEVP($P7,$Q7,R7),0),"N/A") -> N/A | AF7: =IFERROR(ROUND((AE7/AD7)*100,0),"N/A") -> N/A | AG7: =IFERROR(ROUND(100-AF7,0),"N/A") -> N/A | AH7: =IF(AG7>75,"ALTO","BAJO") -> ALTO | AI7: =IFERROR(IF(X7="BAJO",(T7-_xlfn.STDEV.S($E7,$F7,$G7)),""),"N/A") | AJ7: =IFERROR(IF(X7="BAJO",(T7+_xlfn.STDEV.S($E7,$F7,$G7)),""),"N/A") | AK7: =IFERROR(IF(AC7="BAJO",(Y7-_xlfn.STDEV.S($M7,$N7,$O7)),""),"N/A") | AL7: =IFERROR(IF(AC7="BAJO",(Y7+_xlfn.STDEV.S($M7,$N7,$O7)),""),"N/A") | AM7: =IFERROR(IF(AH7="BAJO",(AD7-_xlfn.STDEV.S($P7,$Q7,$R7)),""),"N/A") | AN7: =IFERROR(IF(AH7="BAJO",(AD7+_xlfn.STDEV.S($P7,$Q7,$R7)),""),"N/A") | AO7: =E7 | AP7: =F7 | AQ7: =G7 -> N/A | AR7: =M7 -> N/A | AS7: =N7 | AT7: =O7 -> N/A | AU7: =P7 | AV7: =Q7 | AW7: =R7 -> N/A | AX7: =IFERROR(IF(AI7="",$T7,AVERAGEIFS((AO7:AQ7),(AO7:AQ7),">"&AI7,(AO7:AQ7),"<"&AJ7)),"N/A") -> N/A | AY7: =IFERROR(IF(AK7="",$Y7,AVERAGEIFS((AR7:AT7),(AR7:AT7),">"&AK7,(AR7:AT7),"<"&AL7)),"N/A") -> N/A | AZ7: =IFERROR(IF(AM7="",$AD7,AVERAGEIFS((AU7:AW7),(AU7:AW7),">"&AM7,(AU7:AW7),"<"&AN7)),"N/A") -> N/A | BA7: {=IF(AI7="",X7,IF(1-(_xlfn.STDEV.S(IF(AO7:AQ7>AI7,IF(AO7:AQ7<AJ7,AO7:AQ7)))/AX7)>70%,"ALTO","BAJO"))} -> ALTO | BB7: {=IF(AK7="",AC7,IF(1-(_xlfn.STDEV.S(IF(AR7:AT7>AK7,IF(AR7:AT7<AL7,AR7:AT7)))/AY7)>70%,"ALTO","BAJO"))} -> ALTO | BC7: {=IF(AM7="",AH7,IF(1-(_xlfn.STDEV.S(IF(AU7:AW7>AM7,IF(AU7:AW7<AN7,AU7:AW7)))/AZ7)>70%,"ALTO","BAJO"))} -> ALTO | BD7: =AX7 -> N/A | BF7: =AY7 -> N/A | BG7: =AZ7 -> N/A
A8: =A7+1 -> 3 | B8: CAMBIO ACEITE HIDRAULICO | C8: ud | D8: 1 | E8: 307276 | F8: 322640 | G8: =IFERROR(VLOOKUP(HONDA!B8,'SDM-COT-097-2026'!$B$6:$E$203,4,FALSE),"N/A") -> N/A | I8: =I7+1 -> 3 | J8: ACEITE HIDRAULICO | K8: 1/4GAL | L8: 1 | M8: 53300 | N8: 55965 | O8: =IFERROR(VLOOKUP($J8,'SDM-COT-097-2026'!$H$6:$M$203,6,FALSE),"N/A") -> N/A | P8: 53300 | Q8: 55965 | R8: =IFERROR(VLOOKUP($J8,'SDM-COT-097-2026'!$H$6:$N$203,7,FALSE),"N/A") -> N/A | T8: =IFERROR(ROUND(AVERAGE($E8,$F8,G8),0),"N/A") -> 314958 | U8: =IFERROR(ROUND(STDEVP($E8,$F8,G8),0),"N/A") -> 7682 | V8: =IFERROR(ROUND((U8/T8)*100,0),"N/A") -> 2 | W8: =IFERROR(ROUND(100-V8,0),"N/A") -> 98 | X8: =IF(W8>75,"ALTO","BAJO") -> ALTO | Y8: =IFERROR(ROUND(AVERAGE($M8,$N8,O8),0),"N/A") -> 54633 | Z8: =IFERROR(ROUND(STDEVP($M8,$N8,R8),0),"N/A") -> 1333 | AA8: =IFERROR(ROUND((Z8/Y8)*100,0),"N/A") -> 2 | AB8: =IFERROR(ROUND(100-AA8,0),"N/A") -> 98 | AC8: =IF(AB8>75,"ALTO","BAJO") -> ALTO | AD8: =IFERROR(ROUND(AVERAGE($P8,$Q8,R8),0),"N/A") -> 54633 | AE8: =IFERROR(ROUND(STDEVP($P8,$Q8,R8),0),"N/A") -> 1333 | AF8: =IFERROR(ROUND((AE8/AD8)*100,0),"N/A") -> 2 | AG8: =IFERROR(ROUND(100-AF8,0),"N/A") -> 98 | AH8: =IF(AG8>75,"ALTO","BAJO") -> ALTO | AI8: =IFERROR(IF(X8="BAJO",(T8-_xlfn.STDEV.S($E8,$F8,$G8)),""),"N/A") | AJ8: =IFERROR(IF(X8="BAJO",(T8+_xlfn.STDEV.S($E8,$F8,$G8)),""),"N/A") | AK8: =IFERROR(IF(AC8="BAJO",(Y8-_xlfn.STDEV.S($M8,$N8,$O8)),""),"N/A") | AL8: =IFERROR(IF(AC8="BAJO",(Y8+_xlfn.STDEV.S($M8,$N8,$O8)),""),"N/A") | AM8: =IFERROR(IF(AH8="BAJO",(AD8-_xlfn.STDEV.S($P8,$Q8,$R8)),""),"N/A") | AN8: =IFERROR(IF(AH8="BAJO",(AD8+_xlfn.STDEV.S($P8,$Q8,$R8)),""),"N/A") | AO8: =E8 -> 307276 | AP8: =F8 -> 322640 | AQ8: =G8 -> N/A | AR8: =M8 -> 53300 | AS8: =N8 -> 55965 | AT8: =O8 -> N/A | AU8: =P8 -> 53300 | AV8: =Q8 -> 55965 | AW8: =R8 -> N/A | AX8: =IFERROR(IF(AI8="",$T8,AVERAGEIFS((AO8:AQ8),(AO8:AQ8),">"&AI8,(AO8:AQ8),"<"&AJ8)),"N/A") -> 314958 | AY8: =IFERROR(IF(AK8="",$Y8,AVERAGEIFS((AR8:AT8),(AR8:AT8),">"&AK8,(AR8:AT8),"<"&AL8)),"N/A") -> 54633 | AZ8: =IFERROR(IF(AM8="",$AD8,AVERAGEIFS((AU8:AW8),(AU8:AW8),">"&AM8,(AU8:AW8),"<"&AN8)),"N/A") -> 54633 | BA8: {=IF(AI8="",X8,IF(1-(_xlfn.STDEV.S(IF(AO8:AQ8>AI8,IF(AO8:AQ8<AJ8,AO8:AQ8)))/AX8)>70%,"ALTO","BAJO"))} -> ALTO | BB8: {=IF(AK8="",AC8,IF(1-(_xlfn.STDEV.S(IF(AR8:AT8>AK8,IF(AR8:AT8<AL8,AR8:AT8)))/AY8)>70%,"ALTO","BAJO"))} -> ALTO | BC8: {=IF(AM8="",AH8,IF(1-(_xlfn.STDEV.S(IF(AU8:AW8>AM8,IF(AU8:AW8<AN8,AU8:AW8)))/AZ8)>70%,"ALTO","BAJO"))} -> ALTO | BD8: =AX8 -> 314958 | BF8: =AY8 -> 54633 | BG8: =AZ8 -> 54633
A9: =A8+1 -> 4 | B9: CAMBIO AMORTIGUADOR DELANTERO | C9: ud | D9: 1 | E9: 307276 | F9: 322640 | G9: =IFERROR(VLOOKUP(HONDA!B9,'SDM-COT-097-2026'!$B$6:$E$203,4,FALSE),"N/A") -> N/A | I9: =I8+1 -> 4 | J9: AMORTIGUADOR DELANTERO | K9: ud. | L9: 1 | M9: 2243335.9 | N9: 2355503 | O9: =IFERROR(VLOOKUP($J9,'SDM-COT-097-2026'!$H$6:$M$203,6,FALSE),"N/A") -> N/A | P9: 1224600 | Q9: 1285830 | R9: =IFERROR(VLOOKUP($J9,'SDM-COT-097-2026'!$H$6:$N$203,7,FALSE),"N/A") -> N/A | T9: =IFERROR(ROUND(AVERAGE($E9,$F9,G9),0),"N/A") -> 314958 | U9: =IFERROR(ROUND(STDEVP($E9,$F9,G9),0),"N/A") -> 7682 | V9: =IFERROR(ROUND((U9/T9)*100,0),"N/A") -> 2 | W9: =IFERROR(ROUND(100-V9,0),"N/A") -> 98 | X9: =IF(W9>75,"ALTO","BAJO") -> ALTO | Y9: =IFERROR(ROUND(AVERAGE($M9,$N9,O9),0),"N/A") -> 2299419 | Z9: =IFERROR(ROUND(STDEVP($M9,$N9,R9),0),"N/A") -> 56084 | AA9: =IFERROR(ROUND((Z9/Y9)*100,0),"N/A") -> 2 | AB9: =IFERROR(ROUND(100-AA9,0),"N/A") -> 98 | AC9: =IF(AB9>75,"ALTO","BAJO") -> ALTO | AD9: =IFERROR(ROUND(AVERAGE($P9,$Q9,R9),0),"N/A") -> 1255215 | AE9: =IFERROR(ROUND(STDEVP($P9,$Q9,R9),0),"N/A") -> 30615 | AF9: =IFERROR(ROUND((AE9/AD9)*100,0),"N/A") -> 2 | AG9: =IFERROR(ROUND(100-AF9,0),"N/A") -> 98 | AH9: =IF(AG9>75,"ALTO","BAJO") -> ALTO | AI9: =IFERROR(IF(X9="BAJO",(T9-_xlfn.STDEV.S($E9,$F9,$G9)),""),"N/A") | AJ9: =IFERROR(IF(X9="BAJO",(T9+_xlfn.STDEV.S($E9,$F9,$G9)),""),"N/A") | AK9: =IFERROR(IF(AC9="BAJO",(Y9-_xlfn.STDEV.S($M9,$N9,$O9)),""),"N/A") | AL9: =IFERROR(IF(AC9="BAJO",(Y9+_xlfn.STDEV.S($M9,$N9,$O9)),""),"N/A") | AM9: =IFERROR(IF(AH9="BAJO",(AD9-_xlfn.STDEV.S($P9,$Q9,$R9)),""),"N/A") | AN9: =IFERROR(IF(AH9="BAJO",(AD9+_xlfn.STDEV.S($P9,$Q9,$R9)),""),"N/A") | AO9: =E9 -> 307276 | AP9: =F9 -> 322640 | AQ9: =G9 -> N/A | AR9: =M9 -> 2243335.9 | AS9: =N9 -> 2355503 | AT9: =O9 -> N/A | AU9: =P9 -> 1224600 | AV9: =Q9 -> 1285830 | AW9: =R9 -> N/A | AX9: =IFERROR(IF(AI9="",$T9,AVERAGEIFS((AO9:AQ9),(AO9:AQ9),">"&AI9,(AO9:AQ9),"<"&AJ9)),"N/A") -> 314958 | AY9: =IFERROR(IF(AK9="",$Y9,AVERAGEIFS((AR9:AT9),(AR9:AT9),">"&AK9,(AR9:AT9),"<"&AL9)),"N/A") -> 2299419 | AZ9: =IFERROR(IF(AM9="",$AD9,AVERAGEIFS((AU9:AW9),(AU9:AW9),">"&AM9,(AU9:AW9),"<"&AN9)),"N/A") -> 1255215 | BA9: {=IF(AI9="",X9,IF(1-(_xlfn.STDEV.S(IF(AO9:AQ9>AI9,IF(AO9:AQ9<AJ9,AO9:AQ9)))/AX9)>70%,"ALTO","BAJO"))} -> ALTO | BB9: {=IF(AK9="",AC9,IF(1-(_xlfn.STDEV.S(IF(AR9:AT9>AK9,IF(AR9:AT9<AL9,AR9:AT9)))/AY9)>70%,"ALTO","BAJO"))} -> ALTO | BC9: {=IF(AM9="",AH9,IF(1-(_xlfn.STDEV.S(IF(AU9:AW9>AM9,IF(AU9:AW9<AN9,AU9:AW9)))/AZ9)>70%,"ALTO","BAJO"))} -> ALTO | BD9: =AX9 -> 314958 | BF9: =AY9 -> 2299419 | BG9: =AZ9 -> 1255215
A10: =A9+1 -> 5 | B10: CAMBIO AMORTIGUADOR TRASERO | C10: ud | D10: 1 | E10: 125704 | F10: 131989 | G10: =IFERROR(VLOOKUP(HONDA!B10,'SDM-COT-097-2026'!$B$6:$E$203,4,FALSE),"N/A") -> 339745.28 | I10: =I9+1 -> 5 | J10: AMORTIGUADOR TRASERO | K10: ud. | L10: 1 | M10: 3882557.9 | N10: 4076686 | O10: =IFERROR(VLOOKUP($J10,'SDM-COT-097-2026'!$H$6:$M$203,6,FALSE),"N/A") -> 2197579.9 | P10: 1865253 | Q10: 1958516 | R10: =IFERROR(VLOOKUP($J10,'SDM-COT-097-2026'!$H$6:$N$203,7,FALSE),"N/A") -> 2102032.9 | T10: =IFERROR(ROUND(AVERAGE($E10,$F10,G10),0),"N/A") -> 199146 | U10: =IFERROR(ROUND(STDEVP($E10,$F10,G10),0),"N/A") -> 99452 | V10: =IFERROR(ROUND((U10/T10)*100,0),"N/A") -> 50 | W10: =IFERROR(ROUND(100-V10,0),"N/A") -> 50 | X10: =IF(W10>75,"ALTO","BAJO") -> BAJO | Y10: =IFERROR(ROUND(AVERAGE($M10,$N10,O10),0),"N/A") -> 3385608 | Z10: =IFERROR(ROUND(STDEVP($M10,$N10,R10),0),"N/A") -> 888645 | AA10: =IFERROR(ROUND((Z10/Y10)*100,0),"N/A") -> 26 | AB10: =IFERROR(ROUND(100-AA10,0),"N/A") -> 74 | AC10: =IF(AB10>75,"ALTO","BAJO") -> BAJO | AD10: =IFERROR(ROUND(AVERAGE($P10,$Q10,R10),0),"N/A") -> 1975267 | AE10: =IFERROR(ROUND(STDEVP($P10,$Q10,R10),0),"N/A") -> 97388 | AF10: =IFERROR(ROUND((AE10/AD10)*100,0),"N/A") -> 5 | AG10: =IFERROR(ROUND(100-AF10,0),"N/A") -> 95 | AH10: =IF(AG10>75,"ALTO","BAJO") -> ALTO | AI10: =IFERROR(IF(X10="BAJO",(T10-_xlfn.STDEV.S($E10,$F10,$G10)),""),"N/A") -> 77342.988 | AJ10: =IFERROR(IF(X10="BAJO",(T10+_xlfn.STDEV.S($E10,$F10,$G10)),""),"N/A") -> 320949.01 | AK10: =IFERROR(MIN($M10,$N10,$O10),"N/A") -> 2197579.9 | AL10: 3872557.9 | AM10: =IFERROR(IF(AH10="BAJO",(AD10-_xlfn.STDEV.S($P10,$Q10,$R10)),""),"N/A") | AN10: =IFERROR(IF(AH10="BAJO",(AD10+_xlfn.STDEV.S($P10,$Q10,$R10)),""),"N/A") | AO10: =E10 -> 125704 | AP10: =F10 -> 131989 | AQ10: =G10 -> 339745.28 | AR10: =M10 -> 3882557.9 | AS10: =N10 -> 4076686 | AT10: =O10 -> 2197579.9 | AU10: =P10 -> 1865253 | AV10: =Q10 -> 1958516 | AW10: =R10 -> 2102032.9 | AX10: =IFERROR(IF(AI10="",$T10,AVERAGEIFS((AO10:AQ10),(AO10:AQ10),">"&AI10,(AO10:AQ10),"<"&AJ10)),"N/A") -> 128846.5 | AY10: =IFERROR(IF(AK10="",$Y10,AVERAGEIFS((AR10:AT10),(AR10:AT10),">="&AK10,(AR10:AT10),"<"&AL10)),"N/A") -> 2197579.9 | AZ10: =IFERROR(IF(AM10="",$AD10,AVERAGEIFS((AU10:AW10),(AU10:AW10),">"&AM10,(AU10:AW10),"<"&AN10)),"N/A") -> 1975267 | BA10: {=IF(AI10="",X10,IF(1-(_xlfn.STDEV.S(IF(AO10:AQ10>AI10,IF(AO10:AQ10<AJ10,AO10:AQ10)))/AX10)>70%,"ALTO","BAJO"))} -> ALTO | BB10: {=IFERROR(IF(AK10="",AC10,IF(1-(_xlfn.STDEV.S(IF(AR10:AT10>AK10,IF(AR10:AT10<AL10,AR10:AT10)))/AY10)>70%,"ALTO","BAJO")),"ALTO")} -> ALTO | BC10: {=IF(AM10="",AH10,IF(1-(_xlfn.STDEV.S(IF(AU10:AW10>AM10,IF(AU10:AW10<AN10,AU10:AW10)))/AZ10)>70%,"ALTO","BAJO"))} -> ALTO | BD10: =AX10 -> 128846.5 | BF10: =AY10 -> 2197579.9 | BG10: =AZ10 -> 1975267
A11: =A10+1 -> 6 | B11: CAMBIO ANILLOS | C11: ud | D11: 1 | E11: 684388 | F11: 718607 | G11: =IFERROR(VLOOKUP(HONDA!B11,'SDM-COT-097-2026'!$B$6:$E$203,4,FALSE),"N/A") -> 339745.28 | I11: =I10+1 -> 6 | J11: ANILLOS | K11: ud. | L11: 1 | M11: 315738.8 | N11: 331526 | O11: =IFERROR(VLOOKUP($J11,'SDM-COT-097-2026'!$H$6:$M$203,6,FALSE),"N/A") -> 456063.55 | P11: 419546.4 | Q11: 440524 | R11: =IFERROR(VLOOKUP($J11,'SDM-COT-097-2026'!$H$6:$N$203,7,FALSE),"N/A") -> 436234.7 | T11: =IFERROR(ROUND(AVERAGE($E11,$F11,G11),0),"N/A") -> 580913 | U11: =IFERROR(ROUND(STDEVP($E11,$F11,G11),0),"N/A") -> 171103 | V11: =IFERROR(ROUND((U11/T11)*100,0),"N/A") -> 29 | W11: =IFERROR(ROUND(100-V11,0),"N/A") -> 71 | X11: =IF(W11>75,"ALTO","BAJO") -> BAJO | Y11: =IFERROR(ROUND(AVERAGE($M11,$N11,O11),0),"N/A") -> 367776 | Z11: =IFERROR(ROUND(STDEVP($M11,$N11,R11),0),"N/A") -> 53471 | AA11: =IFERROR(ROUND((Z11/Y11)*100,0),"N/A") -> 15 | AB11: =IFERROR(ROUND(100-AA11,0),"N/A") -> 85 | AC11: =IF(AB11>75,"ALTO","BAJO") -> ALTO | AD11: =IFERROR(ROUND(AVERAGE($P11,$Q11,R11),0),"N/A") -> 432102 | AE11: =IFERROR(ROUND(STDEVP($P11,$Q11,R11),0),"N/A") -> 9049 | AF11: =IFERROR(ROUND((AE11/AD11)*100,0),"N/A") -> 2 | AG11: =IFERROR(ROUND(100-AF11,0),"N/A") -> 98 | AH11: =IF(AG11>75,"ALTO","BAJO") -> ALTO | AI11: =IFERROR(IF(X11="BAJO",(T11-_xlfn.STDEV.S($E11,$F11,$G11)),""),"N/A") -> 371355.63 | AJ11: =IFERROR(IF(X11="BAJO",(T11+_xlfn.STDEV.S($E11,$F11,$G11)),""),"N/A") -> 790470.37 | AK11: =IFERROR(IF(AC11="BAJO",(Y11-_xlfn.STDEV.S($M11,$N11,$O11)),""),"N/A") | AL11: =IFERROR(IF(AC11="BAJO",(Y11+_xlfn.STDEV.S($M11,$N11,$O11)),""),"N/A") | AM11: =IFERROR(IF(AH11="BAJO",(AD11-_xlfn.STDEV.S($P11,$Q11,$R11)),""),"N/A") | AN11: =IFERROR(IF(AH11="BAJO",(AD11+_xlfn.STDEV.S($P11,$Q11,$R11)),""),"N/A") | AO11: =E11 -> 684388 | AP11: =F11 -> 718607 | AQ11: =G11 -> 339745.28 | AR11: =M11 -> 315738.8 | AS11: =N11 -> 331526 | AT11: =O11 -> 456063.55 | AU11: =P11 -> 419546.4 | AV11: =Q11 -> 440524 | AW11: =R11 -> 436234.7 | AX11: =IFERROR(IF(AI11="",$T11,AVERAGEIFS((AO11:AQ11),(AO11:AQ11),">"&AI11,(AO11:AQ11),"<"&AJ11)),"N/A") -> 701497.5 | AY11: =IFERROR(IF(AK11="",$Y11,AVERAGEIFS((AR11:AT11),(AR11:AT11),">"&AK11,(AR11:AT11),"<"&AL11)),"N/A") -> 367776 | AZ11: =IFERROR(IF(AM11="",$AD11,AVERAGEIFS((AU11:AW11),(AU11:AW11),">"&AM11,(AU11:AW11),"<"&AN11)),"N/A") -> 432102 | BA11: {=IF(AI11="",X11,IF(1-(_xlfn.STDEV.S(IF(AO11:AQ11>AI11,IF(AO11:AQ11<AJ11,AO11:AQ11)))/AX11)>70%,"ALTO","BAJO"))} -> ALTO | BB11: {=IF(AK11="",AC11,IF(1-(_xlfn.STDEV.S(IF(AR11:AT11>AK11,IF(AR11:AT11<AL11,AR11:AT11)))/AY11)>70%,"ALTO","BAJO"))} -> ALTO | BC11: {=IF(AM11="",AH11,IF(1-(_xlfn.STDEV.S(IF(AU11:AW11>AM11,IF(AU11:AW11<AN11,AU11:AW11)))/AZ11)>70%,"ALTO","BAJO"))} -> ALTO | BD11: =AX11 -> 701497.5 | BF11: =AY11 -> 367776 | BG11: =AZ11 -> 432102
A12: =A11+1 -> 7 | B12: CAMBIO ARRANQUE | C12: ud | D12: 1 | E12: 167591 | F12: 175971 | G12: =IFERROR(VLOOKUP(HONDA!B12,'SDM-COT-097-2026'!$B$6:$E$203,4,FALSE),"N/A") -> 169873.18 | I12: =I11+1 -> 7 | J12: ARRANQUE | K12: ud. | L12: 1 | M12: 1492190.7 | N12: 1566800 | O12: =IFERROR(VLOOKUP($J12,'SDM-COT-097-2026'!$H$6:$M$203,6,FALSE),"N/A") -> 674923.59 | P12: 2443780.3 | Q12: 2565969 | R12: =IFERROR(VLOOKUP($J12,'SDM-COT-097-2026'!$H$6:$N$203,7,FALSE),"N/A") -> 547073.4 | T12: =IFERROR(ROUND(AVERAGE($E12,$F12,G12),0),"N/A") -> 171145 | U12: =IFERROR(ROUND(STDEVP($E12,$F12,G12),0),"N/A") -> 3537 | V12: =IFERROR(ROUND((U12/T12)*100,0),"N/A") -> 2 | W12: =IFERROR(ROUND(100-V12,0),"N/A") -> 98 | X12: =IF(W12>75,"ALTO","BAJO") -> ALTO | Y12: =IFERROR(ROUND(AVERAGE($M12,$N12,O12),0),"N/A") -> 1244638 | Z12: =IFERROR(ROUND(STDEVP($M12,$N12,R12),0),"N/A") -> 464119 | AA12: =IFERROR(ROUND((Z12/Y12)*100,0),"N/A") -> 37 | AB12: =IFERROR(ROUND(100-AA12,0),"N/A") -> 63 | AC12: =IF(AB12>75,"ALTO","BAJO") -> BAJO | AD12: =IFERROR(ROUND(AVERAGE($P12,$Q12,R12),0),"N/A") -> 1852274 | AE12: =IFERROR(ROUND(STDEVP($P12,$Q12,R12),0),"N/A") -> 924263 | AF12: =IFERROR(ROUND((AE12/AD12)*100,0),"N/A") -> 50 | AG12: =IFERROR(ROUND(100-AF12,0),"N/A") -> 50 | AH12: =IF(AG12>75,"ALTO","BAJO") -> BAJO | AI12: =IFERROR(IF(X12="BAJO",(T12-_xlfn.STDEV.S($E12,$F12,$G12)),""),"N/A") | AJ12: =IFERROR(IF(X12="BAJO",(T12+_xlfn.STDEV.S($E12,$F12,$G12)),""),"N/A") | AK12: =IFERROR(MIN($M12,$N12,$O12),"N/A") -> 674923.59 | AL12: 1491190.7 | AM12: =IFERROR(MIN($P12,$Q12,$R12),"N/A") -> 547073.4 | AN12: 2384260.9 | AO12: =E12 -> 167591 | AP12: =F12 -> 175971 | AQ12: =G12 -> 169873.18 | AR12: =M12 -> 1492190.7 | AS12: =N12 -> 1566800 | AT12: =O12 -> 674923.59 | AU12: =P12 -> 2443780.3 | AV12: =Q12 -> 2565969 | AW12: =R12 -> 547073.4 | AX12: =IFERROR(IF(AI12="",$T12,AVERAGEIFS((AO12:AQ12),(AO12:AQ12),">"&AI12,(AO12:AQ12),"<"&AJ12)),"N/A") -> 171145 | AY12: =IFERROR(IF(AK12="",$Y12,AVERAGEIFS((AR12:AT12),(AR12:AT12),">="&AK12,(AR12:AT12),"<"&AL12)),"N/A") -> 674923.59 | AZ12: =IFERROR(IF(AM12="",$AD12,AVERAGEIFS((AU12:AW12),(AU12:AW12),">="&AM12,(AU12:AW12),"<"&AN12)),"N/A") -> 547073.4 | BA12: {=IF(AI12="",X12,IF(1-(_xlfn.STDEV.S(IF(AO12:AQ12>AI12,IF(AO12:AQ12<AJ12,AO12:AQ12)))/AX12)>70%,"ALTO","BAJO"))} -> ALTO | BB12: {=IFERROR(IF(AK12="",AC12,IF(1-(_xlfn.STDEV.S(IF(AR12:AT12>AK12,IF(AR12:AT12<AL12,AR12:AT12)))/AY12)>70%,"ALTO","BAJO")),"ALTO")} -> ALTO | BC12: {=IFERROR(IF(AM12="",AH12,IF(1-(_xlfn.STDEV.S(IF(AU12:AW12>AM12,IF(AU12:AW12<AN12,AU12:AW12)))/AZ12)>70%,"ALTO","BAJO")),"ALTO")} -> ALTO | BD12: =AX12 -> 171145 | BF12: =AY12 -> 674923.59 | BG12: =AZ12 -> 547073.4
A13: =A12+1 -> 8 | B13: CAMBIO AUTOMATICO ARRANQUE | C13: ud | D13: 1 | E13: 78000 | F13: 81900 | G13: =IFERROR(VLOOKUP(HONDA!B13,'SDM-COT-097-2026'!$B$6:$E$203,4,FALSE),"N/A") -> N/A | I13: =I12+1 -> 8 | J13: AUTOMATICO ARRANQUE | K13: ud. | L13: 1 | M13: 461908.2 | N13: 485004 | O13: =IFERROR(VLOOKUP($J13,'SDM-COT-097-2026'!$H$6:$M$203,6,FALSE),"N/A") -> 1400542.4 | P13: 518156.6 | Q13: 544064 | R13: =IFERROR(VLOOKUP($J13,'SDM-COT-097-2026'!$H$6:$N$203,7,FALSE),"N/A") -> 1339649.3 | T13: =IFERROR(ROUND(AVERAGE($E13,$F13,G13),0),"N/A") -> 79950 | U13: =IFERROR(ROUND(STDEVP($E13,$F13,G13),0),"N/A") -> 1950 | V13: =IFERROR(ROUND((U13/T13)*100,0),"N/A") -> 2 | W13: =IFERROR(ROUND(100-V13,0),"N/A") -> 98 | X13: =IF(W13>75,"ALTO","BAJO") -> ALTO | Y13: =IFERROR(ROUND(AVERAGE($M13,$N13,O13),0),"N/A") -> 782485 | Z13: =IFERROR(ROUND(STDEVP($M13,$N13,R13),0),"N/A") -> 408436 | AA13: =IFERROR(ROUND((Z13/Y13)*100,0),"N/A") -> 52 | AB13: =IFERROR(ROUND(100-AA13,0),"N/A") -> 48 | AC13: =IF(AB13>75,"ALTO","BAJO") -> BAJO | AD13: =IFERROR(ROUND(AVERAGE($P13,$Q13,R13),0),"N/A") -> 800623 | AE13: =IFERROR(ROUND(STDEVP($P13,$Q13,R13),0),"N/A") -> 381296 | AF13: =IFERROR(ROUND((AE13/AD13)*100,0),"N/A") -> 48 | AG13: =IFERROR(ROUND(100-AF13,0),"N/A") -> 52 | AH13: =IF(AG13>75,"ALTO","BAJO") -> BAJO | AI13: =IFERROR(IF(X13="BAJO",(T13-_xlfn.STDEV.S($E13,$F13,$G13)),""),"N/A") | AJ13: =IFERROR(IF(X13="BAJO",(T13+_xlfn.STDEV.S($E13,$F13,$G13)),""),"N/A") | AK13: =IFERROR(IF(AC13="BAJO",(Y13-_xlfn.STDEV.S($M13,$N13,$O13)),""),"N/A") -> 247106.89 | AL13: =IFERROR(IF(AC13="BAJO",(Y13+_xlfn.STDEV.S($M13,$N13,$O13)),""),"N/A") -> 1317863.1 | AM13: =IFERROR(IF(AH13="BAJO",(AD13-_xlfn.STDEV.S($P13,$Q13,$R13)),""),"N/A") -> 333633.1 | AN13: =IFERROR(IF(AH13="BAJO",(AD13+_xlfn.STDEV.S($P13,$Q13,$R13)),""),"N/A") -> 1267612.9 | AO13: =E13 -> 78000 | AP13: =F13 -> 81900 | AQ13: =G13 -> N/A | AR13: =M13 -> 461908.2 | AS13: =N13 -> 485004 | AT13: =O13 -> 1400542.4 | AU13: =P13 -> 518156.6 | AV13: =Q13 -> 544064 | AW13: =R13 -> 1339649.3 | AX13: =IFERROR(IF(AI13="",$T13,AVERAGEIFS((AO13:AQ13),(AO13:AQ13),">"&AI13,(AO13:AQ13),"<"&AJ13)),"N/A") -> 79950 | AY13: =IFERROR(IF(AK13="",$Y13,AVERAGEIFS((AR13:AT13),(AR13:AT13),">"&AK13,(AR13:AT13),"<"&AL13)),"N/A") -> 473456.1 | AZ13: =IFERROR(IF(AM13="",$AD13,AVERAGEIFS((AU13:AW13),(AU13:AW13),">"&AM13,(AU13:AW13),"<"&AN13)),"N/A") -> 531110.3 | BA13: {=IF(AI13="",X13,IF(1-(_xlfn.STDEV.S(IF(AO13:AQ13>AI13,IF(AO13:AQ13<AJ13,AO13:AQ13)))/AX13)>70%,"ALTO","BAJO"))} -> ALTO | BB13: {=IF(AK13="",AC13,IF(1-(_xlfn.STDEV.S(IF(AR13:AT13>AK13,IF(AR13:AT13<AL13,AR13:AT13)))/AY13)>70%,"ALTO","BAJO"))} -> ALTO | BC13: {=IF(AM13="",AH13,IF(1-(_xlfn.STDEV.S(IF(AU13:AW13>AM13,IF(AU13:AW13<AN13,AU13:AW13)))/AZ13)>70%,"ALTO","BAJO"))} -> ALTO | BD13: =AX13 -> 79950 | BF13: =AY13 -> 473456.1 | BG13: =AZ13 -> 531110.3
A14: =A13+1 -> 9 | B14: CAMBIO BALANCIN ADMISION | C14: ud | D14: 1 | E14: 342194 | F14: 359304 | G14: =IFERROR(VLOOKUP(HONDA!B14,'SDM-COT-097-2026'!$B$6:$E$203,4,FALSE),"N/A") -> N/A | I14: =I13+1 -> 9 | J14: BALANCIN ADMISION | K14: ud. | L14: 1 | O14: =IFERROR(VLOOKUP($J14,'SDM-COT-097-2026'!$H$6:$M$203,6,FALSE),"N/A") -> N/A | R14: =IFERROR(VLOOKUP($J14,'SDM-COT-097-2026'!$H$6:$N$203,7,FALSE),"N/A") -> N/A | T14: =IFERROR(ROUND(AVERAGE($E14,$F14,G14),0),"N/A") -> 350749 | U14: =IFERROR(ROUND(STDEVP($E14,$F14,G14),0),"N/A") -> 8555 | V14: =IFERROR(ROUND((U14/T14)*100,0),"N/A") -> 2 | W14: =IFERROR(ROUND(100-V14,0),"N/A") -> 98 | X14: =IF(W14>75,"ALTO","BAJO") -> ALTO | Y14: =IFERROR(ROUND(AVERAGE($M14,$N14,O14),0),"N/A") -> N/A | Z14: =IFERROR(ROUND(STDEVP($M14,$N14,R14),0),"N/A") -> N/A | AA14: =IFERROR(ROUND((Z14/Y14)*100,0),"N/A") -> N/A | AB14: =IFERROR(ROUND(100-AA14,0),"N/A") -> N/A | AC14: =IF(AB14>75,"ALTO","BAJO") -> ALTO | AD14: =IFERROR(ROUND(AVERAGE($P14,$Q14,R14),0),"N/A") -> N/A | AE14: =IFERROR(ROUND(STDEVP($P14,$Q14,R14),0),"N/A") -> N/A | AF14: =IFERROR(ROUND((AE14/AD14)*100,0),"N/A") -> N/A | AG14: =IFERROR(ROUND(100-AF14,0),"N/A") -> N/A | AH14: =IF(AG14>75,"ALTO","BAJO") -> ALTO | AI14: =IFERROR(IF(X14="BAJO",(T14-_xlfn.STDEV.S($E14,$F14,$G14)),""),"N/A") | AJ14: =IFERROR(IF(X14="BAJO",(T14+_xlfn.STDEV.S($E14,$F14,$G14)),""),"N/A") | AK14: =IFERROR(IF(AC14="BAJO",(Y14-_xlfn.STDEV.S($M14,$N14,$O14)),""),"N/A") | AL14: =IFERROR(IF(AC14="BAJO",(Y14+_xlfn.STDEV.S($M14,$N14,$O14)),""),"N/A") | AM14: =IFERROR(IF(AH14="BAJO",(AD14-_xlfn.STDEV.S($P14,$Q14,$R14)),""),"N/A") | AN14: =IFERROR(IF(AH14="BAJO",(AD14+_xlfn.STDEV.S($P14,$Q14,$R14)),""),"N/A") | AO14: =E14 -> 342194 | AP14: =F14 -> 359304 | AQ14: =G14 -> N/A | AR14: =M14 | AS14: =N14 | AT14: =O14 -> N/A | AU14: =P14 | AV14: =Q14 | AW14: =R14 -> N/A | AX14: =IFERROR(IF(AI14="",$T14,AVERAGEIFS((AO14:AQ14),(AO14:AQ14),">"&AI14,(AO14:AQ14),"<"&AJ14)),"N/A") -> 350749 | AY14: =IFERROR(IF(AK14="",$Y14,AVERAGEIFS((AR14:AT14),(AR14:AT14),">"&AK14,(AR14:AT14),"<"&AL14)),"N/A") -> N/A | AZ14: =IFERROR(IF(AM14="",$AD14,AVERAGEIFS((AU14:AW14),(AU14:AW14),">"&AM14,(AU14:AW14),"<"&AN14)),"N/A") -> N/A | BA14: {=IF(AI14="",X14,IF(1-(_xlfn.STDEV.S(IF(AO14:AQ14>AI14,IF(AO14:AQ14<AJ14,AO14:AQ14)))/AX14)>70%,"ALTO","BAJO"))} -> ALTO | BB14: {=IF(AK14="",AC14,IF(1-(_xlfn.STDEV.S(IF(AR14:AT14>AK14,IF(AR14:AT14<AL14,AR14:AT14)))/AY14)>70%,"ALTO","BAJO"))} -> ALTO | BC14: {=IF(AM14="",AH14,IF(1-(_xlfn.STDEV.S(IF(AU14:AW14>AM14,IF(AU14:AW14<AN14,AU14:AW14)))/AZ14)>70%,"ALTO","BAJO"))} -> ALTO | BD14: =AX14 -> 350749 | BF14: =AY14 -> N/A | BG14: =AZ14 -> N/A
A15: =A14+1 -> 10 | B15: CAMBIO BALANCIN ESCAPE | C15: ud | D15: 1 | E15: 342194 | F15: 359304 | G15: =IFERROR(VLOOKUP(HONDA!B15,'SDM-COT-097-2026'!$B$6:$E$203,4,FALSE),"N/A") -> N/A | I15: =I14+1 -> 10 | J15: BALANCIN ESCAPE | K15: ud. | L15: 1 | O15: =IFERROR(VLOOKUP($J15,'SDM-COT-097-2026'!$H$6:$M$203,6,FALSE),"N/A") -> N/A | R15: =IFERROR(VLOOKUP($J15,'SDM-COT-097-2026'!$H$6:$N$203,7,FALSE),"N/A") -> N/A | T15: =IFERROR(ROUND(AVERAGE($E15,$F15,G15),0),"N/A") -> 350749 | U15: =IFERROR(ROUND(STDEVP($E15,$F15,G15),0),"N/A") -> 8555 | V15: =IFERROR(ROUND((U15/T15)*100,0),"N/A") -> 2 | W15: =IFERROR(ROUND(100-V15,0),"N/A") -> 98 | X15: =IF(W15>75,"ALTO","BAJO") -> ALTO | Y15: =IFERROR(ROUND(AVERAGE($M15,$N15,O15),0),"N/A") -> N/A | Z15: =IFERROR(ROUND(STDEVP($M15,$N15,R15),0),"N/A") -> N/A | AA15: =IFERROR(ROUND((Z15/Y15)*100,0),"N/A") -> N/A | AB15: =IFERROR(ROUND(100-AA15,0),"N/A") -> N/A | AC15: =IF(AB15>75,"ALTO","BAJO") -> ALTO | AD15: =IFERROR(ROUND(AVERAGE($P15,$Q15,R15),0),"N/A") -> N/A | AE15: =IFERROR(ROUND(STDEVP($P15,$Q15,R15),0),"N/A") -> N/A | AF15: =IFERROR(ROUND((AE15/AD15)*100,0),"N/A") -> N/A | AG15: =IFERROR(ROUND(100-AF15,0),"N/A") -> N/A | AH15: =IF(AG15>75,"ALTO","BAJO") -> ALTO | AI15: =IFERROR(IF(X15="BAJO",(T15-_xlfn.STDEV.S($E15,$F15,$G15)),""),"N/A") | AJ15: =IFERROR(IF(X15="BAJO",(T15+_xlfn.STDEV.S($E15,$F15,$G15)),""),"N/A") | AK15: =IFERROR(IF(AC15="BAJO",(Y15-_xlfn.STDEV.S($M15,$N15,$O15)),""),"N/A") | AL15: =IFERROR(IF(AC15="BAJO",(Y15+_xlfn.STDEV.S($M15,$N15,$O15)),""),"N/A") | AM15: =IFERROR(IF(AH15="BAJO",(AD15-_xlfn.STDEV.S($P15,$Q15,$R15)),""),"N/A") | AN15: =IFERROR(IF(AH15="BAJO",(AD15+_xlfn.STDEV.S($P15,$Q15,$R15)),""),"N/A") | AO15: =E15 -> 342194 | AP15: =F15 -> 359304 | AQ15: =G15 -> N/A | AR15: =M15 | AS15: =N15 | AT15: =O15 -> N/A | AU15: =P15 | AV15: =Q15 | AW15: =R15 -> N/A | AX15: =IFERROR(IF(AI15="",$T15,AVERAGEIFS((AO15:AQ15),(AO15:AQ15),">"&AI15,(AO15:AQ15),"<"&AJ15)),"N/A") -> 350749 | AY15: =IFERROR(IF(AK15="",$Y15,AVERAGEIFS((AR15:AT15),(AR15:AT15),">"&AK15,(AR15:AT15),"<"&AL15)),"N/A") -> N/A | AZ15: =IFERROR(IF(AM15="",$AD15,AVERAGEIFS((AU15:AW15),(AU15:AW15),">"&AM15,(AU15:AW15),"<"&AN15)),"N/A") -> N/A | BA15: {=IF(AI15="",X15,IF(1-(_xlfn.STDEV.S(IF(AO15:AQ15>AI15,IF(AO15:AQ15<AJ15,AO15:AQ15)))/AX15)>70%,"ALTO","BAJO"))} -> ALTO | BB15: {=IF(AK15="",AC15,IF(1-(_xlfn.STDEV.S(IF(AR15:AT15>AK15,IF(AR15:AT15<AL15,AR15:AT15)))/AY15)>70%,"ALTO","BAJO"))} -> ALTO | BC15: {=IF(AM15="",AH15,IF(1-(_xlfn.STDEV.S(IF(AU15:AW15>AM15,IF(AU15:AW15<AN15,AU15:AW15)))/AZ15)>70%,"ALTO","BAJO"))} -> ALTO | BD15: =AX15 -> 350749 | BF15: =AY15 -> N/A | BG15: =AZ15 -> N/A
A16: =A15+1 -> 11 | B16: CAMBIO BANDAS FRENO TRASERO | C16: ud | D16: 1 | E16: 41902 | F16: 43997 | G16: =IFERROR(VLOOKUP(HONDA!B16,'SDM-COT-097-2026'!$B$6:$E$203,4,FALSE),"N/A") -> 74319.918 | I16: =I15+1 -> 11 | J16: BANDAS FRENO TRASERO | K16: ud. | L16: 1 | O16: =IFERROR(VLOOKUP($J16,'SDM-COT-097-2026'!$H$6:$M$203,6,FALSE),"N/A") -> N/A | P16: 137053.8 | Q16: 143906 | R16: =IFERROR(VLOOKUP($J16,'SDM-COT-097-2026'!$H$6:$N$203,7,FALSE),"N/A") -> 217475.38 | T16: =IFERROR(ROUND(AVERAGE($E16,$F16,G16),0),"N/A") -> 53406 | U16: =IFERROR(ROUND(STDEVP($E16,$F16,G16),0),"N/A") -> 14813 | V16: =IFERROR(ROUND((U16/T16)*100,0),"N/A") -> 28 | W16: =IFERROR(ROUND(100-V16,0),"N/A") -> 72 | X16: =IF(W16>75,"ALTO","BAJO") -> BAJO | Y16: =IFERROR(ROUND(AVERAGE($M16,$N16,O16),0),"N/A") -> N/A | Z16: =IFERROR(ROUND(STDEVP($M16,$N16,R16),0),"N/A") -> 0 | AA16: =IFERROR(ROUND((Z16/Y16)*100,0),"N/A") -> N/A | AB16: =IFERROR(ROUND(100-AA16,0),"N/A") -> N/A | AC16: =IF(AB16>75,"ALTO","BAJO") -> ALTO | AD16: =IFERROR(ROUND(AVERAGE($P16,$Q16,R16),0),"N/A") -> 166145 | AE16: =IFERROR(ROUND(STDEVP($P16,$Q16,R16),0),"N/A") -> 36404 | AF16: =IFERROR(ROUND((AE16/AD16)*100,0),"N/A") -> 22 | AG16: =IFERROR(ROUND(100-AF16,0),"N/A") -> 78 | AH16: =IF(AG16>75,"ALTO","BAJO") -> ALTO | AI16: =IFERROR(IF(X16="BAJO",(T16-_xlfn.STDEV.S($E16,$F16,$G16)),""),"N/A") -> 35264.014 | AJ16: =IFERROR(IF(X16="BAJO",(T16+_xlfn.STDEV.S($E16,$F16,$G16)),""),"N/A") -> 71547.986 | AK16: =IFERROR(IF(AC16="BAJO",(Y16-_xlfn.STDEV.S($M16,$N16,$O16)),""),"N/A") | AL16: =IFERROR(IF(AC16="BAJO",(Y16+_xlfn.STDEV.S($M16,$N16,$O16)),""),"N/A") | AM16: =IFERROR(IF(AH16="BAJO",(AD16-_xlfn.STDEV.S($P16,$Q16,$R16)),""),"N/A") | AN16: =IFERROR(IF(AH16="BAJO",(AD16+_xlfn.STDEV.S($P16,$Q16,$R16)),""),"N/A") | AO16: =E16 -> 41902 | AP16: =F16 -> 43997 | AQ16: =G16 -> 74319.918 | AR16: =M16 | AS16: =N16 | AT16: =O16 -> N/A | AU16: =P16 -> 137053.8 | AV16: =Q16 -> 143906 | AW16: =R16 -> 217475.38 | AX16: =IFERROR(IF(AI16="",$T16,AVERAGEIFS((AO16:AQ16),(AO16:AQ16),">"&AI16,(AO16:AQ16),"<"&AJ16)),"N/A") -> 42949.5 | AY16: =IFERROR(IF(AK16="",$Y16,AVERAGEIFS((AR16:AT16),(AR16:AT16),">"&AK16,(AR16:AT16),"<"&AL16)),"N/A") -> N/A | AZ16: =IFERROR(IF(AM16="",$AD16,AVERAGEIFS((AU16:AW16),(AU16:AW16),">"&AM16,(AU16:AW16),"<"&AN16)),"N/A") -> 166145 | BA16: {=IF(AI16="",X16,IF(1-(_xlfn.STDEV.S(IF(AO16:AQ16>AI16,IF(AO16:AQ16<AJ16,AO16:AQ16)))/AX16)>70%,"ALTO","BAJO"))} -> ALTO | BB16: {=IF(AK16="",AC16,IF(1-(_xlfn.STDEV.S(IF(AR16:AT16>AK16,IF(AR16:AT16<AL16,AR16:AT16)))/AY16)>70%,"ALTO","BAJO"))} -> ALTO | BC16: {=IF(AM16="",AH16,IF(1-(_xlfn.STDEV.S(IF(AU16:AW16>AM16,IF(AU16:AW16<AN16,AU16:AW16)))/AZ16)>70%,"ALTO","BAJO"))} -> ALTO | BD16: =AX16 -> 42949.5 | BF16: =AY16 -> N/A | BG16: =AZ16 -> 166145
A17: =A16+1 -> 12 | B17: CAMBIO BASE ESPEJO IZQUIERDO COMPLETO | C17: ud | D17: 1 | E17: 46410 | F17: 48731 | G17: =IFERROR(VLOOKUP(HONDA!B17,'SDM-COT-097-2026'!$B$6:$E$203,4,FALSE),"N/A") -> 21233.352 | I17: =I16+1 -> 12 | J17: BASE ESPEJO IZQUIERDO COMPLETO | K17: ud. | L17: 1 | M17: 81078.4 | N17: 85132 | O17: =IFERROR(VLOOKUP($J17,'SDM-COT-097-2026'!$H$6:$M$203,6,FALSE),"N/A") -> 74319.918 | P17: 132554.5 | Q17: 139182 | R17: =IFERROR(VLOOKUP($J17,'SDM-COT-097-2026'!$H$6:$N$203,7,FALSE),"N/A") -> 74319.918 | T17: =IFERROR(ROUND(AVERAGE($E17,$F17,G17),0),"N/A") -> 38791 | U17: =IFERROR(ROUND(STDEVP($E17,$F17,G17),0),"N/A") -> 12452 | V17: =IFERROR(ROUND((U17/T17)*100,0),"N/A") -> 32 | W17: =IFERROR(ROUND(100-V17,0),"N/A") -> 68 | X17: =IF(W17>75,"ALTO","BAJO") -> BAJO | Y17: =IFERROR(ROUND(AVERAGE($M17,$N17,O17),0),"N/A") -> 80177 | Z17: =IFERROR(ROUND(STDEVP($M17,$N17,R17),0),"N/A") -> 4460 | AA17: =IFERROR(ROUND((Z17/Y17)*100,0),"N/A") -> 6 | AB17: =IFERROR(ROUND(100-AA17,0),"N/A") -> 94 | AC17: =IF(AB17>75,"ALTO","BAJO") -> ALTO | AD17: =IFERROR(ROUND(AVERAGE($P17,$Q17,R17),0),"N/A") -> 115352 | AE17: =IFERROR(ROUND(STDEVP($P17,$Q17,R17),0),"N/A") -> 29140 | AF17: =IFERROR(ROUND((AE17/AD17)*100,0),"N/A") -> 25 | AG17: =IFERROR(ROUND(100-AF17,0),"N/A") -> 75 | AH17: =IF(AG17>75,"ALTO","BAJO") -> BAJO | AI17: 20541.02 | AJ17: 45410 | AK17: =IFERROR(IF(AC17="BAJO",(Y17-_xlfn.STDEV.S($M17,$N17,$O17)),""),"N/A") | AL17: =IFERROR(IF(AC17="BAJO",(Y17+_xlfn.STDEV.S($M17,$N17,$O17)),""),"N/A") | AM17: =IFERROR(IF(AH17="BAJO",(AD17-_xlfn.STDEV.S($P17,$Q17,$R17)),""),"N/A") -> 79662.88 | AN17: =IFERROR(IF(AH17="BAJO",(AD17+_xlfn.STDEV.S($P17,$Q17,$R17)),""),"N/A") -> 151041.12 | AO17: =E17 -> 46410 | AP17: =F17 -> 48731 | AQ17: =G17 -> 21233.352 | AR17: =M17 -> 81078.4 | AS17: =N17 -> 85132 | AT17: =O17 -> 74319.918 | AU17: =P17 -> 132554.5 | AV17: =Q17 -> 139182 | AW17: =R17 -> 74319.918 | AX17: =IFERROR(IF(AI17="",$T17,AVERAGEIFS((AO17:AQ17),(AO17:AQ17),">"&AI17,(AO17:AQ17),"<"&AJ17)),"N/A") -> 21233.352 | AY17: =IFERROR(IF(AK17="",$Y17,AVERAGEIFS((AR17:AT17),(AR17:AT17),">"&AK17,(AR17:AT17),"<"&AL17)),"N/A") -> 80177 | AZ17: =IFERROR(IF(AM17="",$AD17,AVERAGEIFS((AU17:AW17),(AU17:AW17),">"&AM17,(AU17:AW17),"<"&AN17)),"N/A") -> 135868.25 | BA17: {=IFERROR(IF(AI17="",X17,IF(1-(_xlfn.STDEV.S(IF(AO17:AQ17>AI17,IF(AO17:AQ17<AJ17,AO17:AQ17)))/AX17)>70%,"ALTO","BAJO")),"ALTO")} -> ALTO | BB17: {=IF(AK17="",AC17,IF(1-(_xlfn.STDEV.S(IF(AR17:AT17>AK17,IF(AR17:AT17<AL17,AR17:AT17)))/AY17)>70%,"ALTO","BAJO"))} -> ALTO | BC17: {=IF(AM17="",AH17,IF(1-(_xlfn.STDEV.S(IF(AU17:AW17>AM17,IF(AU17:AW17<AN17,AU17:AW17)))/AZ17)>70%,"ALTO","BAJO"))} -> ALTO | BD17: =AX17 -> 21233.352 | BF17: =AY17 -> 80177 | BG17: =AZ17 -> 135868.25
A18: =A17+1 -> 13 | B18: CAMBIO BASE MALETERO | C18: ud | D18: 1 | E18: 32500 | F18: 34125 | G18: =IFERROR(VLOOKUP(HONDA!B18,'SDM-COT-097-2026'!$B$6:$E$203,4,FALSE),"N/A") -> 74319.918 | I18: =I17+1 -> 13 | J18: BASE MALETERO | K18: ud. | L18: 1 | O18: =IFERROR(VLOOKUP($J18,'SDM-COT-097-2026'!$H$6:$M$203,6,FALSE),"N/A") -> 227360.62 | R18: =IFERROR(VLOOKUP($J18,'SDM-COT-097-2026'!$H$6:$N$203,7,FALSE),"N/A") -> 217475.38 | T18: =IFERROR(ROUND(AVERAGE($E18,$F18,G18),0),"N/A") -> 46982 | U18: =IFERROR(ROUND(STDEVP($E18,$F18,G18),0),"N/A") -> 19342 | V18: =IFERROR(ROUND((U18/T18)*100,0),"N/A") -> 41 | W18: =IFERROR(ROUND(100-V18,0),"N/A") -> 59 | X18: =IF(W18>75,"ALTO","BAJO") -> BAJO | Y18: =IFERROR(ROUND(AVERAGE($M18,$N18,O18),0),"N/A") -> 227361 | Z18: =IFERROR(ROUND(STDEVP($M18,$N18,R18),0),"N/A") -> 0 | AA18: =IFERROR(ROUND((Z18/Y18)*100,0),"N/A") -> 0 | AB18: =IFERROR(ROUND(100-AA18,0),"N/A") -> 100 | AC18: =IF(AB18>75,"ALTO","BAJO") -> ALTO | AD18: =IFERROR(ROUND(AVERAGE($P18,$Q18,R18),0),"N/A") -> 217475 | AE18: =IFERROR(ROUND(STDEVP($P18,$Q18,R18),0),"N/A") -> 0 | AF18: =IFERROR(ROUND((AE18/AD18)*100,0),"N/A") -> 0 | AG18: =IFERROR(ROUND(100-AF18,0),"N/A") -> 100 | AH18: =IF(AG18>75,"ALTO","BAJO") -> ALTO | AI18: =IFERROR(IF(X18="BAJO",(T18-_xlfn.STDEV.S($E18,$F18,$G18)),""),"N/A") -> 23292.418 | AJ18: =IFERROR(IF(X18="BAJO",(T18+_xlfn.STDEV.S($E18,$F18,$G18)),""),"N/A") -> 70671.582 | AK18: =IFERROR(IF(AC18="BAJO",(Y18-_xlfn.STDEV.S($M18,$N18,$O18)),""),"N/A") | AL18: =IFERROR(IF(AC18="BAJO",(Y18+_xlfn.STDEV.S($M18,$N18,$O18)),""),"N/A") | AM18: =IFERROR(IF(AH18="BAJO",(AD18-_xlfn.STDEV.S($P18,$Q18,$R18)),""),"N/A") | AN18: =IFERROR(IF(AH18="BAJO",(AD18+_xlfn.STDEV.S($P18,$Q18,$R18)),""),"N/A") | AO18: =E18 -> 32500 | AP18: =F18 -> 34125 | AQ18: =G18 -> 74319.918 | AR18: =M18 | AS18: =N18 | AT18: =O18 -> 227360.62 | AU18: =P18 | AV18: =Q18 | AW18: =R18 -> 217475.38 | AX18: =IFERROR(IF(AI18="",$T18,AVERAGEIFS((AO18:AQ18),(AO18:AQ18),">"&AI18,(AO18:AQ18),"<"&AJ18)),"N/A") -> 33312.5 | AY18: =IFERROR(IF(AK18="",$Y18,AVERAGEIFS((AR18:AT18),(AR18:AT18),">"&AK18,(AR18:AT18),"<"&AL18)),"N/A") -> 227361 | AZ18: =IFERROR(IF(AM18="",$AD18,AVERAGEIFS((AU18:AW18),(AU18:AW18),">"&AM18,(AU18:AW18),"<"&AN18)),"N/A") -> 217475 | BA18: {=IF(AI18="",X18,IF(1-(_xlfn.STDEV.S(IF(AO18:AQ18>AI18,IF(AO18:AQ18<AJ18,AO18:AQ18)))/AX18)>70%,"ALTO","BAJO"))} -> ALTO | BB18: {=IF(AK18="",AC18,IF(1-(_xlfn.STDEV.S(IF(AR18:AT18>AK18,IF(AR18:AT18<AL18,AR18:AT18)))/AY18)>70%,"ALTO","BAJO"))} -> ALTO | BC18: {=IF(AM18="",AH18,IF(1-(_xlfn.STDEV.S(IF(AU18:AW18>AM18,IF(AU18:AW18<AN18,AU18:AW18)))/AZ18)>70%,"ALTO","BAJO"))} -> ALTO | BD18: =AX18 -> 33312.5 | BF18: =AY18 -> 227361 | BG18: =AZ18 -> 217475
A19: =A18+1 -> 14 | B19: CAMBIO BATERIA | C19: ud | D19: 1 | E19: 13000 | F19: 13650 | G19: =IFERROR(VLOOKUP(HONDA!B19,'SDM-COT-097-2026'!$B$6:$E$203,4,FALSE),"N/A") -> 48258.918 | I19: =I18+1 -> 14 | J19: BATERIA | K19: ud. | L19: 1 | M19: 186004 | N19: 195304 | O19: =IFERROR(VLOOKUP($J19,'SDM-COT-097-2026'!$H$6:$M$203,6,FALSE),"N/A") -> N/A | P19: 175120.4 | Q19: 183876 | R19: =IFERROR(VLOOKUP($J19,'SDM-COT-097-2026'!$H$6:$N$203,7,FALSE),"N/A") -> N/A | T19: =IFERROR(ROUND(AVERAGE($E19,$F19,G19),0),"N/A") -> 24970 | U19: =IFERROR(ROUND(STDEVP($E19,$F19,G19),0),"N/A") -> 16470 | V19: =IFERROR(ROUND((U19/T19)*100,0),"N/A") -> 66 | W19: =IFERROR(ROUND(100-V19,0),"N/A") -> 34 | X19: =IF(W19>75,"ALTO","BAJO") -> BAJO | Y19: =IFERROR(ROUND(AVERAGE($M19,$N19,O19),0),"N/A") -> 190654 | Z19: =IFERROR(ROUND(STDEVP($M19,$N19,R19),0),"N/A") -> 4650 | AA19: =IFERROR(ROUND((Z19/Y19)*100,0),"N/A") -> 2 | AB19: =IFERROR(ROUND(100-AA19,0),"N/A") -> 98 | AC19: =IF(AB19>75,"ALTO","BAJO") -> ALTO | AD19: =IFERROR(ROUND(AVERAGE($P19,$Q19,R19),0),"N/A") -> 179498 | AE19: =IFERROR(ROUND(STDEVP($P19,$Q19,R19),0),"N/A") -> 4378 | AF19: =IFERROR(ROUND((AE19/AD19)*100,0),"N/A") -> 2 | AG19: =IFERROR(ROUND(100-AF19,0),"N/A") -> 98 | AH19: =IF(AG19>75,"ALTO","BAJO") -> ALTO | AI19: =IFERROR(IF(X19="BAJO",(T19-_xlfn.STDEV.S($E19,$F19,$G19)),""),"N/A") -> 4798.2745 | AJ19: =IFERROR(IF(X19="BAJO",(T19+_xlfn.STDEV.S($E19,$F19,$G19)),""),"N/A") -> 45141.726 | AK19: =IFERROR(IF(AC19="BAJO",(Y19-_xlfn.STDEV.S($M19,$N19,$O19)),""),"N/A") | AL19: =IFERROR(IF(AC19="BAJO",(Y19+_xlfn.STDEV.S($M19,$N19,$O19)),""),"N/A") | AM19: =IFERROR(IF(AH19="BAJO",(AD19-_xlfn.STDEV.S($P19,$Q19,$R19)),""),"N/A") | AN19: =IFERROR(IF(AH19="BAJO",(AD19+_xlfn.STDEV.S($P19,$Q19,$R19)),""),"N/A") | AO19: =E19 -> 13000 | AP19: =F19 -> 13650 | AQ19: =G19 -> 48258.918 | AR19: =M19 -> 186004 | AS19: =N19 -> 195304 | AT19: =O19 -> N/A | AU19: =P19 -> 175120.4 | AV19: =Q19 -> 183876 | AW19: =R19 -> N/A | AX19: =IFERROR(IF(AI19="",$T19,AVERAGEIFS((AO19:AQ19),(AO19:AQ19),">"&AI19,(AO19:AQ19),"<"&AJ19)),"N/A") -> 13325 | AY19: =IFERROR(IF(AK19="",$Y19,AVERAGEIFS((AR19:AT19),(AR19:AT19),">"&AK19,(AR19:AT19),"<"&AL19)),"N/A") -> 190654 | AZ19: =IFERROR(IF(AM19="",$AD19,AVERAGEIFS((AU19:AW19),(AU19:AW19),">"&AM19,(AU19:AW19),"<"&AN19)),"N/A") -> 179498 | BA19: {=IF(AI19="",X19,IF(1-(_xlfn.STDEV.S(IF(AO19:AQ19>AI19,IF(AO19:AQ19<AJ19,AO19:AQ19)))/AX19)>70%,"ALTO","BAJO"))} -> ALTO | BB19: {=IF(AK19="",AC19,IF(1-(_xlfn.STDEV.S(IF(AR19:AT19>AK19,IF(AR19:AT19<AL19,AR19:AT19)))/AY19)>70%,"ALTO","BAJO"))} -> ALTO | BC19: {=IF(AM19="",AH19,IF(1-(_xlfn.STDEV.S(IF(AU19:AW19>AM19,IF(AU19:AW19<AN19,AU19:AW19)))/AZ19)>70%,"ALTO","BAJO"))} -> ALTO | BD19: =AX19 -> 13325 | BF19: =AY19 -> 190654 | BG19: =AZ19 -> 179498
A20: =A19+1 -> 15 | B20: CAMBIO BIELA | C20: ud | D20: 1 | E20: 1117367 | F20: 1173235 | G20: =IFERROR(VLOOKUP(HONDA!B20,'SDM-COT-097-2026'!$B$6:$E$203,4,FALSE),"N/A") -> 435299.61 | I20: =I19+1 -> 15 | J20: BIELA | K20: ud. | L20: 1 | O20: =IFERROR(VLOOKUP($J20,'SDM-COT-097-2026'!$H$6:$M$203,6,FALSE),"N/A") -> 705601.94 | R20: =IFERROR(VLOOKUP($J20,'SDM-COT-097-2026'!$H$6:$N$203,7,FALSE),"N/A") -> 674923.59 | T20: =IFERROR(ROUND(AVERAGE($E20,$F20,G20),0),"N/A") -> 908634 | U20: =IFERROR(ROUND(STDEVP($E20,$F20,G20),0),"N/A") -> 335474 | V20: =IFERROR(ROUND((U20/T20)*100,0),"N/A") -> 37 | W20: =IFERROR(ROUND(100-V20,0),"N/A") -> 63 | X20: =IF(W20>75,"ALTO","BAJO") -> BAJO | Y20: =IFERROR(ROUND(AVERAGE($M20,$N20,O20),0),"N/A") -> 705602 | Z20: =IFERROR(ROUND(STDEVP($M20,$N20,R20),0),"N/A") -> 0 | AA20: =IFERROR(ROUND((Z20/Y20)*100,0),"N/A") -> 0 | AB20: =IFERROR(ROUND(100-AA20,0),"N/A") -> 100 | AC20: =IF(AB20>75,"ALTO","BAJO") -> ALTO | AD20: =IFERROR(ROUND(AVERAGE($P20,$Q20,R20),0),"N/A") -> 674924 | AE20: =IFERROR(ROUND(STDEVP($P20,$Q20,R20),0),"N/A") -> 0 | AF20: =IFERROR(ROUND((AE20/AD20)*100,0),"N/A") -> 0 | AG20: =IFERROR(ROUND(100-AF20,0),"N/A") -> 100 | AH20: =IF(AG20>75,"ALTO","BAJO") -> ALTO | AI20: =IFERROR(MIN($E20,$F20,$G20),"N/A") -> 435299.61 | AJ20: 1019504.2 | AK20: =IFERROR(IF(AC20="BAJO",(Y20-_xlfn.STDEV.S($M20,$N20,$O20)),""),"N/A") | AL20: =IFERROR(IF(AC20="BAJO",(Y20+_xlfn.STDEV.S($M20,$N20,$O20)),""),"N/A") | AM20: =IFERROR(IF(AH20="BAJO",(AD20-_xlfn.STDEV.S($P20,$Q20,$R20)),""),"N/A") | AN20: =IFERROR(IF(AH20="BAJO",(AD20+_xlfn.STDEV.S($P20,$Q20,$R20)),""),"N/A") | AO20: =E20 -> 1117367 | AP20: =F20 -> 1173235 | AQ20: =G20 -> 435299.61 | AR20: =M20 | AS20: =N20 | AT20: =O20 -> 705601.94 | AU20: =P20 | AV20: =Q20 | AW20: =R20 -> 674923.59 | AX20: =IFERROR(IF(AI20="",$T20,AVERAGEIFS((AO20:AQ20),(AO20:AQ20),">="&AI20,(AO20:AQ20),"<"&AJ20)),"N/A") -> 435299.61 | AY20: =IFERROR(IF(AK20="",$Y20,AVERAGEIFS((AR20:AT20),(AR20:AT20),">"&AK20,(AR20:AT20),"<"&AL20)),"N/A") -> 705602 | AZ20: =IFERROR(IF(AM20="",$AD20,AVERAGEIFS((AU20:AW20),(AU20:AW20),">"&AM20,(AU20:AW20),"<"&AN20)),"N/A") -> 674924 | BA20: {=IFERROR(IF(AI20="",X20,IF(1-(_xlfn.STDEV.S(IF(AO20:AQ20>AI20,IF(AO20:AQ20<AJ20,AO20:AQ20)))/AX20)>70%,"ALTO","BAJO")),"ALTO")} -> ALTO | BB20: {=IF(AK20="",AC20,IF(1-(_xlfn.STDEV.S(IF(AR20:AT20>AK20,IF(AR20:AT20<AL20,AR20:AT20)))/AY20)>70%,"ALTO","BAJO"))} -> ALTO | BC20: {=IF(AM20="",AH20,IF(1-(_xlfn.STDEV.S(IF(AU20:AW20>AM20,IF(AU20:AW20<AN20,AU20:AW20)))/AZ20)>70%,"ALTO","BAJO"))} -> ALTO | BD20: =AX20 -> 435299.61 | BF20: =AY20 -> 705602 | BG20: =AZ20 -> 674924
A21: =A20+1 -> 16 | B21: CAMBIO BOBINA DE ALTA | C21: ud | D21: 1 | E21: 156000 | F21: 163800 | G21: =IFERROR(VLOOKUP(HONDA!B21,'SDM-COT-097-2026'!$B$6:$E$203,4,FALSE),"N/A") -> 84936.589 | I21: =I20+1 -> 16 | J21: BOBINA DE ALTA | K21: ud. | L21: 1 | M21: 466687 | N21: 490021 | O21: =IFERROR(VLOOKUP($J21,'SDM-COT-097-2026'!$H$6:$M$203,6,FALSE),"N/A") -> 1276856.3 | P21: 460645.9 | Q21: 483678 | R21: =IFERROR(VLOOKUP($J21,'SDM-COT-097-2026'!$H$6:$N$203,7,FALSE),"N/A") -> 1221340.8 | T21: =IFERROR(ROUND(AVERAGE($E21,$F21,G21),0),"N/A") -> 134912 | U21: =IFERROR(ROUND(STDEVP($E21,$F21,G21),0),"N/A") -> 35481 | V21: =IFERROR(ROUND((U21/T21)*100,0),"N/A") -> 26 | W21: =IFERROR(ROUND(100-V21,0),"N/A") -> 74 | X21: =IF(W21>75,"ALTO","BAJO") -> BAJO | Y21: =IFERROR(ROUND(AVERAGE($M21,$N21,O21),0),"N/A") -> 744521 | Z21: =IFERROR(ROUND(STDEVP($M21,$N21,R21),0),"N/A") -> 350377 | AA21: =IFERROR(ROUND((Z21/Y21)*100,0),"N/A") -> 47 | AB21: =IFERROR(ROUND(100-AA21,0),"N/A") -> 53 | AC21: =IF(AB21>75,"ALTO","BAJO") -> BAJO | AD21: =IFERROR(ROUND(AVERAGE($P21,$Q21,R21),0),"N/A") -> 721888 | AE21: =IFERROR(ROUND(STDEVP($P21,$Q21,R21),0),"N/A") -> 353291 | AF21: =IFERROR(ROUND((AE21/AD21)*100,0),"N/A") -> 49 | AG21: =IFERROR(ROUND(100-AF21,0),"N/A") -> 51 | AH21: =IF(AG21>75,"ALTO","BAJO") -> BAJO | AI21: =IFERROR(IF(X21="BAJO",(T21-_xlfn.STDEV.S($E21,$F21,$G21)),""),"N/A") -> 91456.494 | AJ21: =IFERROR(IF(X21="BAJO",(T21+_xlfn.STDEV.S($E21,$F21,$G21)),""),"N/A") -> 178367.51 | AK21: =IFERROR(IF(AC21="BAJO",(Y21-_xlfn.STDEV.S($M21,$N21,$O21)),""),"N/A") -> 283357.86 | AL21: =IFERROR(IF(AC21="BAJO",(Y21+_xlfn.STDEV.S($M21,$N21,$O21)),""),"N/A") -> 1205684.1 | AM21: =IFERROR(IF(AH21="BAJO",(AD21-_xlfn.STDEV.S($P21,$Q21,$R21)),""),"N/A") -> 289196.09 | AN21: =IFERROR(IF(AH21="BAJO",(AD21+_xlfn.STDEV.S($P21,$Q21,$R21)),""),"N/A") -> 1154579.9 | AO21: =E21 -> 156000 | AP21: =F21 -> 163800 | AQ21: =G21 -> 84936.589 | AR21: =M21 -> 466687 | AS21: =N21 -> 490021 | AT21: =O21 -> 1276856.3 | AU21: =P21 -> 460645.9 | AV21: =Q21 -> 483678 | AW21: =R21 -> 1221340.8 | AX21: =IFERROR(IF(AI21="",$T21,AVERAGEIFS((AO21:AQ21),(AO21:AQ21),">"&AI21,(AO21:AQ21),"<"&AJ21)),"N/A") -> 159900 | AY21: =IFERROR(IF(AK21="",$Y21,AVERAGEIFS((AR21:AT21),(AR21:AT21),">"&AK21,(AR21:AT21),"<"&AL21)),"N/A") -> 478354 | AZ21: =IFERROR(IF(AM21="",$AD21,AVERAGEIFS((AU21:AW21),(AU21:AW21),">"&AM21,(AU21:AW21),"<"&AN21)),"N/A") -> 472161.95 | BA21: {=IF(AI21="",X21,IF(1-(_xlfn.STDEV.S(IF(AO21:AQ21>AI21,IF(AO21:AQ21<AJ21,AO21:AQ21)))/AX21)>70%,"ALTO","BAJO"))} -> ALTO | BB21: {=IF(AK21="",AC21,IF(1-(_xlfn.STDEV.S(IF(AR21:AT21>AK21,IF(AR21:AT21<AL21,AR21:AT21)))/AY21)>70%,"ALTO","BAJO"))} -> ALTO | BC21: {=IF(AM21="",AH21,IF(1-(_xlfn.STDEV.S(IF(AU21:AW21>AM21,IF(AU21:AW21<AN21,AU21:AW21)))/AZ21)>70%,"ALTO","BAJO"))} -> ALTO | BD21: =AX21 -> 159900 | BF21: =AY21 -> 478354 | BG21: =AZ21 -> 472161.95
A22: =A21+1 -> 17 | B22: CAMBIO BOBINA DE CARGA | C22: ud | D22: 1 | E22: 156000 | F22: 163800 | G22: =IFERROR(VLOOKUP(HONDA!B22,'SDM-COT-097-2026'!$B$6:$E$203,4,FALSE),"N/A") -> 127404.88 | I22: =I21+1 -> 17 | J22: BOBINA DE CARGA | K22: ud. | L22: 1 | M22: 2037278.1 | N22: 2139142 | O22: =IFERROR(VLOOKUP($J22,'SDM-COT-097-2026'!$H$6:$M$203,6,FALSE),"N/A") -> 1276856.3 | P22: 1332984.9 | Q22: 1399634 | R22: =IFERROR(VLOOKUP($J22,'SDM-COT-097-2026'!$H$6:$N$203,7,FALSE),"N/A") -> 1221340.8 | T22: =IFERROR(ROUND(AVERAGE($E22,$F22,G22),0),"N/A") -> 149068 | U22: =IFERROR(ROUND(STDEVP($E22,$F22,G22),0),"N/A") -> 15646 | V22: =IFERROR(ROUND((U22/T22)*100,0),"N/A") -> 10 | W22: =IFERROR(ROUND(100-V22,0),"N/A") -> 90 | X22: =IF(W22>75,"ALTO","BAJO") -> ALTO | Y22: =IFERROR(ROUND(AVERAGE($M22,$N22,O22),0),"N/A") -> 1817759 | Z22: =IFERROR(ROUND(STDEVP($M22,$N22,R22),0),"N/A") -> 410757 | AA22: =IFERROR(ROUND((Z22/Y22)*100,0),"N/A") -> 23 | AB22: =IFERROR(ROUND(100-AA22,0),"N/A") -> 77 | AC22: =IF(AB22>75,"ALTO","BAJO") -> ALTO | AD22: =IFERROR(ROUND(AVERAGE($P22,$Q22,R22),0),"N/A") -> 1317987 | AE22: =IFERROR(ROUND(STDEVP($P22,$Q22,R22),0),"N/A") -> 73556 | AF22: =IFERROR(ROUND((AE22/AD22)*100,0),"N/A") -> 6 | AG22: =IFERROR(ROUND(100-AF22,0),"N/A") -> 94 | AH22: =IF(AG22>75,"ALTO","BAJO") -> ALTO | AI22: =IFERROR(IF(X22="BAJO",(T22-_xlfn.STDEV.S($E22,$F22,$G22)),""),"N/A") | AJ22: =IFERROR(IF(X22="BAJO",(T22+_xlfn.STDEV.S($E22,$F22,$G22)),""),"N/A") | AK22: =IFERROR(IF(AC22="BAJO",(Y22-_xlfn.STDEV.S($M22,$N22,$O22)),""),"N/A") | AL22: =IFERROR(IF(AC22="BAJO",(Y22+_xlfn.STDEV.S($M22,$N22,$O22)),""),"N/A") | AM22: =IFERROR(IF(AH22="BAJO",(AD22-_xlfn.STDEV.S($P22,$Q22,$R22)),""),"N/A") | AN22: =IFERROR(IF(AH22="BAJO",(AD22+_xlfn.STDEV.S($P22,$Q22,$R22)),""),"N/A") | AO22: =E22 -> 156000 | AP22: =F22 -> 163800 | AQ22: =G22 -> 127404.88 | AR22: =M22 -> 2037278.1 | AS22: =N22 -> 2139142 | AT22: =O22 -> 1276856.3 | AU22: =P22 -> 1332984.9 | AV22: =Q22 -> 1399634 | AW22: =R22 -> 1221340.8 | AX22: =IFERROR(IF(AI22="",$T22,AVERAGEIFS((AO22:AQ22),(AO22:AQ22),">"&AI22,(AO22:AQ22),"<"&AJ22)),"N/A") -> 149068 | AY22: =IFERROR(IF(AK22="",$Y22,AVERAGEIFS((AR22:AT22),(AR22:AT22),">"&AK22,(AR22:AT22),"<"&AL22)),"N/A") -> 1817759 | AZ22: =IFERROR(IF(AM22="",$AD22,AVERAGEIFS((AU22:AW22),(AU22:AW22),">"&AM22,(AU22:AW22),"<"&AN22)),"N/A") -> 1317987 | BA22: {=IF(AI22="",X22,IF(1-(_xlfn.STDEV.S(IF(AO22:AQ22>AI22,IF(AO22:AQ22<AJ22,AO22:AQ22)))/AX22)>70%,"ALTO","BAJO"))} -> ALTO | BB22: {=IF(AK22="",AC22,IF(1-(_xlfn.STDEV.S(IF(AR22:AT22>AK22,IF(AR22:AT22<AL22,AR22:AT22)))/AY22)>70%,"ALTO","BAJO"))} -> ALTO | BC22: {=IF(AM22="",AH22,IF(1-(_xlfn.STDEV.S(IF(AU22:AW22>AM22,IF(AU22:AW22<AN22,AU22:AW22)))/AZ22)>70%,"ALTO","BAJO"))} -> ALTO | BD22: =AX22 -> 149068 | BF22: =AY22 -> 1817759 | BG22: =AZ22 -> 1317987
A23: =A22+1 -> 18 | B23: CAMBIO BOBINA DE LUCES | C23: ud | D23: 1 | E23: 156000 | F23: 163800 | G23: =IFERROR(VLOOKUP(HONDA!B23,'SDM-COT-097-2026'!$B$6:$E$203,4,FALSE),"N/A") -> N/A | I23: =I22+1 -> 18 | J23: BOBINA DE LUCES | K23: ud. | L23: 1 | O23: =IFERROR(VLOOKUP($J23,'SDM-COT-097-2026'!$H$6:$M$203,6,FALSE),"N/A") -> N/A | R23: =IFERROR(VLOOKUP($J23,'SDM-COT-097-2026'!$H$6:$N$203,7,FALSE),"N/A") -> N/A | T23: =IFERROR(ROUND(AVERAGE($E23,$F23,G23),0),"N/A") -> 159900 | U23: =IFERROR(ROUND(STDEVP($E23,$F23,G23),0),"N/A") -> 3900 | V23: =IFERROR(ROUND((U23/T23)*100,0),"N/A") -> 2 | W23: =IFERROR(ROUND(100-V23,0),"N/A") -> 98 | X23: =IF(W23>75,"ALTO","BAJO") -> ALTO | Y23: =IFERROR(ROUND(AVERAGE($M23,$N23,O23),0),"N/A") -> N/A | Z23: =IFERROR(ROUND(STDEVP($M23,$N23,R23),0),"N/A") -> N/A | AA23: =IFERROR(ROUND((Z23/Y23)*100,0),"N/A") -> N/A | AB23: =IFERROR(ROUND(100-AA23,0),"N/A") -> N/A | AC23: =IF(AB23>75,"ALTO","BAJO") -> ALTO | AD23: =IFERROR(ROUND(AVERAGE($P23,$Q23,R23),0),"N/A") -> N/A | AE23: =IFERROR(ROUND(STDEVP($P23,$Q23,R23),0),"N/A") -> N/A | AF23: =IFERROR(ROUND((AE23/AD23)*100,0),"N/A") -> N/A | AG23: =IFERROR(ROUND(100-AF23,0),"N/A") -> N/A | AH23: =IF(AG23>75,"ALTO","BAJO") -> ALTO | AI23: =IFERROR(IF(X23="BAJO",(T23-_xlfn.STDEV.S($E23,$F23,$G23)),""),"N/A") | AJ23: =IFERROR(IF(X23="BAJO",(T23+_xlfn.STDEV.S($E23,$F23,$G23)),""),"N/A") | AK23: =IFERROR(IF(AC23="BAJO",(Y23-_xlfn.STDEV.S($M23,$N23,$O23)),""),"N/A") | AL23: =IFERROR(IF(AC23="BAJO",(Y23+_xlfn.STDEV.S($M23,$N23,$O23)),""),"N/A") | AM23: =IFERROR(IF(AH23="BAJO",(AD23-_xlfn.STDEV.S($P23,$Q23,$R23)),""),"N/A") | AN23: =IFERROR(IF(AH23="BAJO",(AD23+_xlfn.STDEV.S($P23,$Q23,$R23)),""),"N/A") | AO23: =E23 -> 156000 | AP23: =F23 -> 163800 | AQ23: =G23 -> N/A | AR23: =M23 | AS23: =N23 | AT23: =O23 -> N/A | AU23: =P23 | AV23: =Q23 | AW23: =R23 -> N/A | AX23: =IFERROR(IF(AI23="",$T23,AVERAGEIFS((AO23:AQ23),(AO23:AQ23),">"&AI23,(AO23:AQ23),"<"&AJ23)),"N/A") -> 159900 | AY23: =IFERROR(IF(AK23="",$Y23,AVERAGEIFS((AR23:AT23),(AR23:AT23),">"&AK23,(AR23:AT23),"<"&AL23)),"N/A") -> N/A | AZ23: =IFERROR(IF(AM23="",$AD23,AVERAGEIFS((AU23:AW23),(AU23:AW23),">"&AM23,(AU23:AW23),"<"&AN23)),"N/A") -> N/A | BA23: {=IF(AI23="",X23,IF(1-(_xlfn.STDEV.S(IF(AO23:AQ23>AI23,IF(AO23:AQ23<AJ23,AO23:AQ23)))/AX23)>70%,"ALTO","BAJO"))} -> ALTO | BB23: {=IF(AK23="",AC23,IF(1-(_xlfn.STDEV.S(IF(AR23:AT23>AK23,IF(AR23:AT23<AL23,AR23:AT23)))/AY23)>70%,"ALTO","BAJO"))} -> ALTO | BC23: {=IF(AM23="",AH23,IF(1-(_xlfn.STDEV.S(IF(AU23:AW23>AM23,IF(AU23:AW23<AN23,AU23:AW23)))/AZ23)>70%,"ALTO","BAJO"))} -> ALTO | BD23: =AX23 -> 159900 | BF23: =AY23 -> N/A | BG23: =AZ23 -> N/A
A24: =A23+1 -> 19 | B24: CAMBIO BOBINA PULSADORA | C24: ud | D24: 1 | E24: 208000 | F24: 218400 | G24: =IFERROR(VLOOKUP(HONDA!B24,'SDM-COT-097-2026'!$B$6:$E$203,4,FALSE),"N/A") -> N/A | I24: =I23+1 -> 19 | J24: BOBINA PULSADORA | K24: ud. | L24: 1 | O24: =IFERROR(VLOOKUP($J24,'SDM-COT-097-2026'!$H$6:$M$203,6,FALSE),"N/A") -> N/A | R24: =IFERROR(VLOOKUP($J24,'SDM-COT-097-2026'!$H$6:$N$203,7,FALSE),"N/A") -> N/A | T24: =IFERROR(ROUND(AVERAGE($E24,$F24,G24),0),"N/A") -> 213200 | U24: =IFERROR(ROUND(STDEVP($E24,$F24,G24),0),"N/A") -> 5200 | V24: =IFERROR(ROUND((U24/T24)*100,0),"N/A") -> 2 | W24: =IFERROR(ROUND(100-V24,0),"N/A") -> 98 | X24: =IF(W24>75,"ALTO","BAJO") -> ALTO | Y24: =IFERROR(ROUND(AVERAGE($M24,$N24,O24),0),"N/A") -> N/A | Z24: =IFERROR(ROUND(STDEVP($M24,$N24,R24),0),"N/A") -> N/A | AA24: =IFERROR(ROUND((Z24/Y24)*100,0),"N/A") -> N/A | AB24: =IFERROR(ROUND(100-AA24,0),"N/A") -> N/A | AC24: =IF(AB24>75,"ALTO","BAJO") -> ALTO | AD24: =IFERROR(ROUND(AVERAGE($P24,$Q24,R24),0),"N/A") -> N/A | AE24: =IFERROR(ROUND(STDEVP($P24,$Q24,R24),0),"N/A") -> N/A | AF24: =IFERROR(ROUND((AE24/AD24)*100,0),"N/A") -> N/A | AG24: =IFERROR(ROUND(100-AF24,0),"N/A") -> N/A | AH24: =IF(AG24>75,"ALTO","BAJO") -> ALTO | AI24: =IFERROR(IF(X24="BAJO",(T24-_xlfn.STDEV.S($E24,$F24,$G24)),""),"N/A") | AJ24: =IFERROR(IF(X24="BAJO",(T24+_xlfn.STDEV.S($E24,$F24,$G24)),""),"N/A") | AK24: =IFERROR(IF(AC24="BAJO",(Y24-_xlfn.STDEV.S($M24,$N24,$O24)),""),"N/A") | AL24: =IFERROR(IF(AC24="BAJO",(Y24+_xlfn.STDEV.S($M24,$N24,$O24)),""),"N/A") | AM24: =IFERROR(IF(AH24="BAJO",(AD24-_xlfn.STDEV.S($P24,$Q24,$R24)),""),"N/A") | AN24: =IFERROR(IF(AH24="BAJO",(AD24+_xlfn.STDEV.S($P24,$Q24,$R24)),""),"N/A") | AO24: =E24 -> 208000 | AP24: =F24 -> 218400 | AQ24: =G24 -> N/A | AR24: =M24 | AS24: =N24 | AT24: =O24 -> N/A | AU24: =P24 | AV24: =Q24 | AW24: =R24 -> N/A | AX24: =IFERROR(IF(AI24="",$T24,AVERAGEIFS((AO24:AQ24),(AO24:AQ24),">"&AI24,(AO24:AQ24),"<"&AJ24)),"N/A") -> 213200 | AY24: =IFERROR(IF(AK24="",$Y24,AVERAGEIFS((AR24:AT24),(AR24:AT24),">"&AK24,(AR24:AT24),"<"&AL24)),"N/A") -> N/A | AZ24: =IFERROR(IF(AM24="",$AD24,AVERAGEIFS((AU24:AW24),(AU24:AW24),">"&AM24,(AU24:AW24),"<"&AN24)),"N/A") -> N/A | BA24: {=IF(AI24="",X24,IF(1-(_xlfn.STDEV.S(IF(AO24:AQ24>AI24,IF(AO24:AQ24<AJ24,AO24:AQ24)))/AX24)>70%,"ALTO","BAJO"))} -> ALTO | BB24: {=IF(AK24="",AC24,IF(1-(_xlfn.STDEV.S(IF(AR24:AT24>AK24,IF(AR24:AT24<AL24,AR24:AT24)))/AY24)>70%,"ALTO","BAJO"))} -> ALTO | BC24: {=IF(AM24="",AH24,IF(1-(_xlfn.STDEV.S(IF(AU24:AW24>AM24,IF(AU24:AW24<AN24,AU24:AW24)))/AZ24)>70%,"ALTO","BAJO"))} -> ALTO | BD24: =AX24 -> 213200 | BF24: =AY24 -> N/A | BG24: =AZ24 -> N/A
A25: =A24+1 -> 20 | B25: CAMBIO BOMBA ACEITE | C25: ud | D25: 1 | E25: 208000 | F25: 218400 | G25: =IFERROR(VLOOKUP(HONDA!B25,'SDM-COT-097-2026'!$B$6:$E$203,4,FALSE),"N/A") -> 254809.77 | I25: =I24+1 -> 20 | J25: BOMBA ACEITE | K25: ud. | L25: 1 | M25: 419686.8 | N25: 440671 | O25: =IFERROR(VLOOKUP($J25,'SDM-COT-097-2026'!$H$6:$M$203,6,FALSE),"N/A") -> 403135.8 | P25: 417302.6 | Q25: 438168 | R25: =IFERROR(VLOOKUP($J25,'SDM-COT-097-2026'!$H$6:$N$203,7,FALSE),"N/A") -> 385608.16 | T25: =IFERROR(ROUND(AVERAGE($E25,$F25,G25),0),"N/A") -> 227070 | U25: =IFERROR(ROUND(STDEVP($E25,$F25,G25),0),"N/A") -> 20069 | V25: =IFERROR(ROUND((U25/T25)*100,0),"N/A") -> 9 | W25: =IFERROR(ROUND(100-V25,0),"N/A") -> 91 | X25: =IF(W25>75,"ALTO","BAJO") -> ALTO | Y25: =IFERROR(ROUND(AVERAGE($M25,$N25,O25),0),"N/A") -> 421165 | Z25: =IFERROR(ROUND(STDEVP($M25,$N25,R25),0),"N/A") -> 22690 | AA25: =IFERROR(ROUND((Z25/Y25)*100,0),"N/A") -> 5 | AB25: =IFERROR(ROUND(100-AA25,0),"N/A") -> 95 | AC25: =IF(AB25>75,"ALTO","BAJO") -> ALTO | AD25: =IFERROR(ROUND(AVERAGE($P25,$Q25,R25),0),"N/A") -> 413693 | AE25: =IFERROR(ROUND(STDEVP($P25,$Q25,R25),0),"N/A") -> 21609 | AF25: =IFERROR(ROUND((AE25/AD25)*100,0),"N/A") -> 5 | AG25: =IFERROR(ROUND(100-AF25,0),"N/A") -> 95 | AH25: =IF(AG25>75,"ALTO","BAJO") -> ALTO | AI25: =IFERROR(IF(X25="BAJO",(T25-_xlfn.STDEV.S($E25,$F25,$G25)),""),"N/A") | AJ25: =IFERROR(IF(X25="BAJO",(T25+_xlfn.STDEV.S($E25,$F25,$G25)),""),"N/A") | AK25: =IFERROR(IF(AC25="BAJO",(Y25-_xlfn.STDEV.S($M25,$N25,$O25)),""),"N/A") | AL25: =IFERROR(IF(AC25="BAJO",(Y25+_xlfn.STDEV.S($M25,$N25,$O25)),""),"N/A") | AM25: =IFERROR(IF(AH25="BAJO",(AD25-_xlfn.STDEV.S($P25,$Q25,$R25)),""),"N/A") | AN25: =IFERROR(IF(AH25="BAJO",(AD25+_xlfn.STDEV.S($P25,$Q25,$R25)),""),"N/A") | AO25: =E25 -> 208000 | AP25: =F25 -> 218400 | AQ25: =G25 -> 254809.77 | AR25: =M25 -> 419686.8 | AS25: =N25 -> 440671 | AT25: =O25 -> 403135.8 | AU25: =P25 -> 417302.6 | AV25: =Q25 -> 438168 | AW25: =R25 -> 385608.16 | AX25: =IFERROR(IF(AI25="",$T25,AVERAGEIFS((AO25:AQ25),(AO25:AQ25),">"&AI25,(AO25:AQ25),"<"&AJ25)),"N/A") -> 227070 | AY25: =IFERROR(IF(AK25="",$Y25,AVERAGEIFS((AR25:AT25),(AR25:AT25),">"&AK25,(AR25:AT25),"<"&AL25)),"N/A") -> 421165 | AZ25: =IFERROR(IF(AM25="",$AD25,AVERAGEIFS((AU25:AW25),(AU25:AW25),">"&AM25,(AU25:AW25),"<"&AN25)),"N/A") -> 413693 | BA25: {=IF(AI25="",X25,IF(1-(_xlfn.STDEV.S(IF(AO25:AQ25>AI25,IF(AO25:AQ25<AJ25,AO25:AQ25)))/AX25)>70%,"ALTO","BAJO"))} -> ALTO | BB25: {=IF(AK25="",AC25,IF(1-(_xlfn.STDEV.S(IF(AR25:AT25>AK25,IF(AR25:AT25<AL25,AR25:AT25)))/AY25)>70%,"ALTO","BAJO"))} -> ALTO | BC25: {=IF(AM25="",AH25,IF(1-(_xlfn.STDEV.S(IF(AU25:AW25>AM25,IF(AU25:AW25<AN25,AU25:AW25)))/AZ25)>70%,"ALTO","BAJO"))} -> ALTO | BD25: =AX25 -> 227070 | BF25: =AY25 -> 421165 | BG25: =AZ25 -> 413693
A26: =A25+1 -> 21 | B26: CAMBIO BOMBA FRENO DELANTERO CON DEPOSITO | C26: ud | D26: 1 | E26: 195000 | F26: 204750 | G26: =IFERROR(VLOOKUP(HONDA!B26,'SDM-COT-097-2026'!$B$6:$E$203,4,FALSE),"N/A") -> 135126.24 | I26: =I25+1 -> 21 | J26: BOMBA FRENO DELANTERO CON DEPOSITO | K26: ud. | L26: 1 | M26: 1284732.8 | N26: 1348969 | O26: =IFERROR(VLOOKUP($J26,'SDM-COT-097-2026'!$H$6:$M$203,6,FALSE),"N/A") -> 806770.97 | R26: =IFERROR(VLOOKUP($J26,'SDM-COT-097-2026'!$H$6:$N$203,7,FALSE),"N/A") -> N/A | T26: =IFERROR(ROUND(AVERAGE($E26,$F26,G26),0),"N/A") -> 178292 | U26: =IFERROR(ROUND(STDEVP($E26,$F26,G26),0),"N/A") -> 30781 | V26: =IFERROR(ROUND((U26/T26)*100,0),"N/A") -> 17 | W26: =IFERROR(ROUND(100-V26,0),"N/A") -> 83 | X26: =IF(W26>75,"ALTO","BAJO") -> ALTO | Y26: =IFERROR(ROUND(AVERAGE($M26,$N26,O26),0),"N/A") -> 1146824 | Z26: =IFERROR(ROUND(STDEVP($M26,$N26,R26),0),"N/A") -> 32118 | AA26: =IFERROR(ROUND((Z26/Y26)*100,0),"N/A") -> 3 | AB26: =IFERROR(ROUND(100-AA26,0),"N/A") -> 97 | AC26: =IF(AB26>75,"ALTO","BAJO") -> ALTO | AD26: =IFERROR(ROUND(AVERAGE($P26,$Q26,R26),0),"N/A") -> N/A | AE26: =IFERROR(ROUND(STDEVP($P26,$Q26,R26),0),"N/A") -> N/A | AF26: =IFERROR(ROUND((AE26/AD26)*100,0),"N/A") -> N/A | AG26: =IFERROR(ROUND(100-AF26,0),"N/A") -> N/A | AH26: =IF(AG26>75,"ALTO","BAJO") -> ALTO | AI26: =IFERROR(IF(X26="BAJO",(T26-_xlfn.STDEV.S($E26,$F26,$G26)),""),"N/A") | AJ26: =IFERROR(IF(X26="BAJO",(T26+_xlfn.STDEV.S($E26,$F26,$G26)),""),"N/A") | AK26: =IFERROR(IF(AC26="BAJO",(Y26-_xlfn.STDEV.S($M26,$N26,$O26)),""),"N/A") | AL26: =IFERROR(IF(AC26="BAJO",(Y26+_xlfn.STDEV.S($M26,$N26,$O26)),""),"N/A") | AM26: =IFERROR(IF(AH26="BAJO",(AD26-_xlfn.STDEV.S($P26,$Q26,$R26)),""),"N/A") | AN26: =IFERROR(IF(AH26="BAJO",(AD26+_xlfn.STDEV.S($P26,$Q26,$R26)),""),"N/A") | AO26: =E26 -> 195000 | AP26: =F26 -> 204750 | AQ26: =G26 -> 135126.24 | AR26: =M26 -> 1284732.8 | AS26: =N26 -> 1348969 | AT26: =O26 -> 806770.97 | AU26: =P26 | AV26: =Q26 | AW26: =R26 -> N/A | AX26: =IFERROR(IF(AI26="",$T26,AVERAGEIFS((AO26:AQ26),(AO26:AQ26),">"&AI26,(AO26:AQ26),"<"&AJ26)),"N/A") -> 178292 | AY26: =IFERROR(IF(AK26="",$Y26,AVERAGEIFS((AR26:AT26),(AR26:AT26),">"&AK26,(AR26:AT26),"<"&AL26)),"N/A") -> 1146824 | AZ26: =IFERROR(IF(AM26="",$AD26,AVERAGEIFS((AU26:AW26),(AU26:AW26),">"&AM26,(AU26:AW26),"<"&AN26)),"N/A") -> N/A | BA26: {=IF(AI26="",X26,IF(1-(_xlfn.STDEV.S(IF(AO26:AQ26>AI26,IF(AO26:AQ26<AJ26,AO26:AQ26)))/AX26)>70%,"ALTO","BAJO"))} -> ALTO | BB26: {=IF(AK26="",AC26,IF(1-(_xlfn.STDEV.S(IF(AR26:AT26>AK26,IF(AR26:AT26<AL26,AR26:AT26)))/AY26)>70%,"ALTO","BAJO"))} -> ALTO | BC26: {=IF(AM26="",AH26,IF(1-(_xlfn.STDEV.S(IF(AU26:AW26>AM26,IF(AU26:AW26<AN26,AU26:AW26)))/AZ26)>70%,"ALTO","BAJO"))} -> ALTO | BD26: =AX26 -> 178292 | BF26: =AY26 -> 1146824 | BG26: =AZ26 -> N/A
A27: =A26+1 -> 22 | B27: CAMBIO BOMBA FRENO TRASERO CON DEPOSITO | C27: ud | D27: 1 | E27: 195000 | F27: 204750 | G27: =IFERROR(VLOOKUP(HONDA!B27,'SDM-COT-097-2026'!$B$6:$E$203,4,FALSE),"N/A") -> N/A | I27: =I26+1 -> 22 | J27: BOMBA FRENO TRASERO CON DEPOSITO | K27: ud. | L27: 1 | M27: 655925.4 | N27: 688722 | O27: =IFERROR(VLOOKUP($J27,'SDM-COT-097-2026'!$H$6:$M$203,6,FALSE),"N/A") -> 494618.73 | P27: 502723 | Q27: 527859 | R27: =IFERROR(VLOOKUP($J27,'SDM-COT-097-2026'!$H$6:$N$203,7,FALSE),"N/A") -> 473113.56 | T27: =IFERROR(ROUND(AVERAGE($E27,$F27,G27),0),"N/A") -> 199875 | U27: =IFERROR(ROUND(STDEVP($E27,$F27,G27),0),"N/A") -> 4875 | V27: =IFERROR(ROUND((U27/T27)*100,0),"N/A") -> 2 | W27: =IFERROR(ROUND(100-V27,0),"N/A") -> 98 | X27: =IF(W27>75,"ALTO","BAJO") -> ALTO | Y27: =IFERROR(ROUND(AVERAGE($M27,$N27,O27),0),"N/A") -> 613089 | Z27: =IFERROR(ROUND(STDEVP($M27,$N27,R27),0),"N/A") -> 94858 | AA27: =IFERROR(ROUND((Z27/Y27)*100,0),"N/A") -> 15 | AB27: =IFERROR(ROUND(100-AA27,0),"N/A") -> 85 | AC27: =IF(AB27>75,"ALTO","BAJO") -> ALTO | AD27: =IFERROR(ROUND(AVERAGE($P27,$Q27,R27),0),"N/A") -> 501232 | AE27: =IFERROR(ROUND(STDEVP($P27,$Q27,R27),0),"N/A") -> 22375 | AF27: =IFERROR(ROUND((AE27/AD27)*100,0),"N/A") -> 4 | AG27: =IFERROR(ROUND(100-AF27,0),"N/A") -> 96 | AH27: =IF(AG27>75,"ALTO","BAJO") -> ALTO | AI27: =IFERROR(IF(X27="BAJO",(T27-_xlfn.STDEV.S($E27,$F27,$G27)),""),"N/A") | AJ27: =IFERROR(IF(X27="BAJO",(T27+_xlfn.STDEV.S($E27,$F27,$G27)),""),"N/A") | AK27: =IFERROR(IF(AC27="BAJO",(Y27-_xlfn.STDEV.S($M27,$N27,$O27)),""),"N/A") | AL27: =IFERROR(IF(AC27="BAJO",(Y27+_xlfn.STDEV.S($M27,$N27,$O27)),""),"N/A") | AM27: =IFERROR(IF(AH27="BAJO",(AD27-_xlfn.STDEV.S($P27,$Q27,$R27)),""),"N/A") | AN27: =IFERROR(IF(AH27="BAJO",(AD27+_xlfn.STDEV.S($P27,$Q27,$R27)),""),"N/A") | AO27: =E27 -> 195000 | AP27: =F27 -> 204750 | AQ27: =G27 -> N/A | AR27: =M27 -> 655925.4 | AS27: =N27 -> 688722 | AT27: =O27 -> 494618.73 | AU27: =P27 -> 502723 | AV27: =Q27 -> 527859 | AW27: =R27 -> 473113.56 | AX27: =IFERROR(IF(AI27="",$T27,AVERAGEIFS((AO27:AQ27),(AO27:AQ27),">"&AI27,(AO27:AQ27),"<"&AJ27)),"N/A") -> 199875 | AY27: =IFERROR(IF(AK27="",$Y27,AVERAGEIFS((AR27:AT27),(AR27:AT27),">"&AK27,(AR27:AT27),"<"&AL27)),"N/A") -> 613089 | AZ27: =IFERROR(IF(AM27="",$AD27,AVERAGEIFS((AU27:AW27),(AU27:AW27),">"&AM27,(AU27:AW27),"<"&AN27)),"N/A") -> 501232 | BA27: {=IF(AI27="",X27,IF(1-(_xlfn.STDEV.S(IF(AO27:AQ27>AI27,IF(AO27:AQ27<AJ27,AO27:AQ27)))/AX27)>70%,"ALTO","BAJO"))} -> ALTO | BB27: {=IF(AK27="",AC27,IF(1-(_xlfn.STDEV.S(IF(AR27:AT27>AK27,IF(AR27:AT27<AL27,AR27:AT27)))/AY27)>70%,"ALTO","BAJO"))} -> ALTO | BC27: {=IF(AM27="",AH27,IF(1-(_xlfn.STDEV.S(IF(AU27:AW27>AM27,IF(AU27:AW27<AN27,AU27:AW27)))/AZ27)>70%,"ALTO","BAJO"))} -> ALTO | BD27: =AX27 -> 199875 | BF27: =AY27 -> 613089 | BG27: =AZ27 -> 501232
A28: =A27+1 -> 23 | B28: CAMBIO BOMBA HIDRAULICA EMBRAGUE | C28: ud | D28: 1 | G28: =IFERROR(VLOOKUP(HONDA!B28,'SDM-COT-097-2026'!$B$6:$E$203,4,FALSE),"N/A") -> N/A | I28: =I27+1 -> 23 | J28: BOMBA HIDRAULICA EMBRAGUE | K28: ud. | L28: 1 | O28: =IFERROR(VLOOKUP($J28,'SDM-COT-097-2026'!$H$6:$M$203,6,FALSE),"N/A") -> N/A | R28: =IFERROR(VLOOKUP($J28,'SDM-COT-097-2026'!$H$6:$N$203,7,FALSE),"N/A") -> N/A | T28: =IFERROR(ROUND(AVERAGE($E28,$F28,G28),0),"N/A") -> N/A | U28: =IFERROR(ROUND(STDEVP($E28,$F28,G28),0),"N/A") -> N/A | V28: =IFERROR(ROUND((U28/T28)*100,0),"N/A") -> N/A | W28: =IFERROR(ROUND(100-V28,0),"N/A") -> N/A | X28: =IF(W28>75,"ALTO","BAJO") -> ALTO | Y28: =IFERROR(ROUND(AVERAGE($M28,$N28,O28),0),"N/A") -> N/A | Z28: =IFERROR(ROUND(STDEVP($M28,$N28,R28),0),"N/A") -> N/A | AA28: =IFERROR(ROUND((Z28/Y28)*100,0),"N/A") -> N/A | AB28: =IFERROR(ROUND(100-AA28,0),"N/A") -> N/A | AC28: =IF(AB28>75,"ALTO","BAJO") -> ALTO | AD28: =IFERROR(ROUND(AVERAGE($P28,$Q28,R28),0),"N/A") -> N/A | AE28: =IFERROR(ROUND(STDEVP($P28,$Q28,R28),0),"N/A") -> N/A | AF28: =IFERROR(ROUND((AE28/AD28)*100,0),"N/A") -> N/A | AG28: =IFERROR(ROUND(100-AF28,0),"N/A") -> N/A | AH28: =IF(AG28>75,"ALTO","BAJO") -> ALTO | AI28: =IFERROR(IF(X28="BAJO",(T28-_xlfn.STDEV.S($E28,$F28,$G28)),""),"N/A") | AJ28: =IFERROR(IF(X28="BAJO",(T28+_xlfn.STDEV.S($E28,$F28,$G28)),""),"N/A") | AK28: =IFERROR(IF(AC28="BAJO",(Y28-_xlfn.STDEV.S($M28,$N28,$O28)),""),"N/A") | AL28: =IFERROR(IF(AC28="BAJO",(Y28+_xlfn.STDEV.S($M28,$N28,$O28)),""),"N/A") | AM28: =IFERROR(IF(AH28="BAJO",(AD28-_xlfn.STDEV.S($P28,$Q28,$R28)),""),"N/A") | AN28: =IFERROR(IF(AH28="BAJO",(AD28+_xlfn.STDEV.S($P28,$Q28,$R28)),""),"N/A") | AO28: =E28 | AP28: =F28 | AQ28: =G28 -> N/A | AR28: =M28 | AS28: =N28 | AT28: =O28 -> N/A | AU28: =P28 | AV28: =Q28 | AW28: =R28 -> N/A | AX28: =IFERROR(IF(AI28="",$T28,AVERAGEIFS((AO28:AQ28),(AO28:AQ28),">"&AI28,(AO28:AQ28),"<"&AJ28)),"N/A") -> N/A | AY28: =IFERROR(IF(AK28="",$Y28,AVERAGEIFS((AR28:AT28),(AR28:AT28),">"&AK28,(AR28:AT28),"<"&AL28)),"N/A") -> N/A | AZ28: =IFERROR(IF(AM28="",$AD28,AVERAGEIFS((AU28:AW28),(AU28:AW28),">"&AM28,(AU28:AW28),"<"&AN28)),"N/A") -> N/A | BA28: {=IF(AI28="",X28,IF(1-(_xlfn.STDEV.S(IF(AO28:AQ28>AI28,IF(AO28:AQ28<AJ28,AO28:AQ28)))/AX28)>70%,"ALTO","BAJO"))} -> ALTO | BB28: {=IF(AK28="",AC28,IF(1-(_xlfn.STDEV.S(IF(AR28:AT28>AK28,IF(AR28:AT28<AL28,AR28:AT28)))/AY28)>70%,"ALTO","BAJO"))} -> ALTO | BC28: {=IF(AM28="",AH28,IF(1-(_xlfn.STDEV.S(IF(AU28:AW28>AM28,IF(AU28:AW28<AN28,AU28:AW28)))/AZ28)>70%,"ALTO","BAJO"))} -> ALTO | BD28: =AX28 -> N/A | BF28: =AY28 -> N/A | BG28: =AZ28 -> N/A
A29: =A28+1 -> 24 | B29: CAMBIO BOMBILLO DIRECCIONAL | C29: ud | D29: 1 | E29: 58500 | F29: 61425 | G29: =IFERROR(VLOOKUP(HONDA!B29,'SDM-COT-097-2026'!$B$6:$E$203,4,FALSE),"N/A") -> 21233.352 | I29: =I28+1 -> 24 | J29: BOMBILLO DIRECCIONAL | K29: ud. | L29: 1 | O29: =IFERROR(VLOOKUP($J29,'SDM-COT-097-2026'!$H$6:$M$203,6,FALSE),"N/A") -> N/A | P29: 5889 | Q29: 6183 | R29: =IFERROR(VLOOKUP($J29,'SDM-COT-097-2026'!$H$6:$N$203,7,FALSE),"N/A") -> 77168.146 | T29: =IFERROR(ROUND(AVERAGE($E29,$F29,G29),0),"N/A") -> 47053 | U29: =IFERROR(ROUND(STDEVP($E29,$F29,G29),0),"N/A") -> 18296 | V29: =IFERROR(ROUND((U29/T29)*100,0),"N/A") -> 39 | W29: =IFERROR(ROUND(100-V29,0),"N/A") -> 61 | X29: =IF(W29>75,"ALTO","BAJO") -> BAJO | Y29: =IFERROR(ROUND(AVERAGE($M29,$N29,O29),0),"N/A") -> N/A | Z29: =IFERROR(ROUND(STDEVP($M29,$N29,R29),0),"N/A") -> 0 | AA29: =IFERROR(ROUND((Z29/Y29)*100,0),"N/A") -> N/A | AB29: =IFERROR(ROUND(100-AA29,0),"N/A") -> N/A | AC29: =IF(AB29>75,"ALTO","BAJO") -> ALTO | AD29: =IFERROR(ROUND(AVERAGE($P29,$Q29,R29),0),"N/A") -> 29747 | AE29: =IFERROR(ROUND(STDEVP($P29,$Q29,R29),0),"N/A") -> 33532 | AF29: =IFERROR(ROUND((AE29/AD29)*100,0),"N/A") -> 113 | AG29: =IFERROR(ROUND(100-AF29,0),"N/A") -> -13 | AH29: =IF(AG29>75,"ALTO","BAJO") -> BAJO | AI29: =IFERROR(MIN($E29,$F29,$G29),"N/A") -> 21233.352 | AJ29: =IFERROR(IF(X29="BAJO",(T29+_xlfn.STDEV.S($E29,$F29,$G29)),""),"N/A") -> 69461.061 | AK29: =IFERROR(IF(AC29="BAJO",(Y29-_xlfn.STDEV.S($M29,$N29,$O29)),""),"N/A") | AL29: =IFERROR(IF(AC29="BAJO",(Y29+_xlfn.STDEV.S($M29,$N29,$O29)),""),"N/A") | AM29: =IFERROR(IF(AH29="BAJO",(AD29-_xlfn.STDEV.S($P29,$Q29,$R29)),""),"N/A") -> -11321.427 | AN29: =IFERROR(IF(AH29="BAJO",(AD29+_xlfn.STDEV.S($P29,$Q29,$R29)),""),"N/A") -> 70815.427 | AO29: =E29 -> 58500 | AP29: =F29 -> 61425 | AQ29: =G29 -> 21233.352 | AR29: =M29 | AS29: =N29 | AT29: =O29 -> N/A | AU29: =P29 -> 5889 | AV29: =Q29 -> 6183 | AW29: =R29 -> 77168.146 | AX29: =IFERROR(IF(AI29="",$T29,AVERAGEIFS((AO29:AQ29),(AO29:AQ29),">"&AI29,(AO29:AQ29),"<"&AJ29)),"N/A") -> 59962.5 | AY29: =IFERROR(IF(AK29="",$Y29,AVERAGEIFS((AR29:AT29),(AR29:AT29),">"&AK29,(AR29:AT29),"<"&AL29)),"N/A") -> N/A | AZ29: =IFERROR(IF(AM29="",$AD29,AVERAGEIFS((AU29:AW29),(AU29:AW29),">"&AM29,(AU29:AW29),"<"&AN29)),"N/A") -> 6036 | BA29: {=IF(AI29="",X29,IF(1-(_xlfn.STDEV.S(IF(AO29:AQ29>AI29,IF(AO29:AQ29<AJ29,AO29:AQ29)))/AX29)>70%,"ALTO","BAJO"))} -> ALTO | BB29: {=IF(AK29="",AC29,IF(1-(_xlfn.STDEV.S(IF(AR29:AT29>AK29,IF(AR29:AT29<AL29,AR29:AT29)))/AY29)>70%,"ALTO","BAJO"))} -> ALTO | BC29: {=IF(AM29="",AH29,IF(1-(_xlfn.STDEV.S(IF(AU29:AW29>AM29,IF(AU29:AW29<AN29,AU29:AW29)))/AZ29)>70%,"ALTO","BAJO"))} -> ALTO | BD29: =AX29 -> 59962.5 | BF29: =AY29 -> N/A | BG29: =AZ29 -> 6036
A30: =A29+1 -> 25 | B30: CAMBIO BOMBILLO FAROLA | C30: ud | D30: 1 | E30: 78000 | F30: 81900 | G30: =IFERROR(VLOOKUP(HONDA!B30,'SDM-COT-097-2026'!$B$6:$E$203,4,FALSE),"N/A") -> 48258.918 | I30: =I29+1 -> 25 | J30: BOMBILLO FAROLA | K30: ud. | L30: 1 | O30: =IFERROR(VLOOKUP($J30,'SDM-COT-097-2026'!$H$6:$M$203,6,FALSE),"N/A") -> N/A | P30: 37297 | Q30: 39162 | R30: =IFERROR(VLOOKUP($J30,'SDM-COT-097-2026'!$H$6:$N$203,7,FALSE),"N/A") -> 122603.11 | T30: =IFERROR(ROUND(AVERAGE($E30,$F30,G30),0),"N/A") -> 69386 | U30: =IFERROR(ROUND(STDEVP($E30,$F30,G30),0),"N/A") -> 15024 | V30: =IFERROR(ROUND((U30/T30)*100,0),"N/A") -> 22 | W30: =IFERROR(ROUND(100-V30,0),"N/A") -> 78 | X30: =IF(W30>75,"ALTO","BAJO") -> ALTO | Y30: =IFERROR(ROUND(AVERAGE($M30,$N30,O30),0),"N/A") -> N/A | Z30: =IFERROR(ROUND(STDEVP($M30,$N30,R30),0),"N/A") -> 0 | AA30: =IFERROR(ROUND((Z30/Y30)*100,0),"N/A") -> N/A | AB30: =IFERROR(ROUND(100-AA30,0),"N/A") -> N/A | AC30: =IF(AB30>75,"ALTO","BAJO") -> ALTO | AD30: =IFERROR(ROUND(AVERAGE($P30,$Q30,R30),0),"N/A") -> 66354 | AE30: =IFERROR(ROUND(STDEVP($P30,$Q30,R30),0),"N/A") -> 39781 | AF30: =IFERROR(ROUND((AE30/AD30)*100,0),"N/A") -> 60 | AG30: =IFERROR(ROUND(100-AF30,0),"N/A") -> 40 | AH30: =IF(AG30>75,"ALTO","BAJO") -> BAJO | AI30: =IFERROR(IF(X30="BAJO",(T30-_xlfn.STDEV.S($E30,$F30,$G30)),""),"N/A") | AJ30: =IFERROR(IF(X30="BAJO",(T30+_xlfn.STDEV.S($E30,$F30,$G30)),""),"N/A") | AK30: =IFERROR(IF(AC30="BAJO",(Y30-_xlfn.STDEV.S($M30,$N30,$O30)),""),"N/A") | AL30: =IFERROR(IF(AC30="BAJO",(Y30+_xlfn.STDEV.S($M30,$N30,$O30)),""),"N/A") | AM30: =IFERROR(IF(AH30="BAJO",(AD30-_xlfn.STDEV.S($P30,$Q30,$R30)),""),"N/A") -> 17631.951 | AN30: =IFERROR(IF(AH30="BAJO",(AD30+_xlfn.STDEV.S($P30,$Q30,$R30)),""),"N/A") -> 115076.05 | AO30: =E30 -> 78000 | AP30: =F30 -> 81900 | AQ30: =G30 -> 48258.918 | AR30: =M30 | AS30: =N30 | AT30: =O30 -> N/A | AU30: =P30 -> 37297 | AV30: =Q30 -> 39162 | AW30: =R30 -> 122603.11 | AX30: =IFERROR(IF(AI30="",$T30,AVERAGEIFS((AO30:AQ30),(AO30:AQ30),">"&AI30,(AO30:AQ30),"<"&AJ30)),"N/A") -> 69386 | AY30: =IFERROR(IF(AK30="",$Y30,AVERAGEIFS((AR30:AT30),(AR30:AT30),">"&AK30,(AR30:AT30),"<"&AL30)),"N/A") -> N/A | AZ30: =IFERROR(IF(AM30="",$AD30,AVERAGEIFS((AU30:AW30),(AU30:AW30),">"&AM30,(AU30:AW30),"<"&AN30)),"N/A") -> 38229.5 | BA30: {=IF(AI30="",X30,IF(1-(_xlfn.STDEV.S(IF(AO30:AQ30>AI30,IF(AO30:AQ30<AJ30,AO30:AQ30)))/AX30)>70%,"ALTO","BAJO"))} -> ALTO | BB30: {=IF(AK30="",AC30,IF(1-(_xlfn.STDEV.S(IF(AR30:AT30>AK30,IF(AR30:AT30<AL30,AR30:AT30)))/AY30)>70%,"ALTO","BAJO"))} -> ALTO | BC30: {=IF(AM30="",AH30,IF(1-(_xlfn.STDEV.S(IF(AU30:AW30>AM30,IF(AU30:AW30<AN30,AU30:AW30)))/AZ30)>70%,"ALTO","BAJO"))} -> ALTO | BD30: =AX30 -> 69386 | BF30: =AY30 -> N/A | BG30: =AZ30 -> 38229.5
A31: =A30+1 -> 26 | B31: CAMBIO BOMBILLO PILOTO | C31: ud | D31: 1 | G31: =IFERROR(VLOOKUP(HONDA!B31,'SDM-COT-097-2026'!$B$6:$E$203,4,FALSE),"N/A") -> N/A | I31: =I30+1 -> 26 | J31: BOMBILLO PILOTO | K31: ud. | L31: 1 | O31: =IFERROR(VLOOKUP($J31,'SDM-COT-097-2026'!$H$6:$M$203,6,FALSE),"N/A") -> N/A | R31: =IFERROR(VLOOKUP($J31,'SDM-COT-097-2026'!$H$6:$N$203,7,FALSE),"N/A") -> N/A | T31: =IFERROR(ROUND(AVERAGE($E31,$F31,G31),0),"N/A") -> N/A | U31: =IFERROR(ROUND(STDEVP($E31,$F31,G31),0),"N/A") -> N/A | V31: =IFERROR(ROUND((U31/T31)*100,0),"N/A") -> N/A | W31: =IFERROR(ROUND(100-V31,0),"N/A") -> N/A | X31: =IF(W31>75,"ALTO","BAJO") -> ALTO | Y31: =IFERROR(ROUND(AVERAGE($M31,$N31,O31),0),"N/A") -> N/A | Z31: =IFERROR(ROUND(STDEVP($M31,$N31,R31),0),"N/A") -> N/A | AA31: =IFERROR(ROUND((Z31/Y31)*100,0),"N/A") -> N/A | AB31: =IFERROR(ROUND(100-AA31,0),"N/A") -> N/A | AC31: =IF(AB31>75,"ALTO","BAJO") -> ALTO | AD31: =IFERROR(ROUND(AVERAGE($P31,$Q31,R31),0),"N/A") -> N/A | AE31: =IFERROR(ROUND(STDEVP($P31,$Q31,R31),0),"N/A") -> N/A | AF31: =IFERROR(ROUND((AE31/AD31)*100,0),"N/A") -> N/A | AG31: =IFERROR(ROUND(100-AF31,0),"N/A") -> N/A | AH31: =IF(AG31>75,"ALTO","BAJO") -> ALTO | AI31: =IFERROR(IF(X31="BAJO",(T31-_xlfn.STDEV.S($E31,$F31,$G31)),""),"N/A") | AJ31: =IFERROR(IF(X31="BAJO",(T31+_xlfn.STDEV.S($E31,$F31,$G31)),""),"N/A") | AK31: =IFERROR(IF(AC31="BAJO",(Y31-_xlfn.STDEV.S($M31,$N31,$O31)),""),"N/A") | AL31: =IFERROR(IF(AC31="BAJO",(Y31+_xlfn.STDEV.S($M31,$N31,$O31)),""),"N/A") | AM31: =IFERROR(IF(AH31="BAJO",(AD31-_xlfn.STDEV.S($P31,$Q31,$R31)),""),"N/A") | AN31: =IFERROR(IF(AH31="BAJO",(AD31+_xlfn.STDEV.S($P31,$Q31,$R31)),""),"N/A") | AO31: =E31 | AP31: =F31 | AQ31: =G31 -> N/A | AR31: =M31 | AS31: =N31 | AT31: =O31 -> N/A | AU31: =P31 | AV31: =Q31 | AW31: =R31 -> N/A | AX31: =IFERROR(IF(AI31="",$T31,AVERAGEIFS((AO31:AQ31),(AO31:AQ31),">"&AI31,(AO31:AQ31),"<"&AJ31)),"N/A") -> N/A | AY31: =IFERROR(IF(AK31="",$Y31,AVERAGEIFS((AR31:AT31),(AR31:AT31),">"&AK31,(AR31:AT31),"<"&AL31)),"N/A") -> N/A | AZ31: =IFERROR(IF(AM31="",$AD31,AVERAGEIFS((AU31:AW31),(AU31:AW31),">"&AM31,(AU31:AW31),"<"&AN31)),"N/A") -> N/A | BA31: {=IF(AI31="",X31,IF(1-(_xlfn.STDEV.S(IF(AO31:AQ31>AI31,IF(AO31:AQ31<AJ31,AO31:AQ31)))/AX31)>70%,"ALTO","BAJO"))} -> ALTO | BB31: {=IF(AK31="",AC31,IF(1-(_xlfn.STDEV.S(IF(AR31:AT31>AK31,IF(AR31:AT31<AL31,AR31:AT31)))/AY31)>70%,"ALTO","BAJO"))} -> ALTO | BC31: {=IF(AM31="",AH31,IF(1-(_xlfn.STDEV.S(IF(AU31:AW31>AM31,IF(AU31:AW31<AN31,AU31:AW31)))/AZ31)>70%,"ALTO","BAJO"))} -> ALTO | BD31: =AX31 -> N/A | BF31: =AY31 -> N/A | BG31: =AZ31 -> N/A
A32: =A31+1 -> 27 | B32: CAMBIO BOMBILLO PORTA PLACA | C32: ud | D32: 1 | G32: =IFERROR(VLOOKUP(HONDA!B32,'SDM-COT-097-2026'!$B$6:$E$203,4,FALSE),"N/A") -> 38606.814 | I32: =I31+1 -> 27 | J32: BOMBILLO PORTA PLACA | K32: ud. | L32: 1 | M32: 8836.1 | N32: 9278 | O32: =IFERROR(VLOOKUP($J32,'SDM-COT-097-2026'!$H$6:$M$203,6,FALSE),"N/A") -> 31127.142 | R32: =IFERROR(VLOOKUP($J32,'SDM-COT-097-2026'!$H$6:$N$203,7,FALSE),"N/A") -> N/A | T32: =IFERROR(ROUND(AVERAGE($E32,$F32,G32),0),"N/A") -> 38607 | U32: =IFERROR(ROUND(STDEVP($E32,$F32,G32),0),"N/A") -> 0 | V32: =IFERROR(ROUND((U32/T32)*100,0),"N/A") -> 0 | W32: =IFERROR(ROUND(100-V32,0),"N/A") -> 100 | X32: =IF(W32>75,"ALTO","BAJO") -> ALTO | Y32: =IFERROR(ROUND(AVERAGE($M32,$N32,O32),0),"N/A") -> 16414 | Z32: =IFERROR(ROUND(STDEVP($M32,$N32,R32),0),"N/A") -> 221 | AA32: =IFERROR(ROUND((Z32/Y32)*100,0),"N/A") -> 1 | AB32: =IFERROR(ROUND(100-AA32,0),"N/A") -> 99 | AC32: =IF(AB32>75,"ALTO","BAJO") -> ALTO | AD32: =IFERROR(ROUND(AVERAGE($P32,$Q32,R32),0),"N/A") -> N/A | AE32: =IFERROR(ROUND(STDEVP($P32,$Q32,R32),0),"N/A") -> N/A | AF32: =IFERROR(ROUND((AE32/AD32)*100,0),"N/A") -> N/A | AG32: =IFERROR(ROUND(100-AF32,0),"N/A") -> N/A | AH32: =IF(AG32>75,"ALTO","BAJO") -> ALTO | AI32: =IFERROR(IF(X32="BAJO",(T32-_xlfn.STDEV.S($E32,$F32,$G32)),""),"N/A") | AJ32: =IFERROR(IF(X32="BAJO",(T32+_xlfn.STDEV.S($E32,$F32,$G32)),""),"N/A") | AK32: =IFERROR(IF(AC32="BAJO",(Y32-_xlfn.STDEV.S($M32,$N32,$O32)),""),"N/A") | AL32: =IFERROR(IF(AC32="BAJO",(Y32+_xlfn.STDEV.S($M32,$N32,$O32)),""),"N/A") | AM32: =IFERROR(IF(AH32="BAJO",(AD32-_xlfn.STDEV.S($P32,$Q32,$R32)),""),"N/A") | AN32: =IFERROR(IF(AH32="BAJO",(AD32+_xlfn.STDEV.S($P32,$Q32,$R32)),""),"N/A") | AO32: =E32 | AP32: =F32 | AQ32: =G32 -> 38606.814 | AR32: =M32 -> 8836.1 | AS32: =N32 -> 9278 | AT32: =O32 -> 31127.142 | AU32: =P32 | AV32: =Q32 | AW32: =R32 -> N/A | AX32: =IFERROR(IF(AI32="",$T32,AVERAGEIFS((AO32:AQ32),(AO32:AQ32),">"&AI32,(AO32:AQ32),"<"&AJ32)),"N/A") -> 38607 | AY32: =IFERROR(IF(AK32="",$Y32,AVERAGEIFS((AR32:AT32),(AR32:AT32),">"&AK32,(AR32:AT32),"<"&AL32)),"N/A") -> 16414 | AZ32: =IFERROR(IF(AM32="",$AD32,AVERAGEIFS((AU32:AW32),(AU32:AW32),">"&AM32,(AU32:AW32),"<"&AN32)),"N/A") -> N/A | BA32: {=IF(AI32="",X32,IF(1-(_xlfn.STDEV.S(IF(AO32:AQ32>AI32,IF(AO32:AQ32<AJ32,AO32:AQ32)))/AX32)>70%,"ALTO","BAJO"))} -> ALTO | BB32: {=IF(AK32="",AC32,IF(1-(_xlfn.STDEV.S(IF(AR32:AT32>AK32,IF(AR32:AT32<AL32,AR32:AT32)))/AY32)>70%,"ALTO","BAJO"))} -> ALTO | BC32: {=IF(AM32="",AH32,IF(1-(_xlfn.STDEV.S(IF(AU32:AW32>AM32,IF(AU32:AW32<AN32,AU32:AW32)))/AZ32)>70%,"ALTO","BAJO"))} -> ALTO | BD32: =AX32 -> 38607 | BF32: =AY32 -> 16414 | BG32: =AZ32 -> N/A
A33: =A32+1 -> 28 | B33: CAMBIO BOMBILLO STOP | C33: ud | D33: 1 | G33: =IFERROR(VLOOKUP(HONDA!B33,'SDM-COT-097-2026'!$B$6:$E$203,4,FALSE),"N/A") -> 38606.814 | I33: =I32+1 -> 28 | J33: BOMBILLO STOP | K33: ud. | L33: 1 | O33: =IFERROR(VLOOKUP($J33,'SDM-COT-097-2026'!$H$6:$M$203,6,FALSE),"N/A") -> N/A | P33: 13325 | Q33: 13991 | R33: =IFERROR(VLOOKUP($J33,'SDM-COT-097-2026'!$H$6:$N$203,7,FALSE),"N/A") -> 19323.722 | T33: =IFERROR(ROUND(AVERAGE($E33,$F33,G33),0),"N/A") -> 38607 | U33: =IFERROR(ROUND(STDEVP($E33,$F33,G33),0),"N/A") -> 0 | V33: =IFERROR(ROUND((U33/T33)*100,0),"N/A") -> 0 | W33: =IFERROR(ROUND(100-V33,0),"N/A") -> 100 | X33: =IF(W33>75,"ALTO","BAJO") -> ALTO | Y33: =IFERROR(ROUND(AVERAGE($M33,$N33,O33),0),"N/A") -> N/A | Z33: =IFERROR(ROUND(STDEVP($M33,$N33,R33),0),"N/A") -> 0 | AA33: =IFERROR(ROUND((Z33/Y33)*100,0),"N/A") -> N/A | AB33: =IFERROR(ROUND(100-AA33,0),"N/A") -> N/A | AC33: =IF(AB33>75,"ALTO","BAJO") -> ALTO | AD33: =IFERROR(ROUND(AVERAGE($P33,$Q33,R33),0),"N/A") -> 15547 | AE33: =IFERROR(ROUND(STDEVP($P33,$Q33,R33),0),"N/A") -> 2685 | AF33: =IFERROR(ROUND((AE33/AD33)*100,0),"N/A") -> 17 | AG33: =IFERROR(ROUND(100-AF33,0),"N/A") -> 83 | AH33: =IF(AG33>75,"ALTO","BAJO") -> ALTO | AI33: =IFERROR(IF(X33="BAJO",(T33-_xlfn.STDEV.S($E33,$F33,$G33)),""),"N/A") | AJ33: =IFERROR(IF(X33="BAJO",(T33+_xlfn.STDEV.S($E33,$F33,$G33)),""),"N/A") | AK33: =IFERROR(IF(AC33="BAJO",(Y33-_xlfn.STDEV.S($M33,$N33,$O33)),""),"N/A") | AL33: =IFERROR(IF(AC33="BAJO",(Y33+_xlfn.STDEV.S($M33,$N33,$O33)),""),"N/A") | AM33: =IFERROR(IF(AH33="BAJO",(AD33-_xlfn.STDEV.S($P33,$Q33,$R33)),""),"N/A") | AN33: =IFERROR(IF(AH33="BAJO",(AD33+_xlfn.STDEV.S($P33,$Q33,$R33)),""),"N/A") | AO33: =E33 | AP33: =F33 | AQ33: =G33 -> 38606.814 | AR33: =M33 | AS33: =N33 | AT33: =O33 -> N/A | AU33: =P33 -> 13325 | AV33: =Q33 -> 13991 | AW33: =R33 -> 19323.722 | AX33: =IFERROR(IF(AI33="",$T33,AVERAGEIFS((AO33:AQ33),(AO33:AQ33),">"&AI33,(AO33:AQ33),"<"&AJ33)),"N/A") -> 38607 | AY33: =IFERROR(IF(AK33="",$Y33,AVERAGEIFS((AR33:AT33),(AR33:AT33),">"&AK33,(AR33:AT33),"<"&AL33)),"N/A") -> N/A | AZ33: =IFERROR(IF(AM33="",$AD33,AVERAGEIFS((AU33:AW33),(AU33:AW33),">"&AM33,(AU33:AW33),"<"&AN33)),"N/A") -> 15547 | BA33: {=IF(AI33="",X33,IF(1-(_xlfn.STDEV.S(IF(AO33:AQ33>AI33,IF(AO33:AQ33<AJ33,AO33:AQ33)))/AX33)>70%,"ALTO","BAJO"))} -> ALTO | BB33: {=IF(AK33="",AC33,IF(1-(_xlfn.STDEV.S(IF(AR33:AT33>AK33,IF(AR33:AT33<AL33,AR33:AT33)))/AY33)>70%,"ALTO","BAJO"))} -> ALTO | BC33: {=IF(AM33="",AH33,IF(1-(_xlfn.STDEV.S(IF(AU33:AW33>AM33,IF(AU33:AW33<AN33,AU33:AW33)))/AZ33)>70%,"ALTO","BAJO"))} -> ALTO | BD33: =AX33 -> 38607 | BF33: =AY33 -> N/A | BG33: =AZ33 -> 15547
A34: =A33+1 -> 29 | B34: CAMBIO BOMBILLO TABLERO | C34: ud | D34: 1 | G34: =IFERROR(VLOOKUP(HONDA!B34,'SDM-COT-097-2026'!$B$6:$E$203,4,FALSE),"N/A") -> N/A | I34: =I33+1 -> 29 | J34: BOMBILLO TABLERO | K34: ud. | L34: 1 | O34: =IFERROR(VLOOKUP($J34,'SDM-COT-097-2026'!$H$6:$M$203,6,FALSE),"N/A") -> N/A | R34: =IFERROR(VLOOKUP($J34,'SDM-COT-097-2026'!$H$6:$N$203,7,FALSE),"N/A") -> N/A | T34: =IFERROR(ROUND(AVERAGE($E34,$F34,G34),0),"N/A") -> N/A | U34: =IFERROR(ROUND(STDEVP($E34,$F34,G34),0),"N/A") -> N/A | V34: =IFERROR(ROUND((U34/T34)*100,0),"N/A") -> N/A | W34: =IFERROR(ROUND(100-V34,0),"N/A") -> N/A | X34: =IF(W34>75,"ALTO","BAJO") -> ALTO | Y34: =IFERROR(ROUND(AVERAGE($M34,$N34,O34),0),"N/A") -> N/A | Z34: =IFERROR(ROUND(STDEVP($M34,$N34,R34),0),"N/A") -> N/A | AA34: =IFERROR(ROUND((Z34/Y34)*100,0),"N/A") -> N/A | AB34: =IFERROR(ROUND(100-AA34,0),"N/A") -> N/A | AC34: =IF(AB34>75,"ALTO","BAJO") -> ALTO | AD34: =IFERROR(ROUND(AVERAGE($P34,$Q34,R34),0),"N/A") -> N/A | AE34: =IFERROR(ROUND(STDEVP($P34,$Q34,R34),0),"N/A") -> N/A | AF34: =IFERROR(ROUND((AE34/AD34)*100,0),"N/A") -> N/A | AG34: =IFERROR(ROUND(100-AF34,0),"N/A") -> N/A | AH34: =IF(AG34>75,"ALTO","BAJO") -> ALTO | AI34: =IFERROR(IF(X34="BAJO",(T34-_xlfn.STDEV.S($E34,$F34,$G34)),""),"N/A") | AJ34: =IFERROR(IF(X34="BAJO",(T34+_xlfn.STDEV.S($E34,$F34,$G34)),""),"N/A") | AK34: =IFERROR(IF(AC34="BAJO",(Y34-_xlfn.STDEV.S($M34,$N34,$O34)),""),"N/A") | AL34: =IFERROR(IF(AC34="BAJO",(Y34+_xlfn.STDEV.S($M34,$N34,$O34)),""),"N/A") | AM34: =IFERROR(IF(AH34="BAJO",(AD34-_xlfn.STDEV.S($P34,$Q34,$R34)),""),"N/A") | AN34: =IFERROR(IF(AH34="BAJO",(AD34+_xlfn.STDEV.S($P34,$Q34,$R34)),""),"N/A") | AO34: =E34 | AP34: =F34 | AQ34: =G34 -> N/A | AR34: =M34 | AS34: =N34 | AT34: =O34 -> N/A | AU34: =P34 | AV34: =Q34 | AW34: =R34 -> N/A | AX34: =IFERROR(IF(AI34="",$T34,AVERAGEIFS((AO34:AQ34),(AO34:AQ34),">"&AI34,(AO34:AQ34),"<"&AJ34)),"N/A") -> N/A | AY34: =IFERROR(IF(AK34="",$Y34,AVERAGEIFS((AR34:AT34),(AR34:AT34),">"&AK34,(AR34:AT34),"<"&AL34)),"N/A") -> N/A | AZ34: =IFERROR(IF(AM34="",$AD34,AVERAGEIFS((AU34:AW34),(AU34:AW34),">"&AM34,(AU34:AW34),"<"&AN34)),"N/A") -> N/A | BA34: {=IF(AI34="",X34,IF(1-(_xlfn.STDEV.S(IF(AO34:AQ34>AI34,IF(AO34:AQ34<AJ34,AO34:AQ34)))/AX34)>70%,"ALTO","BAJO"))} -> ALTO | BB34: {=IF(AK34="",AC34,IF(1-(_xlfn.STDEV.S(IF(AR34:AT34>AK34,IF(AR34:AT34<AL34,AR34:AT34)))/AY34)>70%,"ALTO","BAJO"))} -> ALTO | BC34: {=IF(AM34="",AH34,IF(1-(_xlfn.STDEV.S(IF(AU34:AW34>AM34,IF(AU34:AW34<AN34,AU34:AW34)))/AZ34)>70%,"ALTO","BAJO"))} -> ALTO | BD34: =AX34 -> N/A | BF34: =AY34 -> N/A | BG34: =AZ34 -> N/A
A35: =A34+1 -> 30 | B35: CAMBIO BRAZO TENSOR MECANICO | C35: ud | D35: 1 | E35: 208000 | F35: 218400 | G35: =IFERROR(VLOOKUP(HONDA!B35,'SDM-COT-097-2026'!$B$6:$E$203,4,FALSE),"N/A") -> 95553.259 | I35: =I34+1 -> 30 | J35: BRAZO TENSOR MECANICO | K35: ud. | L35: 1 | M35: 268334.3 | N35: 281751 | O35: =IFERROR(VLOOKUP($J35,'SDM-COT-097-2026'!$H$6:$M$203,6,FALSE),"N/A") -> 332748.85 | P35: 667264 | Q35: 700627 | R35: =IFERROR(VLOOKUP($J35,'SDM-COT-097-2026'!$H$6:$N$203,7,FALSE),"N/A") -> 318281.51 | T35: =IFERROR(ROUND(AVERAGE($E35,$F35,G35),0),"N/A") -> 173984 | U35: =IFERROR(ROUND(STDEVP($E35,$F35,G35),0),"N/A") -> 55621 | V35: =IFERROR(ROUND((U35/T35)*100,0),"N/A") -> 32 | W35: =IFERROR(ROUND(100-V35,0),"N/A") -> 68 | X35: =IF(W35>75,"ALTO","BAJO") -> BAJO | Y35: =IFERROR(ROUND(AVERAGE($M35,$N35,O35),0),"N/A") -> 294278 | Z35: =IFERROR(ROUND(STDEVP($M35,$N35,R35),0),"N/A") -> 21106 | AA35: =IFERROR(ROUND((Z35/Y35)*100,0),"N/A") -> 7 | AB35: =IFERROR(ROUND(100-AA35,0),"N/A") -> 93 | AC35: =IF(AB35>75,"ALTO","BAJO") -> ALTO | AD35: =IFERROR(ROUND(AVERAGE($P35,$Q35,R35),0),"N/A") -> 562058 | AE35: =IFERROR(ROUND(STDEVP($P35,$Q35,R35),0),"N/A") -> 172913 | AF35: =IFERROR(ROUND((AE35/AD35)*100,0),"N/A") -> 31 | AG35: =IFERROR(ROUND(100-AF35,0),"N/A") -> 69 | AH35: =IF(AG35>75,"ALTO","BAJO") -> BAJO | AI35: =IFERROR(MIN($E35,$F35,$G35),"N/A") -> 95553.259 | AJ35: 202106.13 | AK35: =IFERROR(IF(AC35="BAJO",(Y35-_xlfn.STDEV.S($M35,$N35,$O35)),""),"N/A") | AL35: =IFERROR(IF(AC35="BAJO",(Y35+_xlfn.STDEV.S($M35,$N35,$O35)),""),"N/A") | AM35: =IFERROR(MIN($P35,$Q35,$R35),"N/A") -> 318281.51 | AN35: 617264 | AO35: =E35 -> 208000 | AP35: =F35 -> 218400 | AQ35: =G35 -> 95553.259 | AR35: =M35 -> 268334.3 | AS35: =N35 -> 281751 | AT35: =O35 -> 332748.85 | AU35: =P35 -> 667264 | AV35: =Q35 -> 700627 | AW35: =R35 -> 318281.51 | AX35: =IFERROR(IF(AI35="",$T35,AVERAGEIFS((AO35:AQ35),(AO35:AQ35),">="&AI35,(AO35:AQ35),"<"&AJ35)),"N/A") -> 95553.259 | AY35: =IFERROR(IF(AK35="",$Y35,AVERAGEIFS((AR35:AT35),(AR35:AT35),">"&AK35,(AR35:AT35),"<"&AL35)),"N/A") -> 294278 | AZ35: =IFERROR(IF(AM35="",$AD35,AVERAGEIFS((AU35:AW35),(AU35:AW35),">="&AM35,(AU35:AW35),"<"&AN35)),"N/A") -> 318281.51 | BA35: {=IFERROR(IF(AI35="",X35,IF(1-(_xlfn.STDEV.S(IF(AO35:AQ35>AI35,IF(AO35:AQ35<AJ35,AO35:AQ35)))/AX35)>70%,"ALTO","BAJO")),"ALTO")} -> ALTO | BB35: {=IF(AK35="",AC35,IF(1-(_xlfn.STDEV.S(IF(AR35:AT35>AK35,IF(AR35:AT35<AL35,AR35:AT35)))/AY35)>70%,"ALTO","BAJO"))} -> ALTO | BC35: {=IFERROR(IF(AM35="",AH35,IF(1-(_xlfn.STDEV.S(IF(AU35:AW35>AM35,IF(AU35:AW35<AN35,AU35:AW35)))/AZ35)>70%,"ALTO","BAJO")),"ALTO")} -> ALTO | BD35: =AX35 -> 95553.259 | BF35: =AY35 -> 294278 | BG35: =AZ35 -> 318281.51
A36: =A35+1 -> 31 | B36: CAMBIO BUJE SEPARADOR RODAMIENTO RUEDA TRASERA | C36: ud | D36: 1 | E36: 117000 | F36: 122850 | G36: =IFERROR(VLOOKUP(HONDA!B36,'SDM-COT-097-2026'!$B$6:$E$203,4,FALSE),"N/A") -> 138021.55 | I36: =I35+1 -> 31 | J36: BUJE SEPARADOR RODAMIENTO RUEDA TRASERA | K36: ud. | L36: 1 | M36: 86407.1 | N36: 90727 | O36: =IFERROR(VLOOKUP($J36,'SDM-COT-097-2026'!$H$6:$M$203,6,FALSE),"N/A") -> 82555.349 | P36: 18891.6 | Q36: 19836 | R36: =IFERROR(VLOOKUP($J36,'SDM-COT-097-2026'!$H$6:$N$203,7,FALSE),"N/A") -> 78965.986 | T36: =IFERROR(ROUND(AVERAGE($E36,$F36,G36),0),"N/A") -> 125957 | U36: =IFERROR(ROUND(STDEVP($E36,$F36,G36),0),"N/A") -> 8859 | V36: =IFERROR(ROUND((U36/T36)*100,0),"N/A") -> 7 | W36: =IFERROR(ROUND(100-V36,0),"N/A") -> 93 | X36: =IF(W36>75,"ALTO","BAJO") -> ALTO | Y36: =IFERROR(ROUND(AVERAGE($M36,$N36,O36),0),"N/A") -> 86563 | Z36: =IFERROR(ROUND(STDEVP($M36,$N36,R36),0),"N/A") -> 4857 | AA36: =IFERROR(ROUND((Z36/Y36)*100,0),"N/A") -> 6 | AB36: =IFERROR(ROUND(100-AA36,0),"N/A") -> 94 | AC36: =IF(AB36>75,"ALTO","BAJO") -> ALTO | AD36: =IFERROR(ROUND(AVERAGE($P36,$Q36,R36),0),"N/A") -> 39231 | AE36: =IFERROR(ROUND(STDEVP($P36,$Q36,R36),0),"N/A") -> 28099 | AF36: =IFERROR(ROUND((AE36/AD36)*100,0),"N/A") -> 72 | AG36: =IFERROR(ROUND(100-AF36,0),"N/A") -> 28 | AH36: =IF(AG36>75,"ALTO","BAJO") -> BAJO | AI36: =IFERROR(IF(X36="BAJO",(T36-_xlfn.STDEV.S($E36,$F36,$G36)),""),"N/A") | AJ36: =IFERROR(IF(X36="BAJO",(T36+_xlfn.STDEV.S($E36,$F36,$G36)),""),"N/A") | AK36: =IFERROR(IF(AC36="BAJO",(Y36-_xlfn.STDEV.S($M36,$N36,$O36)),""),"N/A") | AL36: =IFERROR(IF(AC36="BAJO",(Y36+_xlfn.STDEV.S($M36,$N36,$O36)),""),"N/A") | AM36: =IFERROR(IF(AH36="BAJO",(AD36-_xlfn.STDEV.S($P36,$Q36,$R36)),""),"N/A") -> 4816.4222 | AN36: =IFERROR(IF(AH36="BAJO",(AD36+_xlfn.STDEV.S($P36,$Q36,$R36)),""),"N/A") -> 73645.578 | AO36: =E36 -> 117000 | AP36: =F36 -> 122850 | AQ36: =G36 -> 138021.55 | AR36: =M36 -> 86407.1 | AS36: =N36 -> 90727 | AT36: =O36 -> 82555.349 | AU36: =P36 -> 18891.6 | AV36: =Q36 -> 19836 | AW36: =R36 -> 78965.986 | AX36: =IFERROR(IF(AI36="",$T36,AVERAGEIFS((AO36:AQ36),(AO36:AQ36),">"&AI36,(AO36:AQ36),"<"&AJ36)),"N/A") -> 125957 | AY36: =IFERROR(IF(AK36="",$Y36,AVERAGEIFS((AR36:AT36),(AR36:AT36),">"&AK36,(AR36:AT36),"<"&AL36)),"N/A") -> 86563 | AZ36: =IFERROR(IF(AM36="",$AD36,AVERAGEIFS((AU36:AW36),(AU36:AW36),">"&AM36,(AU36:AW36),"<"&AN36)),"N/A") -> 19363.8 | BA36: {=IF(AI36="",X36,IF(1-(_xlfn.STDEV.S(IF(AO36:AQ36>AI36,IF(AO36:AQ36<AJ36,AO36:AQ36)))/AX36)>70%,"ALTO","BAJO"))} -> ALTO | BB36: {=IF(AK36="",AC36,IF(1-(_xlfn.STDEV.S(IF(AR36:AT36>AK36,IF(AR36:AT36<AL36,AR36:AT36)))/AY36)>70%,"ALTO","BAJO"))} -> ALTO | BC36: {=IF(AM36="",AH36,IF(1-(_xlfn.STDEV.S(IF(AU36:AW36>AM36,IF(AU36:AW36<AN36,AU36:AW36)))/AZ36)>70%,"ALTO","BAJO"))} -> ALTO | BD36: =AX36 -> 125957 | BF36: =AY36 -> 86563 | BG36: =AZ36 -> 19363.8
A37: =A36+1 -> 32 | B37: CAMBIO BUJES BALANCIN SUSPENSION TRASERA | C37: ud | D37: 1 | E37: 156000 | F37: 163800 | G37: =IFERROR(VLOOKUP(HONDA!B37,'SDM-COT-097-2026'!$B$6:$E$203,4,FALSE),"N/A") -> 169873.18 | I37: =I36+1 -> 32 | J37: BUJES BALANCIN SUSPENSION TRASERA | K37: ud. | L37: 1 | M37: 39296.4 | N37: 41261 | O37: =IFERROR(VLOOKUP($J37,'SDM-COT-097-2026'!$H$6:$M$203,6,FALSE),"N/A") -> 447073.4 | P37: 71875.7 | Q37: 75469 | R37: =IFERROR(VLOOKUP($J37,'SDM-COT-097-2026'!$H$6:$N$203,7,FALSE),"N/A") -> 427635.43 | T37: =IFERROR(ROUND(AVERAGE($E37,$F37,G37),0),"N/A") -> 163224 | U37: =IFERROR(ROUND(STDEVP($E37,$F37,G37),0),"N/A") -> 5678 | V37: =IFERROR(ROUND((U37/T37)*100,0),"N/A") -> 3 | W37: =IFERROR(ROUND(100-V37,0),"N/A") -> 97 | X37: =IF(W37>75,"ALTO","BAJO") -> ALTO | Y37: =IFERROR(ROUND(AVERAGE($M37,$N37,O37),0),"N/A") -> 175877 | Z37: =IFERROR(ROUND(STDEVP($M37,$N37,R37),0),"N/A") -> 182603 | AA37: =IFERROR(ROUND((Z37/Y37)*100,0),"N/A") -> 104 | AB37: =IFERROR(ROUND(100-AA37,0),"N/A") -> -4 | AC37: =IF(AB37>75,"ALTO","BAJO") -> BAJO | AD37: =IFERROR(ROUND(AVERAGE($P37,$Q37,R37),0),"N/A") -> 191660 | AE37: =IFERROR(ROUND(STDEVP($P37,$Q37,R37),0),"N/A") -> 166866 | AF37: =IFERROR(ROUND((AE37/AD37)*100,0),"N/A") -> 87 | AG37: =IFERROR(ROUND(100-AF37,0),"N/A") -> 13 | AH37: =IF(AG37>75,"ALTO","BAJO") -> BAJO | AI37: =IFERROR(IF(X37="BAJO",(T37-_xlfn.STDEV.S($E37,$F37,$G37)),""),"N/A") | AJ37: =IFERROR(IF(X37="BAJO",(T37+_xlfn.STDEV.S($E37,$F37,$G37)),""),"N/A") | AK37: =IFERROR(IF(AC37="BAJO",(Y37-_xlfn.STDEV.S($M37,$N37,$O37)),""),"N/A") -> -58988.085 | AL37: =IFERROR(IF(AC37="BAJO",(Y37+_xlfn.STDEV.S($M37,$N37,$O37)),""),"N/A") -> 410742.08 | AM37: =IFERROR(IF(AH37="BAJO",(AD37-_xlfn.STDEV.S($P37,$Q37,$R37)),""),"N/A") -> -12708.576 | AN37: =IFERROR(IF(AH37="BAJO",(AD37+_xlfn.STDEV.S($P37,$Q37,$R37)),""),"N/A") -> 396028.58 | AO37: =E37 -> 156000 | AP37: =F37 -> 163800 | AQ37: =G37 -> 169873.18 | AR37: =M37 -> 39296.4 | AS37: =N37 -> 41261 | AT37: =O37 -> 447073.4 | AU37: =P37 -> 71875.7 | AV37: =Q37 -> 75469 | AW37: =R37 -> 427635.43 | AX37: =IFERROR(IF(AI37="",$T37,AVERAGEIFS((AO37:AQ37),(AO37:AQ37),">"&AI37,(AO37:AQ37),"<"&AJ37)),"N/A") -> 163224 | AY37: =IFERROR(IF(AK37="",$Y37,AVERAGEIFS((AR37:AT37),(AR37:AT37),">"&AK37,(AR37:AT37),"<"&AL37)),"N/A") -> 40278.7 | AZ37: =IFERROR(IF(AM37="",$AD37,AVERAGEIFS((AU37:AW37),(AU37:AW37),">"&AM37,(AU37:AW37),"<"&AN37)),"N/A") -> 73672.35 | BA37: {=IF(AI37="",X37,IF(1-(_xlfn.STDEV.S(IF(AO37:AQ37>AI37,IF(AO37:AQ37<AJ37,AO37:AQ37)))/AX37)>70%,"ALTO","BAJO"))} -> ALTO | BB37: {=IF(AK37="",AC37,IF(1-(_xlfn.STDEV.S(IF(AR37:AT37>AK37,IF(AR37:AT37<AL37,AR37:AT37)))/AY37)>70%,"ALTO","BAJO"))} -> ALTO | BC37: {=IF(AM37="",AH37,IF(1-(_xlfn.STDEV.S(IF(AU37:AW37>AM37,IF(AU37:AW37<AN37,AU37:AW37)))/AZ37)>70%,"ALTO","BAJO"))} -> ALTO | BD37: =AX37 -> 163224 | BF37: =AY37 -> 40278.7 | BG37: =AZ37 -> 73672.35
A38: =A37+1 -> 33 | B38: CAMBIO BUJES MONO BRAZO COMPLETO | C38: ud | D38: 1 | E38: 156000 | F38: 163800 | G38: =IFERROR(VLOOKUP(HONDA!B38,'SDM-COT-097-2026'!$B$6:$E$203,4,FALSE),"N/A") -> N/A | I38: =I37+1 -> 33 | J38: BUJES MONO BRAZO COMPLETO | K38: ud. | L38: 1 | M38: 110624.8 | N38: 116156 | O38: =IFERROR(VLOOKUP($J38,'SDM-COT-097-2026'!$H$6:$M$203,6,FALSE),"N/A") -> N/A | P38: 110624.8 | Q38: 116156 | R38: =IFERROR(VLOOKUP($J38,'SDM-COT-097-2026'!$H$6:$N$203,7,FALSE),"N/A") -> N/A | T38: =IFERROR(ROUND(AVERAGE($E38,$F38,G38),0),"N/A") -> 159900 | U38: =IFERROR(ROUND(STDEVP($E38,$F38,G38),0),"N/A") -> 3900 | V38: =IFERROR(ROUND((U38/T38)*100,0),"N/A") -> 2 | W38: =IFERROR(ROUND(100-V38,0),"N/A") -> 98 | X38: =IF(W38>75,"ALTO","BAJO") -> ALTO | Y38: =IFERROR(ROUND(AVERAGE($M38,$N38,O38),0),"N/A") -> 113390 | Z38: =IFERROR(ROUND(STDEVP($M38,$N38,R38),0),"N/A") -> 2766 | AA38: =IFERROR(ROUND((Z38/Y38)*100,0),"N/A") -> 2 | AB38: =IFERROR(ROUND(100-AA38,0),"N/A") -> 98 | AC38: =IF(AB38>75,"ALTO","BAJO") -> ALTO | AD38: =IFERROR(ROUND(AVERAGE($P38,$Q38,R38),0),"N/A") -> 113390 | AE38: =IFERROR(ROUND(STDEVP($P38,$Q38,R38),0),"N/A") -> 2766 | AF38: =IFERROR(ROUND((AE38/AD38)*100,0),"N/A") -> 2 | AG38: =IFERROR(ROUND(100-AF38,0),"N/A") -> 98 | AH38: =IF(AG38>75,"ALTO","BAJO") -> ALTO | AI38: =IFERROR(IF(X38="BAJO",(T38-_xlfn.STDEV.S($E38,$F38,$G38)),""),"N/A") | AJ38: =IFERROR(IF(X38="BAJO",(T38+_xlfn.STDEV.S($E38,$F38,$G38)),""),"N/A") | AK38: =IFERROR(IF(AC38="BAJO",(Y38-_xlfn.STDEV.S($M38,$N38,$O38)),""),"N/A") | AL38: =IFERROR(IF(AC38="BAJO",(Y38+_xlfn.STDEV.S($M38,$N38,$O38)),""),"N/A") | AM38: =IFERROR(IF(AH38="BAJO",(AD38-_xlfn.STDEV.S($P38,$Q38,$R38)),""),"N/A") | AN38: =IFERROR(IF(AH38="BAJO",(AD38+_xlfn.STDEV.S($P38,$Q38,$R38)),""),"N/A") | AO38: =E38 -> 156000 | AP38: =F38 -> 163800 | AQ38: =G38 -> N/A | AR38: =M38 -> 110624.8 | AS38: =N38 -> 116156 | AT38: =O38 -> N/A | AU38: =P38 -> 110624.8 | AV38: =Q38 -> 116156 | AW38: =R38 -> N/A | AX38: =IFERROR(IF(AI38="",$T38,AVERAGEIFS((AO38:AQ38),(AO38:AQ38),">"&AI38,(AO38:AQ38),"<"&AJ38)),"N/A") -> 159900 | AY38: =IFERROR(IF(AK38="",$Y38,AVERAGEIFS((AR38:AT38),(AR38:AT38),">"&AK38,(AR38:AT38),"<"&AL38)),"N/A") -> 113390 | AZ38: =IFERROR(IF(AM38="",$AD38,AVERAGEIFS((AU38:AW38),(AU38:AW38),">"&AM38,(AU38:AW38),"<"&AN38)),"N/A") -> 113390 | BA38: {=IF(AI38="",X38,IF(1-(_xlfn.STDEV.S(IF(AO38:AQ38>AI38,IF(AO38:AQ38<AJ38,AO38:AQ38)))/AX38)>70%,"ALTO","BAJO"))} -> ALTO | BB38: {=IF(AK38="",AC38,IF(1-(_xlfn.STDEV.S(IF(AR38:AT38>AK38,IF(AR38:AT38<AL38,AR38:AT38)))/AY38)>70%,"ALTO","BAJO"))} -> ALTO | BC38: {=IF(AM38="",AH38,IF(1-(_xlfn.STDEV.S(IF(AU38:AW38>AM38,IF(AU38:AW38<AN38,AU38:AW38)))/AZ38)>70%,"ALTO","BAJO"))} -> ALTO | BD38: =AX38 -> 159900 | BF38: =AY38 -> 113390 | BG38: =AZ38 -> 113390
A39: =A38+1 -> 34 | B39: CAMBIO BUJES SUSPENSION TRASERA | C39: ud | D39: 1 | E39: 156000 | F39: 163800 | G39: =IFERROR(VLOOKUP(HONDA!B39,'SDM-COT-097-2026'!$B$6:$E$203,4,FALSE),"N/A") -> 159256.5 | I39: =I38+1 -> 34 | J39: BUJES SUSPENSION TRASERA | K39: ud. | L39: 1 | M39: 187200 | N39: 196560 | O39: =IFERROR(VLOOKUP($J39,'SDM-COT-097-2026'!$H$6:$M$203,6,FALSE),"N/A") -> 447073.4 | P39: 187200 | Q39: 196560 | R39: =IFERROR(VLOOKUP($J39,'SDM-COT-097-2026'!$H$6:$N$203,7,FALSE),"N/A") -> 427635.43 | T39: =IFERROR(ROUND(AVERAGE($E39,$F39,G39),0),"N/A") -> 159685 | U39: =IFERROR(ROUND(STDEVP($E39,$F39,G39),0),"N/A") -> 3199 | V39: =IFERROR(ROUND((U39/T39)*100,0),"N/A") -> 2 | W39: =IFERROR(ROUND(100-V39,0),"N/A") -> 98 | X39: =IF(W39>75,"ALTO","BAJO") -> ALTO | Y39: =IFERROR(ROUND(AVERAGE($M39,$N39,O39),0),"N/A") -> 276944 | Z39: =IFERROR(ROUND(STDEVP($M39,$N39,R39),0),"N/A") -> 111202 | AA39: =IFERROR(ROUND((Z39/Y39)*100,0),"N/A") -> 40 | AB39: =IFERROR(ROUND(100-AA39,0),"N/A") -> 60 | AC39: =IF(AB39>75,"ALTO","BAJO") -> BAJO | AD39: =IFERROR(ROUND(AVERAGE($P39,$Q39,R39),0),"N/A") -> 270465 | AE39: =IFERROR(ROUND(STDEVP($P39,$Q39,R39),0),"N/A") -> 111202 | AF39: =IFERROR(ROUND((AE39/AD39)*100,0),"N/A") -> 41 | AG39: =IFERROR(ROUND(100-AF39,0),"N/A") -> 59 | AH39: =IF(AG39>75,"ALTO","BAJO") -> BAJO | AI39: =IFERROR(IF(X39="BAJO",(T39-_xlfn.STDEV.S($E39,$F39,$G39)),""),"N/A") | AJ39: =IFERROR(IF(X39="BAJO",(T39+_xlfn.STDEV.S($E39,$F39,$G39)),""),"N/A") | AK39: =IFERROR(IF(AC39="BAJO",(Y39-_xlfn.STDEV.S($M39,$N39,$O39)),""),"N/A") -> 129533.71 | AL39: =IFERROR(IF(AC39="BAJO",(Y39+_xlfn.STDEV.S($M39,$N39,$O39)),""),"N/A") -> 424354.29 | AM39: =IFERROR(IF(AH39="BAJO",(AD39-_xlfn.STDEV.S($P39,$Q39,$R39)),""),"N/A") -> 134271.11 | AN39: =IFERROR(IF(AH39="BAJO",(AD39+_xlfn.STDEV.S($P39,$Q39,$R39)),""),"N/A") -> 406658.89 | AO39: =E39 -> 156000 | AP39: =F39 -> 163800 | AQ39: =G39 -> 159256.5 | AR39: =M39 -> 187200 | AS39: =N39 -> 196560 | AT39: =O39 -> 447073.4 | AU39: =P39 -> 187200 | AV39: =Q39 -> 196560 | AW39: =R39 -> 427635.43 | AX39: =IFERROR(IF(AI39="",$T39,AVERAGEIFS((AO39:AQ39),(AO39:AQ39),">"&AI39,(AO39:AQ39),"<"&AJ39)),"N/A") -> 159685 | AY39: =IFERROR(IF(AK39="",$Y39,AVERAGEIFS((AR39:AT39),(AR39:AT39),">"&AK39,(AR39:AT39),"<"&AL39)),"N/A") -> 191880 | AZ39: =IFERROR(IF(AM39="",$AD39,AVERAGEIFS((AU39:AW39),(AU39:AW39),">"&AM39,(AU39:AW39),"<"&AN39)),"N/A") -> 191880 | BA39: {=IF(AI39="",X39,IF(1-(_xlfn.STDEV.S(IF(AO39:AQ39>AI39,IF(AO39:AQ39<AJ39,AO39:AQ39)))/AX39)>70%,"ALTO","BAJO"))} -> ALTO | BB39: {=IF(AK39="",AC39,IF(1-(_xlfn.STDEV.S(IF(AR39:AT39>AK39,IF(AR39:AT39<AL39,AR39:AT39)))/AY39)>70%,"ALTO","BAJO"))} -> ALTO | BC39: {=IF(AM39="",AH39,IF(1-(_xlfn.STDEV.S(IF(AU39:AW39>AM39,IF(AU39:AW39<AN39,AU39:AW39)))/AZ39)>70%,"ALTO","BAJO"))} -> ALTO | BD39: =AX39 -> 159685 | BF39: =AY39 -> 191880 | BG39: =AZ39 -> 191880
A40: =A39+1 -> 35 | B40: CAMBIO BUJES TIJERA COMPLETO | C40: ud | D40: 1 | E40: 156000 | F40: 163800 | G40: =IFERROR(VLOOKUP(HONDA!B40,'SDM-COT-097-2026'!$B$6:$E$203,4,FALSE),"N/A") -> 169873.18 | I40: =I39+1 -> 35 | J40: BUJES TIJERA COMPLETO | K40: ud. | L40: 1 | M40: 370006 | N40: 388506 | O40: =IFERROR(VLOOKUP($J40,'SDM-COT-097-2026'!$H$6:$M$203,6,FALSE),"N/A") -> 158566.98 | P40: 370006 | Q40: 388506 | R40: =IFERROR(VLOOKUP($J40,'SDM-COT-097-2026'!$H$6:$N$203,7,FALSE),"N/A") -> 151672.76 | T40: =IFERROR(ROUND(AVERAGE($E40,$F40,G40),0),"N/A") -> 163224 | U40: =IFERROR(ROUND(STDEVP($E40,$F40,G40),0),"N/A") -> 5678 | V40: =IFERROR(ROUND((U40/T40)*100,0),"N/A") -> 3 | W40: =IFERROR(ROUND(100-V40,0),"N/A") -> 97 | X40: =IF(W40>75,"ALTO","BAJO") -> ALTO | Y40: =IFERROR(ROUND(AVERAGE($M40,$N40,O40),0),"N/A") -> 305693 | Z40: =IFERROR(ROUND(STDEVP($M40,$N40,R40),0),"N/A") -> 107549 | AA40: =IFERROR(ROUND((Z40/Y40)*100,0),"N/A") -> 35 | AB40: =IFERROR(ROUND(100-AA40,0),"N/A") -> 65 | AC40: =IF(AB40>75,"ALTO","BAJO") -> BAJO | AD40: =IFERROR(ROUND(AVERAGE($P40,$Q40,R40),0),"N/A") -> 303395 | AE40: =IFERROR(ROUND(STDEVP($P40,$Q40,R40),0),"N/A") -> 107549 | AF40: =IFERROR(ROUND((AE40/AD40)*100,0),"N/A") -> 35 | AG40: =IFERROR(ROUND(100-AF40,0),"N/A") -> 65 | AH40: =IF(AG40>75,"ALTO","BAJO") -> BAJO | AI40: =IFERROR(IF(X40="BAJO",(T40-_xlfn.STDEV.S($E40,$F40,$G40)),""),"N/A") | AJ40: =IFERROR(IF(X40="BAJO",(T40+_xlfn.STDEV.S($E40,$F40,$G40)),""),"N/A") | AK40: =IFERROR(MIN($M40,$N40,$O40),"N/A") -> 158566.98 | AL40: 360006 | AM40: =IFERROR(MIN($P40,$Q40,$R40),"N/A") -> 151672.76 | AN40: 300006 | AO40: =E40 -> 156000 | AP40: =F40 -> 163800 | AQ40: =G40 -> 169873.18 | AR40: =M40 -> 370006 | AS40: =N40 -> 388506 | AT40: =O40 -> 158566.98 | AU40: =P40 -> 370006 | AV40: =Q40 -> 388506 | AW40: =R40 -> 151672.76 | AX40: =IFERROR(IF(AI40="",$T40,AVERAGEIFS((AO40:AQ40),(AO40:AQ40),">"&AI40,(AO40:AQ40),"<"&AJ40)),"N/A") -> 163224 | AY40: =IFERROR(IF(AK40="",$Y40,AVERAGEIFS((AR40:AT40),(AR40:AT40),">="&AK40,(AR40:AT40),"<"&AL40)),"N/A") -> 158566.98 | AZ40: =IFERROR(IF(AM40="",$AD40,AVERAGEIFS((AU40:AW40),(AU40:AW40),">="&AM40,(AU40:AW40),"<"&AN40)),"N/A") -> 151672.76 | BA40: {=IF(AI40="",X40,IF(1-(_xlfn.STDEV.S(IF(AO40:AQ40>AI40,IF(AO40:AQ40<AJ40,AO40:AQ40)))/AX40)>70%,"ALTO","BAJO"))} -> ALTO | BB40: {=IFERROR(IF(AK40="",AC40,IF(1-(_xlfn.STDEV.S(IF(AR40:AT40>=AK40,IF(AR40:AT40<AL40,AR40:AT40)))/AY40)>70%,"ALTO","BAJO")),"ALTO")} -> ALTO | BC40: {=IFERROR(IF(AM40="",AH40,IF(1-(_xlfn.STDEV.S(IF(AU40:AW40>AM40,IF(AU40:AW40<AN40,AU40:AW40)))/AZ40)>70%,"ALTO","BAJO")),"ALTO")} -> ALTO | BD40: =AX40 -> 163224 | BF40: =AY40 -> 158566.98 | BG40: =AZ40 -> 151672.76
A41: =A40+1 -> 36 | B41: CAMBIO BUJIA | C41: ud | D41: 1 | E41: 13000 | F41: 13650 | G41: =IFERROR(VLOOKUP(HONDA!B41,'SDM-COT-097-2026'!$B$6:$E$203,4,FALSE),"N/A") -> 28956.312 | I41: =I40+1 -> 36 | J41: BUJIA | K41: ud. | L41: 1 | M41: 409095.7 | N41: 429550 | O41: =IFERROR(VLOOKUP($J41,'SDM-COT-097-2026'!$H$6:$M$203,6,FALSE),"N/A") -> 396314.91 | P41: 94962.4 | Q41: 99711 | R41: =IFERROR(VLOOKUP($J41,'SDM-COT-097-2026'!$H$6:$N$203,7,FALSE),"N/A") -> 379083.83 | T41: =IFERROR(ROUND(AVERAGE($E41,$F41,G41),0),"N/A") -> 18535 | U41: =IFERROR(ROUND(STDEVP($E41,$F41,G41),0),"N/A") -> 7373 | V41: =IFERROR(ROUND((U41/T41)*100,0),"N/A") -> 40 | W41: =IFERROR(ROUND(100-V41,0),"N/A") -> 60 | X41: =IF(W41>75,"ALTO","BAJO") -> BAJO | Y41: =IFERROR(ROUND(AVERAGE($M41,$N41,O41),0),"N/A") -> 411654 | Z41: =IFERROR(ROUND(STDEVP($M41,$N41,R41),0),"N/A") -> 20726 | AA41: =IFERROR(ROUND((Z41/Y41)*100,0),"N/A") -> 5 | AB41: =IFERROR(ROUND(100-AA41,0),"N/A") -> 95 | AC41: =IF(AB41>75,"ALTO","BAJO") -> ALTO | AD41: =IFERROR(ROUND(AVERAGE($P41,$Q41,R41),0),"N/A") -> 191252 | AE41: =IFERROR(ROUND(STDEVP($P41,$Q41,R41),0),"N/A") -> 132831 | AF41: =IFERROR(ROUND((AE41/AD41)*100,0),"N/A") -> 69 | AG41: =IFERROR(ROUND(100-AF41,0),"N/A") -> 31 | AH41: =IF(AG41>75,"ALTO","BAJO") -> BAJO | AI41: =IFERROR(IF(X41="BAJO",(T41-_xlfn.STDEV.S($E41,$F41,$G41)),""),"N/A") -> 9504.4077 | AJ41: =IFERROR(IF(X41="BAJO",(T41+_xlfn.STDEV.S($E41,$F41,$G41)),""),"N/A") -> 27565.592 | AK41: =IFERROR(IF(AC41="BAJO",(Y41-_xlfn.STDEV.S($M41,$N41,$O41)),""),"N/A") | AL41: =IFERROR(IF(AC41="BAJO",(Y41+_xlfn.STDEV.S($M41,$N41,$O41)),""),"N/A") | AM41: =IFERROR(IF(AH41="BAJO",(AD41-_xlfn.STDEV.S($P41,$Q41,$R41)),""),"N/A") -> 28567.894 | AN41: 390000 | AO41: =E41 -> 13000 | AP41: =F41 -> 13650 | AQ41: =G41 -> 28956.312 | AR41: =M41 -> 409095.7 | AS41: =N41 -> 429550 | AT41: =O41 -> 396314.91 | AU41: =P41 -> 94962.4 | AV41: =Q41 -> 99711 | AW41: =R41 -> 379083.83 | AX41: =IFERROR(IF(AI41="",$T41,AVERAGEIFS((AO41:AQ41),(AO41:AQ41),">"&AI41,(AO41:AQ41),"<"&AJ41)),"N/A") -> 13325 | AY41: =IFERROR(IF(AK41="",$Y41,AVERAGEIFS((AR41:AT41),(AR41:AT41),">"&AK41,(AR41:AT41),"<"&AL41)),"N/A") -> 411654 | AZ41: =IFERROR(IF(AM41="",$AD41,AVERAGEIFS((AU41:AW41),(AU41:AW41),">="&AM41,(AU41:AW41),"<"&AN41)),"N/A") -> 191252.41 | BA41: {=IF(AI41="",X41,IF(1-(_xlfn.STDEV.S(IF(AO41:AQ41>AI41,IF(AO41:AQ41<AJ41,AO41:AQ41)))/AX41)>70%,"ALTO","BAJO"))} -> ALTO | BB41: {=IF(AK41="",AC41,IF(1-(_xlfn.STDEV.S(IF(AR41:AT41>AK41,IF(AR41:AT41<AL41,AR41:AT41)))/AY41)>70%,"ALTO","BAJO"))} -> ALTO | BC41: ALTO | BD41: =AX41 -> 13325 | BF41: =AY41 -> 411654 | BG41: =AZ41 -> 191252.41
A42: =A41+1 -> 37 | B42: CAMBIO CABLE POSITIVO BATERIA | C42: ud | D42: 1 | E42: 13000 | F42: 13650 | G42: =IFERROR(VLOOKUP(HONDA!B42,'SDM-COT-097-2026'!$B$6:$E$203,4,FALSE),"N/A") -> 48258.918 | I42: =I41+1 -> 37 | J42: CABLE POSITIVO BATERIA | K42: ud. | L42: 1 | O42: =IFERROR(VLOOKUP($J42,'SDM-COT-097-2026'!$H$6:$M$203,6,FALSE),"N/A") -> N/A | P42: 21188.7 | Q42: 22248 | R42: =IFERROR(VLOOKUP($J42,'SDM-COT-097-2026'!$H$6:$N$203,7,FALSE),"N/A") -> 51902.202 | T42: =IFERROR(ROUND(AVERAGE($E42,$F42,G42),0),"N/A") -> 24970 | U42: =IFERROR(ROUND(STDEVP($E42,$F42,G42),0),"N/A") -> 16470 | V42: =IFERROR(ROUND((U42/T42)*100,0),"N/A") -> 66 | W42: =IFERROR(ROUND(100-V42,0),"N/A") -> 34 | X42: =IF(W42>75,"ALTO","BAJO") -> BAJO | Y42: =IFERROR(ROUND(AVERAGE($M42,$N42,O42),0),"N/A") -> N/A | Z42: =IFERROR(ROUND(STDEVP($M42,$N42,R42),0),"N/A") -> 0 | AA42: =IFERROR(ROUND((Z42/Y42)*100,0),"N/A") -> N/A | AB42: =IFERROR(ROUND(100-AA42,0),"N/A") -> N/A | AC42: =IF(AB42>75,"ALTO","BAJO") -> ALTO | AD42: =IFERROR(ROUND(AVERAGE($P42,$Q42,R42),0),"N/A") -> 31780 | AE42: =IFERROR(ROUND(STDEVP($P42,$Q42,R42),0),"N/A") -> 14235 | AF42: =IFERROR(ROUND((AE42/AD42)*100,0),"N/A") -> 45 | AG42: =IFERROR(ROUND(100-AF42,0),"N/A") -> 55 | AH42: =IF(AG42>75,"ALTO","BAJO") -> BAJO | AI42: =IFERROR(IF(X42="BAJO",(T42-_xlfn.STDEV.S($E42,$F42,$G42)),""),"N/A") -> 4798.2745 | AJ42: =IFERROR(IF(X42="BAJO",(T42+_xlfn.STDEV.S($E42,$F42,$G42)),""),"N/A") -> 45141.726 | AK42: =IFERROR(IF(AC42="BAJO",(Y42-_xlfn.STDEV.S($M42,$N42,$O42)),""),"N/A") | AL42: =IFERROR(IF(AC42="BAJO",(Y42+_xlfn.STDEV.S($M42,$N42,$O42)),""),"N/A") | AM42: =IFERROR(IF(AH42="BAJO",(AD42-_xlfn.STDEV.S($P42,$Q42,$R42)),""),"N/A") -> 14345.298 | AN42: =IFERROR(IF(AH42="BAJO",(AD42+_xlfn.STDEV.S($P42,$Q42,$R42)),""),"N/A") -> 49214.702 | AO42: =E42 -> 13000 | AP42: =F42 -> 13650 | AQ42: =G42 -> 48258.918 | AR42: =M42 | AS42: =N42 | AT42: =O42 -> N/A | AU42: =P42 -> 21188.7 | AV42: =Q42 -> 22248 | AW42: =R42 -> 51902.202 | AX42: =IFERROR(IF(AI42="",$T42,AVERAGEIFS((AO42:AQ42),(AO42:AQ42),">"&AI42,(AO42:AQ42),"<"&AJ42)),"N/A") -> 13325 | AY42: =IFERROR(IF(AK42="",$Y42,AVERAGEIFS((AR42:AT42),(AR42:AT42),">"&AK42,(AR42:AT42),"<"&AL42)),"N/A") -> N/A | AZ42: =IFERROR(IF(AM42="",$AD42,AVERAGEIFS((AU42:AW42),(AU42:AW42),">"&AM42,(AU42:AW42),"<"&AN42)),"N/A") -> 21718.35 | BA42: {=IF(AI42="",X42,IF(1-(_xlfn.STDEV.S(IF(AO42:AQ42>AI42,IF(AO42:AQ42<AJ42,AO42:AQ42)))/AX42)>70%,"ALTO","BAJO"))} -> ALTO | BB42: {=IF(AK42="",AC42,IF(1-(_xlfn.STDEV.S(IF(AR42:AT42>AK42,IF(AR42:AT42<AL42,AR42:AT42)))/AY42)>70%,"ALTO","BAJO"))} -> ALTO | BC42: {=IF(AM42="",AH42,IF(1-(_xlfn.STDEV.S(IF(AU42:AW42>AM42,IF(AU42:AW42<AN42,AU42:AW42)))/AZ42)>70%,"ALTO","BAJO"))} -> ALTO | BD42: =AX42 -> 13325 | BF42: =AY42 -> N/A | BG42: =AZ42 -> 21718.35
A43: =A42+1 -> 38 | B43: CAMBIO CADENILLA REPARTICION | C43: ud | D43: 1 | E43: 265376 | F43: 278645 | G43: =IFERROR(VLOOKUP(HONDA!B43,'SDM-COT-097-2026'!$B$6:$E$203,4,FALSE),"N/A") -> 231644.08 | I43: =I42+1 -> 38 | J43: CADENILLA REPARTICION | K43: ud. | L43: 1 | M43: 401733.8 | N43: 421820 | O43: =IFERROR(VLOOKUP($J43,'SDM-COT-097-2026'!$H$6:$M$203,6,FALSE),"N/A") -> 387431.01 | P43: 401733.8 | Q43: 421820 | R43: =IFERROR(VLOOKUP($J43,'SDM-COT-097-2026'!$H$6:$N$203,7,FALSE),"N/A") -> 370586.18 | T43: =IFERROR(ROUND(AVERAGE($E43,$F43,G43),0),"N/A") -> 258555 | U43: =IFERROR(ROUND(STDEVP($E43,$F43,G43),0),"N/A") -> 19785 | V43: =IFERROR(ROUND((U43/T43)*100,0),"N/A") -> 8 | W43: =IFERROR(ROUND(100-V43,0),"N/A") -> 92 | X43: =IF(W43>75,"ALTO","BAJO") -> ALTO | Y43: =IFERROR(ROUND(AVERAGE($M43,$N43,O43),0),"N/A") -> 403662 | Z43: =IFERROR(ROUND(STDEVP($M43,$N43,R43),0),"N/A") -> 21078 | AA43: =IFERROR(ROUND((Z43/Y43)*100,0),"N/A") -> 5 | AB43: =IFERROR(ROUND(100-AA43,0),"N/A") -> 95 | AC43: =IF(AB43>75,"ALTO","BAJO") -> ALTO | AD43: =IFERROR(ROUND(AVERAGE($P43,$Q43,R43),0),"N/A") -> 398047 | AE43: =IFERROR(ROUND(STDEVP($P43,$Q43,R43),0),"N/A") -> 21078 | AF43: =IFERROR(ROUND((AE43/AD43)*100,0),"N/A") -> 5 | AG43: =IFERROR(ROUND(100-AF43,0),"N/A") -> 95 | AH43: =IF(AG43>75,"ALTO","BAJO") -> ALTO | AI43: =IFERROR(IF(X43="BAJO",(T43-_xlfn.STDEV.S($E43,$F43,$G43)),""),"N/A") | AJ43: =IFERROR(IF(X43="BAJO",(T43+_xlfn.STDEV.S($E43,$F43,$G43)),""),"N/A") | AK43: =IFERROR(IF(AC43="BAJO",(Y43-_xlfn.STDEV.S($M43,$N43,$O43)),""),"N/A") | AL43: =IFERROR(IF(AC43="BAJO",(Y43+_xlfn.STDEV.S($M43,$N43,$O43)),""),"N/A") | AM43: =IFERROR(IF(AH43="BAJO",(AD43-_xlfn.STDEV.S($P43,$Q43,$R43)),""),"N/A") | AN43: =IFERROR(IF(AH43="BAJO",(AD43+_xlfn.STDEV.S($P43,$Q43,$R43)),""),"N/A") | AO43: =E43 -> 265376 | AP43: =F43 -> 278645 | AQ43: =G43 -> 231644.08 | AR43: =M43 -> 401733.8 | AS43: =N43 -> 421820 | AT43: =O43 -> 387431.01 | AU43: =P43 -> 401733.8 | AV43: =Q43 -> 421820 | AW43: =R43 -> 370586.18 | AX43: =IFERROR(IF(AI43="",$T43,AVERAGEIFS((AO43:AQ43),(AO43:AQ43),">"&AI43,(AO43:AQ43),"<"&AJ43)),"N/A") -> 258555 | AY43: =IFERROR(IF(AK43="",$Y43,AVERAGEIFS((AR43:AT43),(AR43:AT43),">"&AK43,(AR43:AT43),"<"&AL43)),"N/A") -> 403662 | AZ43: =IFERROR(IF(AM43="",$AD43,AVERAGEIFS((AU43:AW43),(AU43:AW43),">"&AM43,(AU43:AW43),"<"&AN43)),"N/A") -> 398047 | BA43: {=IF(AI43="",X43,IF(1-(_xlfn.STDEV.S(IF(AO43:AQ43>AI43,IF(AO43:AQ43<AJ43,AO43:AQ43)))/AX43)>70%,"ALTO","BAJO"))} -> ALTO | BB43: {=IF(AK43="",AC43,IF(1-(_xlfn.STDEV.S(IF(AR43:AT43>AK43,IF(AR43:AT43<AL43,AR43:AT43)))/AY43)>70%,"ALTO","BAJO"))} -> ALTO | BC43: {=IF(AM43="",AH43,IF(1-(_xlfn.STDEV.S(IF(AU43:AW43>AM43,IF(AU43:AW43<AN43,AU43:AW43)))/AZ43)>70%,"ALTO","BAJO"))} -> ALTO | BD43: =AX43 -> 258555 | BF43: =AY43 -> 403662 | BG43: =AZ43 -> 398047
A44: =A43+1 -> 39 | B44: CAMBIO CAJA COMPLETA FILTRO DE AIRE | C44: ud | D44: 1 | E44: 156000 | F44: 163800 | G44: =IFERROR(VLOOKUP(HONDA!B44,'SDM-COT-097-2026'!$B$6:$E$203,4,FALSE),"N/A") -> 26021.554 | I44: =I43+1 -> 39 | J44: CAJA COMPLETA FILTRO DE AIRE | K44: ud. | L44: 1 | O44: =IFERROR(VLOOKUP($J44,'SDM-COT-097-2026'!$H$6:$M$203,6,FALSE),"N/A") -> 117633.81 | R44: =IFERROR(VLOOKUP($J44,'SDM-COT-097-2026'!$H$6:$N$203,7,FALSE),"N/A") -> 112519.3 | T44: =IFERROR(ROUND(AVERAGE($E44,$F44,G44),0),"N/A") -> 115274 | U44: =IFERROR(ROUND(STDEVP($E44,$F44,G44),0),"N/A") -> 63191 | V44: =IFERROR(ROUND((U44/T44)*100,0),"N/A") -> 55 | W44: =IFERROR(ROUND(100-V44,0),"N/A") -> 45 | X44: =IF(W44>75,"ALTO","BAJO") -> BAJO | Y44: =IFERROR(ROUND(AVERAGE($M44,$N44,O44),0),"N/A") -> 117634 | Z44: =IFERROR(ROUND(STDEVP($M44,$N44,R44),0),"N/A") -> 0 | AA44: =IFERROR(ROUND((Z44/Y44)*100,0),"N/A") -> 0 | AB44: =IFERROR(ROUND(100-AA44,0),"N/A") -> 100 | AC44: =IF(AB44>75,"ALTO","BAJO") -> ALTO | AD44: =IFERROR(ROUND(AVERAGE($P44,$Q44,R44),0),"N/A") -> 112519 | AE44: =IFERROR(ROUND(STDEVP($P44,$Q44,R44),0),"N/A") -> 0 | AF44: =IFERROR(ROUND((AE44/AD44)*100,0),"N/A") -> 0 | AG44: =IFERROR(ROUND(100-AF44,0),"N/A") -> 100 | AH44: =IF(AG44>75,"ALTO","BAJO") -> ALTO | AI44: =IFERROR(MIN($E44,$F44,$G44),"N/A") -> 26021.554 | AJ44: 155000 | AK44: =IFERROR(IF(AC44="BAJO",(Y44-_xlfn.STDEV.S($M44,$N44,$O44)),""),"N/A") | AL44: =IFERROR(IF(AC44="BAJO",(Y44+_xlfn.STDEV.S($M44,$N44,$O44)),""),"N/A") | AM44: =IFERROR(IF(AH44="BAJO",(AD44-_xlfn.STDEV.S($P44,$Q44,$R44)),""),"N/A") | AN44: =IFERROR(IF(AH44="BAJO",(AD44+_xlfn.STDEV.S($P44,$Q44,$R44)),""),"N/A") | AO44: =E44 -> 156000 | AP44: =F44 -> 163800 | AQ44: =G44 -> 26021.554 | AR44: =M44 | AS44: =N44 | AT44: =O44 -> 117633.81 | AU44: =P44 | AV44: =Q44 | AW44: =R44 -> 112519.3 | AX44: =IFERROR(IF(AI44="",$T44,AVERAGEIFS((AO44:AQ44),(AO44:AQ44),">="&AI44,(AO44:AQ44),"<"&AJ44)),"N/A") -> 26021.554 | AY44: =IFERROR(IF(AK44="",$Y44,AVERAGEIFS((AR44:AT44),(AR44:AT44),">"&AK44,(AR44:AT44),"<"&AL44)),"N/A") -> 117634 | AZ44: =IFERROR(IF(AM44="",$AD44,AVERAGEIFS((AU44:AW44),(AU44:AW44),">"&AM44,(AU44:AW44),"<"&AN44)),"N/A") -> 112519 | BA44: {=IFERROR(IF(AI44="",X44,IF(1-(_xlfn.STDEV.S(IF(AO44:AQ44>AI44,IF(AO44:AQ44<AJ44,AO44:AQ44)))/AX44)>70%,"ALTO","BAJO")),"ALTO")} -> ALTO | BB44: {=IF(AK44="",AC44,IF(1-(_xlfn.STDEV.S(IF(AR44:AT44>AK44,IF(AR44:AT44<AL44,AR44:AT44)))/AY44)>70%,"ALTO","BAJO"))} -> ALTO | BC44: {=IF(AM44="",AH44,IF(1-(_xlfn.STDEV.S(IF(AU44:AW44>AM44,IF(AU44:AW44<AN44,AU44:AW44)))/AZ44)>70%,"ALTO","BAJO"))} -> ALTO | BD44: =AX44 -> 26021.554 | BF44: =AY44 -> 117634 | BG44: =AZ44 -> 112519
A45: =A44+1 -> 40 | B45: CAMBIO CAJA EMBRAGUE COMPLETO | C45: ud | D45: 1 | E45: 167604 | F45: 175984 | G45: =IFERROR(VLOOKUP(HONDA!B45,'SDM-COT-097-2026'!$B$6:$E$203,4,FALSE),"N/A") -> 233574.82 | I45: =I44+1 -> 40 | J45: CAJA EMBRAGUE COMPLETO | K45: ud. | L45: 1 | M45: 179504 | N45: 188479 | O45: =IFERROR(VLOOKUP($J45,'SDM-COT-097-2026'!$H$6:$M$203,6,FALSE),"N/A") -> 1063909.1 | P45: 164255 | Q45: 172468 | R45: =IFERROR(VLOOKUP($J45,'SDM-COT-097-2026'!$H$6:$N$203,7,FALSE),"N/A") -> 1017652.2 | T45: =IFERROR(ROUND(AVERAGE($E45,$F45,G45),0),"N/A") -> 192388 | U45: =IFERROR(ROUND(STDEVP($E45,$F45,G45),0),"N/A") -> 29324 | V45: =IFERROR(ROUND((U45/T45)*100,0),"N/A") -> 15 | W45: =IFERROR(ROUND(100-V45,0),"N/A") -> 85 | X45: =IF(W45>75,"ALTO","BAJO") -> ALTO | Y45: =IFERROR(ROUND(AVERAGE($M45,$N45,O45),0),"N/A") -> 477297 | Z45: =IFERROR(ROUND(STDEVP($M45,$N45,R45),0),"N/A") -> 393009 | AA45: =IFERROR(ROUND((Z45/Y45)*100,0),"N/A") -> 82 | AB45: =IFERROR(ROUND(100-AA45,0),"N/A") -> 18 | AC45: =IF(AB45>75,"ALTO","BAJO") -> BAJO | AD45: =IFERROR(ROUND(AVERAGE($P45,$Q45,R45),0),"N/A") -> 451458 | AE45: =IFERROR(ROUND(STDEVP($P45,$Q45,R45),0),"N/A") -> 400374 | AF45: =IFERROR(ROUND((AE45/AD45)*100,0),"N/A") -> 89 | AG45: =IFERROR(ROUND(100-AF45,0),"N/A") -> 11 | AH45: =IF(AG45>75,"ALTO","BAJO") -> BAJO | AI45: =IFERROR(IF(X45="BAJO",(T45-_xlfn.STDEV.S($E45,$F45,$G45)),""),"N/A") | AJ45: =IFERROR(IF(X45="BAJO",(T45+_xlfn.STDEV.S($E45,$F45,$G45)),""),"N/A") | AK45: =IFERROR(IF(AC45="BAJO",(Y45-_xlfn.STDEV.S($M45,$N45,$O45)),""),"N/A") -> -30743.491 | AL45: =IFERROR(IF(AC45="BAJO",(Y45+_xlfn.STDEV.S($M45,$N45,$O45)),""),"N/A") -> 985337.49 | AM45: =IFERROR(IF(AH45="BAJO",(AD45-_xlfn.STDEV.S($P45,$Q45,$R45)),""),"N/A") -> -38897.407 | AN45: =IFERROR(IF(AH45="BAJO",(AD45+_xlfn.STDEV.S($P45,$Q45,$R45)),""),"N/A") -> 941813.41 | AO45: =E45 -> 167604 | AP45: =F45 -> 175984 | AQ45: =G45 -> 233574.82 | AR45: =M45 -> 179504 | AS45: =N45 -> 188479 | AT45: =O45 -> 1063909.1 | AU45: =P45 -> 164255 | AV45: =Q45 -> 172468 | AW45: =R45 -> 1017652.2 | AX45: =IFERROR(IF(AI45="",$T45,AVERAGEIFS((AO45:AQ45),(AO45:AQ45),">"&AI45,(AO45:AQ45),"<"&AJ45)),"N/A") -> 192388 | AY45: =IFERROR(IF(AK45="",$Y45,AVERAGEIFS((AR45:AT45),(AR45:AT45),">"&AK45,(AR45:AT45),"<"&AL45)),"N/A") -> 183991.5 | AZ45: =IFERROR(IF(AM45="",$AD45,AVERAGEIFS((AU45:AW45),(AU45:AW45),">"&AM45,(AU45:AW45),"<"&AN45)),"N/A") -> 168361.5 | BA45: {=IF(AI45="",X45,IF(1-(_xlfn.STDEV.S(IF(AO45:AQ45>AI45,IF(AO45:AQ45<AJ45,AO45:AQ45)))/AX45)>70%,"ALTO","BAJO"))} -> ALTO | BB45: {=IF(AK45="",AC45,IF(1-(_xlfn.STDEV.S(IF(AR45:AT45>AK45,IF(AR45:AT45<AL45,AR45:AT45)))/AY45)>70%,"ALTO","BAJO"))} -> ALTO | BC45: {=IF(AM45="",AH45,IF(1-(_xlfn.STDEV.S(IF(AU45:AW45>AM45,IF(AU45:AW45<AN45,AU45:AW45)))/AZ45)>70%,"ALTO","BAJO"))} -> ALTO | BD45: =AX45 -> 192388 | BF45: =AY45 -> 183991.5 | BG45: =AZ45 -> 168361.5
A46: =A45+1 -> 41 | B46: CAMBIO CAJA PIÑON VELOCIMETRO | C46: ud | D46: 1 | E46: 182000 | F46: 191100 | G46: =IFERROR(VLOOKUP(HONDA!B46,'SDM-COT-097-2026'!$B$6:$E$203,4,FALSE),"N/A") -> 57911.022 | I46: =I45+1 -> 41 | J46: CAJA PIÑON VELOCIMETRO | K46: ud. | L46: 1 | O46: =IFERROR(VLOOKUP($J46,'SDM-COT-097-2026'!$H$6:$M$203,6,FALSE),"N/A") -> N/A | P46: 421790.2 | Q46: 442880 | R46: =IFERROR(VLOOKUP($J46,'SDM-COT-097-2026'!$H$6:$N$203,7,FALSE),"N/A") -> 527800 | T46: =IFERROR(ROUND(AVERAGE($E46,$F46,G46),0),"N/A") -> 143670 | U46: =IFERROR(ROUND(STDEVP($E46,$F46,G46),0),"N/A") -> 60755 | V46: =IFERROR(ROUND((U46/T46)*100,0),"N/A") -> 42 | W46: =IFERROR(ROUND(100-V46,0),"N/A") -> 58 | X46: =IF(W46>75,"ALTO","BAJO") -> BAJO | Y46: =IFERROR(ROUND(AVERAGE($M46,$N46,O46),0),"N/A") -> N/A | Z46: =IFERROR(ROUND(STDEVP($M46,$N46,R46),0),"N/A") -> 0 | AA46: =IFERROR(ROUND((Z46/Y46)*100,0),"N/A") -> N/A | AB46: =IFERROR(ROUND(100-AA46,0),"N/A") -> N/A | AC46: =IF(AB46>75,"ALTO","BAJO") -> ALTO | AD46: =IFERROR(ROUND(AVERAGE($P46,$Q46,R46),0),"N/A") -> 464157 | AE46: =IFERROR(ROUND(STDEVP($P46,$Q46,R46),0),"N/A") -> 45819 | AF46: =IFERROR(ROUND((AE46/AD46)*100,0),"N/A") -> 10 | AG46: =IFERROR(ROUND(100-AF46,0),"N/A") -> 90 | AH46: =IF(AG46>75,"ALTO","BAJO") -> ALTO | AI46: =IFERROR(MIN($E46,$F46,$G46),"N/A") -> 57911.022 | AJ46: 155000 | AK46: =IFERROR(IF(AC46="BAJO",(Y46-_xlfn.STDEV.S($M46,$N46,$O46)),""),"N/A") | AL46: =IFERROR(IF(AC46="BAJO",(Y46+_xlfn.STDEV.S($M46,$N46,$O46)),""),"N/A") | AM46: =IFERROR(IF(AH46="BAJO",(AD46-_xlfn.STDEV.S($P46,$Q46,$R46)),""),"N/A") | AN46: =IFERROR(IF(AH46="BAJO",(AD46+_xlfn.STDEV.S($P46,$Q46,$R46)),""),"N/A") | AO46: =E46 -> 182000 | AP46: =F46 -> 191100 | AQ46: =G46 -> 57911.022 | AR46: =M46 | AS46: =N46 | AT46: =O46 -> N/A | AU46: =P46 -> 421790.2 | AV46: =Q46 -> 442880 | AW46: =R46 -> 527800 | AX46: =IFERROR(IF(AI46="",$T46,AVERAGEIFS((AO46:AQ46),(AO46:AQ46),">="&AI46,(AO46:AQ46),"<"&AJ46)),"N/A") -> 57911.022 | AY46: =IFERROR(IF(AK46="",$Y46,AVERAGEIFS((AR46:AT46),(AR46:AT46),">"&AK46,(AR46:AT46),"<"&AL46)),"N/A") -> N/A | AZ46: =IFERROR(IF(AM46="",$AD46,AVERAGEIFS((AU46:AW46),(AU46:AW46),">"&AM46,(AU46:AW46),"<"&AN46)),"N/A") -> 464157 | BA46: {=IFERROR(IF(AI46="",X46,IF(1-(_xlfn.STDEV.S(IF(AO46:AQ46>AI46,IF(AO46:AQ46<AJ46,AO46:AQ46)))/AX46)>70%,"ALTO","BAJO")),"ALTO")} -> ALTO | BB46: {=IF(AK46="",AC46,IF(1-(_xlfn.STDEV.S(IF(AR46:AT46>AK46,IF(AR46:AT46<AL46,AR46:AT46)))/AY46)>70%,"ALTO","BAJO"))} -> ALTO | BC46: {=IF(AM46="",AH46,IF(1-(_xlfn.STDEV.S(IF(AU46:AW46>AM46,IF(AU46:AW46<AN46,AU46:AW46)))/AZ46)>70%,"ALTO","BAJO"))} -> ALTO | BD46: =AX46 -> 57911.022 | BF46: =AY46 -> N/A | BG46: =AZ46 -> 464157
A47: =A46+1 -> 42 | B47: CAMBIO CALIPER FRENO DELANTERO | C47: ud | D47: 1 | E47: 156000 | F47: 163800 | G47: =IFERROR(VLOOKUP(HONDA!B47,'SDM-COT-097-2026'!$B$6:$E$203,4,FALSE),"N/A") -> 169873.18 | I47: =I46+1 -> 42 | J47: CALIPER FRENO DELANTERO | K47: ud. | L47: 1 | M47: 757313.7 | N47: 795179 | O47: =IFERROR(VLOOKUP($J47,'SDM-COT-097-2026'!$H$6:$M$203,6,FALSE),"N/A") -> 859033.42 | P47: 935320.1 | Q47: 982086 | R47: =IFERROR(VLOOKUP($J47,'SDM-COT-097-2026'!$H$6:$N$203,7,FALSE),"N/A") -> 821684.14 | T47: =IFERROR(ROUND(AVERAGE($E47,$F47,G47),0),"N/A") -> 163224 | U47: =IFERROR(ROUND(STDEVP($E47,$F47,G47),0),"N/A") -> 5678 | V47: =IFERROR(ROUND((U47/T47)*100,0),"N/A") -> 3 | W47: =IFERROR(ROUND(100-V47,0),"N/A") -> 97 | X47: =IF(W47>75,"ALTO","BAJO") -> ALTO | Y47: =IFERROR(ROUND(AVERAGE($M47,$N47,O47),0),"N/A") -> 803842 | Z47: =IFERROR(ROUND(STDEVP($M47,$N47,R47),0),"N/A") -> 26415 | AA47: =IFERROR(ROUND((Z47/Y47)*100,0),"N/A") -> 3 | AB47: =IFERROR(ROUND(100-AA47,0),"N/A") -> 97 | AC47: =IF(AB47>75,"ALTO","BAJO") -> ALTO | AD47: =IFERROR(ROUND(AVERAGE($P47,$Q47,R47),0),"N/A") -> 913030 | AE47: =IFERROR(ROUND(STDEVP($P47,$Q47,R47),0),"N/A") -> 67354 | AF47: =IFERROR(ROUND((AE47/AD47)*100,0),"N/A") -> 7 | AG47: =IFERROR(ROUND(100-AF47,0),"N/A") -> 93 | AH47: =IF(AG47>75,"ALTO","BAJO") -> ALTO | AI47: =IFERROR(IF(X47="BAJO",(T47-_xlfn.STDEV.S($E47,$F47,$G47)),""),"N/A") | AJ47: =IFERROR(IF(X47="BAJO",(T47+_xlfn.STDEV.S($E47,$F47,$G47)),""),"N/A") | AK47: =IFERROR(IF(AC47="BAJO",(Y47-_xlfn.STDEV.S($M47,$N47,$O47)),""),"N/A") | AL47: =IFERROR(IF(AC47="BAJO",(Y47+_xlfn.STDEV.S($M47,$N47,$O47)),""),"N/A") | AM47: =IFERROR(IF(AH47="BAJO",(AD47-_xlfn.STDEV.S($P47,$Q47,$R47)),""),"N/A") | AN47: =IFERROR(IF(AH47="BAJO",(AD47+_xlfn.STDEV.S($P47,$Q47,$R47)),""),"N/A") | AO47: =E47 -> 156000 | AP47: =F47 -> 163800 | AQ47: =G47 -> 169873.18 | AR47: =M47 -> 757313.7 | AS47: =N47 -> 795179 | AT47: =O47 -> 859033.42 | AU47: =P47 -> 935320.1 | AV47: =Q47 -> 982086 | AW47: =R47 -> 821684.14 | AX47: =IFERROR(IF(AI47="",$T47,AVERAGEIFS((AO47:AQ47),(AO47:AQ47),">"&AI47,(AO47:AQ47),"<"&AJ47)),"N/A") -> 163224 | AY47: =IFERROR(IF(AK47="",$Y47,AVERAGEIFS((AR47:AT47),(AR47:AT47),">"&AK47,(AR47:AT47),"<"&AL47)),"N/A") -> 803842 | AZ47: =IFERROR(IF(AM47="",$AD47,AVERAGEIFS((AU47:AW47),(AU47:AW47),">"&AM47,(AU47:AW47),"<"&AN47)),"N/A") -> 913030 | BA47: {=IF(AI47="",X47,IF(1-(_xlfn.STDEV.S(IF(AO47:AQ47>AI47,IF(AO47:AQ47<AJ47,AO47:AQ47)))/AX47)>70%,"ALTO","BAJO"))} -> ALTO | BB47: {=IF(AK47="",AC47,IF(1-(_xlfn.STDEV.S(IF(AR47:AT47>AK47,IF(AR47:AT47<AL47,AR47:AT47)))/AY47)>70%,"ALTO","BAJO"))} -> ALTO | BC47: {=IF(AM47="",AH47,IF(1-(_xlfn.STDEV.S(IF(AU47:AW47>AM47,IF(AU47:AW47<AN47,AU47:AW47)))/AZ47)>70%,"ALTO","BAJO"))} -> ALTO | BD47: =AX47 -> 163224 | BF47: =AY47 -> 803842 | BG47: =AZ47 -> 913030
A48: =A47+1 -> 43 | B48: CAMBIO CALIPER FRENO TRASERO | C48: ud | D48: 1 | E48: 156000 | F48: 163800 | G48: =IFERROR(VLOOKUP(HONDA!B48,'SDM-COT-097-2026'!$B$6:$E$203,4,FALSE),"N/A") -> 159256.5 | I48: =I47+1 -> 43 | J48: CALIPER FRENO TRASERO | K48: ud. | L48: 1 | M48: 750022 | N48: 787523 | O48: =IFERROR(VLOOKUP($J48,'SDM-COT-097-2026'!$H$6:$M$203,6,FALSE),"N/A") -> 982770.36 | R48: =IFERROR(VLOOKUP($J48,'SDM-COT-097-2026'!$H$6:$N$203,7,FALSE),"N/A") -> N/A | T48: =IFERROR(ROUND(AVERAGE($E48,$F48,G48),0),"N/A") -> 159685 | U48: =IFERROR(ROUND(STDEVP($E48,$F48,G48),0),"N/A") -> 3199 | V48: =IFERROR(ROUND((U48/T48)*100,0),"N/A") -> 2 | W48: =IFERROR(ROUND(100-V48,0),"N/A") -> 98 | X48: =IF(W48>75,"ALTO","BAJO") -> ALTO | Y48: =IFERROR(ROUND(AVERAGE($M48,$N48,O48),0),"N/A") -> 840105 | Z48: =IFERROR(ROUND(STDEVP($M48,$N48,R48),0),"N/A") -> 18751 | AA48: =IFERROR(ROUND((Z48/Y48)*100,0),"N/A") -> 2 | AB48: =IFERROR(ROUND(100-AA48,0),"N/A") -> 98 | AC48: =IF(AB48>75,"ALTO","BAJO") -> ALTO | AD48: =IFERROR(ROUND(AVERAGE($P48,$Q48,R48),0),"N/A") -> N/A | AE48: =IFERROR(ROUND(STDEVP($P48,$Q48,R48),0),"N/A") -> N/A | AF48: =IFERROR(ROUND((AE48/AD48)*100,0),"N/A") -> N/A | AG48: =IFERROR(ROUND(100-AF48,0),"N/A") -> N/A | AH48: =IF(AG48>75,"ALTO","BAJO") -> ALTO | AI48: =IFERROR(IF(X48="BAJO",(T48-_xlfn.STDEV.S($E48,$F48,$G48)),""),"N/A") | AJ48: =IFERROR(IF(X48="BAJO",(T48+_xlfn.STDEV.S($E48,$F48,$G48)),""),"N/A") | AK48: =IFERROR(IF(AC48="BAJO",(Y48-_xlfn.STDEV.S($M48,$N48,$O48)),""),"N/A") | AL48: =IFERROR(IF(AC48="BAJO",(Y48+_xlfn.STDEV.S($M48,$N48,$O48)),""),"N/A") | AM48: =IFERROR(IF(AH48="BAJO",(AD48-_xlfn.STDEV.S($P48,$Q48,$R48)),""),"N/A") | AN48: =IFERROR(IF(AH48="BAJO",(AD48+_xlfn.STDEV.S($P48,$Q48,$R48)),""),"N/A") | AO48: =E48 -> 156000 | AP48: =F48 -> 163800 | AQ48: =G48 -> 159256.5 | AR48: =M48 -> 750022 | AS48: =N48 -> 787523 | AT48: =O48 -> 982770.36 | AU48: =P48 | AV48: =Q48 | AW48: =R48 -> N/A | AX48: =IFERROR(IF(AI48="",$T48,AVERAGEIFS((AO48:AQ48),(AO48:AQ48),">"&AI48,(AO48:AQ48),"<"&AJ48)),"N/A") -> 159685 | AY48: =IFERROR(IF(AK48="",$Y48,AVERAGEIFS((AR48:AT48),(AR48:AT48),">"&AK48,(AR48:AT48),"<"&AL48)),"N/A") -> 840105 | AZ48: =IFERROR(IF(AM48="",$AD48,AVERAGEIFS((AU48:AW48),(AU48:AW48),">"&AM48,(AU48:AW48),"<"&AN48)),"N/A") -> N/A | BA48: {=IF(AI48="",X48,IF(1-(_xlfn.STDEV.S(IF(AO48:AQ48>AI48,IF(AO48:AQ48<AJ48,AO48:AQ48)))/AX48)>70%,"ALTO","BAJO"))} -> ALTO | BB48: {=IF(AK48="",AC48,IF(1-(_xlfn.STDEV.S(IF(AR48:AT48>AK48,IF(AR48:AT48<AL48,AR48:AT48)))/AY48)>70%,"ALTO","BAJO"))} -> ALTO | BC48: {=IF(AM48="",AH48,IF(1-(_xlfn.STDEV.S(IF(AU48:AW48>AM48,IF(AU48:AW48<AN48,AU48:AW48)))/AZ48)>70%,"ALTO","BAJO"))} -> ALTO | BD48: =AX48 -> 159685 | BF48: =AY48 -> 840105 | BG48: =AZ48 -> N/A
A49: =A48+1 -> 44 | B49: CAMBIO CAMPANA TRASERA | C49: ud | D49: 1 | E49: 223903 | F49: 235098 | G49: =IFERROR(VLOOKUP(HONDA!B49,'SDM-COT-097-2026'!$B$6:$E$203,4,FALSE),"N/A") -> 212341.47 | I49: =I48+1 -> 44 | J49: CAMPANA TRASERA | K49: ud. | L49: 1 | M49: 896184.9 | N49: 940994 | O49: =IFERROR(VLOOKUP($J49,'SDM-COT-097-2026'!$H$6:$M$203,6,FALSE),"N/A") -> 1323580 | P49: 822360.5 | Q49: 863479 | R49: =IFERROR(VLOOKUP($J49,'SDM-COT-097-2026'!$H$6:$N$203,7,FALSE),"N/A") -> 1123580 | T49: =IFERROR(ROUND(AVERAGE($E49,$F49,G49),0),"N/A") -> 223781 | U49: =IFERROR(ROUND(STDEVP($E49,$F49,G49),0),"N/A") -> 9291 | V49: =IFERROR(ROUND((U49/T49)*100,0),"N/A") -> 4 | W49: =IFERROR(ROUND(100-V49,0),"N/A") -> 96 | X49: =IF(W49>75,"ALTO","BAJO") -> ALTO | Y49: =IFERROR(ROUND(AVERAGE($M49,$N49,O49),0),"N/A") -> 1053586 | Z49: =IFERROR(ROUND(STDEVP($M49,$N49,R49),0),"N/A") -> 98350 | AA49: =IFERROR(ROUND((Z49/Y49)*100,0),"N/A") -> 9 | AB49: =IFERROR(ROUND(100-AA49,0),"N/A") -> 91 | AC49: =IF(AB49>75,"ALTO","BAJO") -> ALTO | AD49: =IFERROR(ROUND(AVERAGE($P49,$Q49,R49),0),"N/A") -> 936473 | AE49: =IFERROR(ROUND(STDEVP($P49,$Q49,R49),0),"N/A") -> 133365 | AF49: =IFERROR(ROUND((AE49/AD49)*100,0),"N/A") -> 14 | AG49: =IFERROR(ROUND(100-AF49,0),"N/A") -> 86 | AH49: =IF(AG49>75,"ALTO","BAJO") -> ALTO | AI49: =IFERROR(IF(X49="BAJO",(T49-_xlfn.STDEV.S($E49,$F49,$G49)),""),"N/A") | AJ49: =IFERROR(IF(X49="BAJO",(T49+_xlfn.STDEV.S($E49,$F49,$G49)),""),"N/A") | AK49: =IFERROR(IF(AC49="BAJO",(Y49-_xlfn.STDEV.S($M49,$N49,$O49)),""),"N/A") | AL49: =IFERROR(IF(AC49="BAJO",(Y49+_xlfn.STDEV.S($M49,$N49,$O49)),""),"N/A") | AM49: =IFERROR(IF(AH49="BAJO",(AD49-_xlfn.STDEV.S($P49,$Q49,$R49)),""),"N/A") | AN49: =IFERROR(IF(AH49="BAJO",(AD49+_xlfn.STDEV.S($P49,$Q49,$R49)),""),"N/A") | AO49: =E49 -> 223903 | AP49: =F49 -> 235098 | AQ49: =G49 -> 212341.47 | AR49: =M49 -> 896184.9 | AS49: =N49 -> 940994 | AT49: =O49 -> 1323580 | AU49: =P49 -> 822360.5 | AV49: =Q49 -> 863479 | AW49: =R49 -> 1123580 | AX49: =IFERROR(IF(AI49="",$T49,AVERAGEIFS((AO49:AQ49),(AO49:AQ49),">"&AI49,(AO49:AQ49),"<"&AJ49)),"N/A") -> 223781 | AY49: =IFERROR(IF(AK49="",$Y49,AVERAGEIFS((AR49:AT49),(AR49:AT49),">"&AK49,(AR49:AT49),"<"&AL49)),"N/A") -> 1053586 | AZ49: =IFERROR(IF(AM49="",$AD49,AVERAGEIFS((AU49:AW49),(AU49:AW49),">"&AM49,(AU49:AW49),"<"&AN49)),"N/A") -> 936473 | BA49: {=IF(AI49="",X49,IF(1-(_xlfn.STDEV.S(IF(AO49:AQ49>AI49,IF(AO49:AQ49<AJ49,AO49:AQ49)))/AX49)>70%,"ALTO","BAJO"))} -> ALTO | BB49: {=IF(AK49="",AC49,IF(1-(_xlfn.STDEV.S(IF(AR49:AT49>AK49,IF(AR49:AT49<AL49,AR49:AT49)))/AY49)>70%,"ALTO","BAJO"))} -> ALTO | BC49: {=IF(AM49="",AH49,IF(1-(_xlfn.STDEV.S(IF(AU49:AW49>AM49,IF(AU49:AW49<AN49,AU49:AW49)))/AZ49)>70%,"ALTO","BAJO"))} -> ALTO | BD49: =AX49 -> 223781 | BF49: =AY49 -> 1053586 | BG49: =AZ49 -> 936473
A50: =A49+1 -> 45 | B50: CAMBIO CAÑA ACELERADOR | C50: ud | D50: 1 | E50: 45500 | F50: 47775 | G50: =IFERROR(VLOOKUP(HONDA!B50,'SDM-COT-097-2026'!$B$6:$E$203,4,FALSE),"N/A") -> 28956.312 | I50: =I49+1 -> 45 | J50: CAÑA ACELERADOR | K50: ud. | L50: 1 | M50: 58347.9 | N50: 61265 | O50: =IFERROR(VLOOKUP($J50,'SDM-COT-097-2026'!$H$6:$M$203,6,FALSE),"N/A") -> 65936.25 | P50: 197077.4 | Q50: 206931 | R50: =IFERROR(VLOOKUP($J50,'SDM-COT-097-2026'!$H$6:$N$203,7,FALSE),"N/A") -> 63069.457 | T50: =IFERROR(ROUND(AVERAGE($E50,$F50,G50),0),"N/A") -> 40744 | U50: =IFERROR(ROUND(STDEVP($E50,$F50,G50),0),"N/A") -> 8387 | V50: =IFERROR(ROUND((U50/T50)*100,0),"N/A") -> 21 | W50: =IFERROR(ROUND(100-V50,0),"N/A") -> 79 | X50: =IF(W50>75,"ALTO","BAJO") -> ALTO | Y50: =IFERROR(ROUND(AVERAGE($M50,$N50,O50),0),"N/A") -> 61850 | Z50: =IFERROR(ROUND(STDEVP($M50,$N50,R50),0),"N/A") -> 1945 | AA50: =IFERROR(ROUND((Z50/Y50)*100,0),"N/A") -> 3 | AB50: =IFERROR(ROUND(100-AA50,0),"N/A") -> 97 | AC50: =IF(AB50>75,"ALTO","BAJO") -> ALTO | AD50: =IFERROR(ROUND(AVERAGE($P50,$Q50,R50),0),"N/A") -> 155693 | AE50: =IFERROR(ROUND(STDEVP($P50,$Q50,R50),0),"N/A") -> 65618 | AF50: =IFERROR(ROUND((AE50/AD50)*100,0),"N/A") -> 42 | AG50: =IFERROR(ROUND(100-AF50,0),"N/A") -> 58 | AH50: =IF(AG50>75,"ALTO","BAJO") -> BAJO | AI50: =IFERROR(IF(X50="BAJO",(T50-_xlfn.STDEV.S($E50,$F50,$G50)),""),"N/A") | AJ50: =IFERROR(IF(X50="BAJO",(T50+_xlfn.STDEV.S($E50,$F50,$G50)),""),"N/A") | AK50: =IFERROR(IF(AC50="BAJO",(Y50-_xlfn.STDEV.S($M50,$N50,$O50)),""),"N/A") | AL50: =IFERROR(IF(AC50="BAJO",(Y50+_xlfn.STDEV.S($M50,$N50,$O50)),""),"N/A") | AM50: =IFERROR(MIN($P50,$Q50,$R50),"N/A") -> 63069.457 | AN50: 196077.4 | AO50: =E50 -> 45500 | AP50: =F50 -> 47775 | AQ50: =G50 -> 28956.312 | AR50: =M50 -> 58347.9 | AS50: =N50 -> 61265 | AT50: =O50 -> 65936.25 | AU50: =P50 -> 197077.4 | AV50: =Q50 -> 206931 | AW50: =R50 -> 63069.457 | AX50: =IFERROR(IF(AI50="",$T50,AVERAGEIFS((AO50:AQ50),(AO50:AQ50),">"&AI50,(AO50:AQ50),"<"&AJ50)),"N/A") -> 40744 | AY50: =IFERROR(IF(AK50="",$Y50,AVERAGEIFS((AR50:AT50),(AR50:AT50),">"&AK50,(AR50:AT50),"<"&AL50)),"N/A") -> 61850 | AZ50: =IFERROR(IF(AM50="",$AD50,AVERAGEIFS((AU50:AW50),(AU50:AW50),">="&AM50,(AU50:AW50),"<"&AN50)),"N/A") -> 63069.457 | BA50: {=IF(AI50="",X50,IF(1-(_xlfn.STDEV.S(IF(AO50:AQ50>AI50,IF(AO50:AQ50<AJ50,AO50:AQ50)))/AX50)>70%,"ALTO","BAJO"))} -> ALTO | BB50: {=IF(AK50="",AC50,IF(1-(_xlfn.STDEV.S(IF(AR50:AT50>AK50,IF(AR50:AT50<AL50,AR50:AT50)))/AY50)>70%,"ALTO","BAJO"))} -> ALTO | BC50: {=IFERROR(IF(AM50="",AH50,IF(1-(_xlfn.STDEV.S(IF(AU50:AW50>AM50,IF(AU50:AW50<AN50,AU50:AW50)))/AZ50)>70%,"ALTO","BAJO")),"ALTO")} -> ALTO | BD50: =AX50 -> 40744 | BF50: =AY50 -> 61850 | BG50: =AZ50 -> 63069.457
A51: =A50+1 -> 46 | B51: CAMBIO CAPUCHON BUJIA | C51: ud | D51: 1 | E51: 13000 | F51: 13650 | G51: =IFERROR(VLOOKUP(HONDA!B51,'SDM-COT-097-2026'!$B$6:$E$203,4,FALSE),"N/A") -> 28956.312 | I51: =I50+1 -> 46 | J51: CAPUCHON BUJIA | K51: ud. | L51: 1 | O51: =IFERROR(VLOOKUP($J51,'SDM-COT-097-2026'!$H$6:$M$203,6,FALSE),"N/A") -> 10009.623 | R51: =IFERROR(VLOOKUP($J51,'SDM-COT-097-2026'!$H$6:$N$203,7,FALSE),"N/A") -> 9574.422 | T51: =IFERROR(ROUND(AVERAGE($E51,$F51,G51),0),"N/A") -> 18535 | U51: =IFERROR(ROUND(STDEVP($E51,$F51,G51),0),"N/A") -> 7373 | V51: =IFERROR(ROUND((U51/T51)*100,0),"N/A") -> 40 | W51: =IFERROR(ROUND(100-V51,0),"N/A") -> 60 | X51: =IF(W51>75,"ALTO","BAJO") -> BAJO | Y51: =IFERROR(ROUND(AVERAGE($M51,$N51,O51),0),"N/A") -> 10010 | Z51: =IFERROR(ROUND(STDEVP($M51,$N51,R51),0),"N/A") -> 0 | AA51: =IFERROR(ROUND((Z51/Y51)*100,0),"N/A") -> 0 | AB51: =IFERROR(ROUND(100-AA51,0),"N/A") -> 100 | AC51: =IF(AB51>75,"ALTO","BAJO") -> ALTO | AD51: =IFERROR(ROUND(AVERAGE($P51,$Q51,R51),0),"N/A") -> 9574 | AE51: =IFERROR(ROUND(STDEVP($P51,$Q51,R51),0),"N/A") -> 0 | AF51: =IFERROR(ROUND((AE51/AD51)*100,0),"N/A") -> 0 | AG51: =IFERROR(ROUND(100-AF51,0),"N/A") -> 100 | AH51: =IF(AG51>75,"ALTO","BAJO") -> ALTO | AI51: =IFERROR(IF(X51="BAJO",(T51-_xlfn.STDEV.S($E51,$F51,$G51)),""),"N/A") -> 9504.4077 | AJ51: =IFERROR(IF(X51="BAJO",(T51+_xlfn.STDEV.S($E51,$F51,$G51)),""),"N/A") -> 27565.592 | AK51: =IFERROR(IF(AC51="BAJO",(Y51-_xlfn.STDEV.S($M51,$N51,$O51)),""),"N/A") | AL51: =IFERROR(IF(AC51="BAJO",(Y51+_xlfn.STDEV.S($M51,$N51,$O51)),""),"N/A") | AM51: =IFERROR(IF(AH51="BAJO",(AD51-_xlfn.STDEV.S($P51,$Q51,$R51)),""),"N/A") | AN51: =IFERROR(IF(AH51="BAJO",(AD51+_xlfn.STDEV.S($P51,$Q51,$R51)),""),"N/A") | AO51: =E51 -> 13000 | AP51: =F51 -> 13650 | AQ51: =G51 -> 28956.312 | AR51: =M51 | AS51: =N51 | AT51: =O51 -> 10009.623 | AU51: =P51 | AV51: =Q51 | AW51: =R51 -> 9574.422 | AX51: =IFERROR(IF(AI51="",$T51,AVERAGEIFS((AO51:AQ51),(AO51:AQ51),">"&AI51,(AO51:AQ51),"<"&AJ51)),"N/A") -> 13325 | AY51: =IFERROR(IF(AK51="",$Y51,AVERAGEIFS((AR51:AT51),(AR51:AT51),">"&AK51,(AR51:AT51),"<"&AL51)),"N/A") -> 10010 | AZ51: =IFERROR(IF(AM51="",$AD51,AVERAGEIFS((AU51:AW51),(AU51:AW51),">"&AM51,(AU51:AW51),"<"&AN51)),"N/A") -> 9574 | BA51: {=IF(AI51="",X51,IF(1-(_xlfn.STDEV.S(IF(AO51:AQ51>AI51,IF(AO51:AQ51<AJ51,AO51:AQ51)))/AX51)>70%,"ALTO","BAJO"))} -> ALTO | BB51: {=IF(AK51="",AC51,IF(1-(_xlfn.STDEV.S(IF(AR51:AT51>AK51,IF(AR51:AT51<AL51,AR51:AT51)))/AY51)>70%,"ALTO","BAJO"))} -> ALTO | BC51: {=IF(AM51="",AH51,IF(1-(_xlfn.STDEV.S(IF(AU51:AW51>AM51,IF(AU51:AW51<AN51,AU51:AW51)))/AZ51)>70%,"ALTO","BAJO"))} -> ALTO | BD51: =AX51 -> 13325 | BF51: =AY51 -> 10010 | BG51: =AZ51 -> 9574
A52: =A51+1 -> 47 | B52: CAMBIO CASQUETES BIELA | C52: ud | D52: 1 | E52: 1117367 | F52: 1173235 | G52: =IFERROR(VLOOKUP(HONDA!B52,'SDM-COT-097-2026'!$B$6:$E$203,4,FALSE),"N/A") -> 318511.4 | I52: =I51+1 -> 47 | J52: CASQUETES BIELA | K52: ud. | L52: 1 | O52: =IFERROR(VLOOKUP($J52,'SDM-COT-097-2026'!$H$6:$M$203,6,FALSE),"N/A") -> 179653.69 | R52: =IFERROR(VLOOKUP($J52,'SDM-COT-097-2026'!$H$6:$N$203,7,FALSE),"N/A") -> 171842.66 | T52: =IFERROR(ROUND(AVERAGE($E52,$F52,G52),0),"N/A") -> 869704 | U52: =IFERROR(ROUND(STDEVP($E52,$F52,G52),0),"N/A") -> 390419 | V52: =IFERROR(ROUND((U52/T52)*100,0),"N/A") -> 45 | W52: =IFERROR(ROUND(100-V52,0),"N/A") -> 55 | X52: =IF(W52>75,"ALTO","BAJO") -> BAJO | Y52: =IFERROR(ROUND(AVERAGE($M52,$N52,O52),0),"N/A") -> 179654 | Z52: =IFERROR(ROUND(STDEVP($M52,$N52,R52),0),"N/A") -> 0 | AA52: =IFERROR(ROUND((Z52/Y52)*100,0),"N/A") -> 0 | AB52: =IFERROR(ROUND(100-AA52,0),"N/A") -> 100 | AC52: =IF(AB52>75,"ALTO","BAJO") -> ALTO | AD52: =IFERROR(ROUND(AVERAGE($P52,$Q52,R52),0),"N/A") -> 171843 | AE52: =IFERROR(ROUND(STDEVP($P52,$Q52,R52),0),"N/A") -> 0 | AF52: =IFERROR(ROUND((AE52/AD52)*100,0),"N/A") -> 0 | AG52: =IFERROR(ROUND(100-AF52,0),"N/A") -> 100 | AH52: =IF(AG52>75,"ALTO","BAJO") -> ALTO | AI52: =IFERROR(MIN($E52,$F52,$G52),"N/A") -> 318511.4 | AJ52: 1116367 | AK52: =IFERROR(IF(AC52="BAJO",(Y52-_xlfn.STDEV.S($M52,$N52,$O52)),""),"N/A") | AL52: =IFERROR(IF(AC52="BAJO",(Y52+_xlfn.STDEV.S($M52,$N52,$O52)),""),"N/A") | AM52: =IFERROR(IF(AH52="BAJO",(AD52-_xlfn.STDEV.S($P52,$Q52,$R52)),""),"N/A") | AN52: =IFERROR(IF(AH52="BAJO",(AD52+_xlfn.STDEV.S($P52,$Q52,$R52)),""),"N/A") | AO52: =E52 -> 1117367 | AP52: =F52 -> 1173235 | AQ52: =G52 -> 318511.4 | AR52: =M52 | AS52: =N52 | AT52: =O52 -> 179653.69 | AU52: =P52 | AV52: =Q52 | AW52: =R52 -> 171842.66 | AX52: =IFERROR(IF(AI52="",$T52,AVERAGEIFS((AO52:AQ52),(AO52:AQ52),">="&AI52,(AO52:AQ52),"<"&AJ52)),"N/A") -> 318511.4 | AY52: =IFERROR(IF(AK52="",$Y52,AVERAGEIFS((AR52:AT52),(AR52:AT52),">"&AK52,(AR52:AT52),"<"&AL52)),"N/A") -> 179654 | AZ52: =IFERROR(IF(AM52="",$AD52,AVERAGEIFS((AU52:AW52),(AU52:AW52),">"&AM52,(AU52:AW52),"<"&AN52)),"N/A") -> 171843 | BA52: {=IFERROR(IF(AI52="",X52,IF(1-(_xlfn.STDEV.S(IF(AO52:AQ52>AI52,IF(AO52:AQ52<AJ52,AO52:AQ52)))/AX52)>70%,"ALTO","BAJO")),"ALTO")} -> ALTO | BB52: {=IF(AK52="",AC52,IF(1-(_xlfn.STDEV.S(IF(AR52:AT52>AK52,IF(AR52:AT52<AL52,AR52:AT52)))/AY52)>70%,"ALTO","BAJO"))} -> ALTO | BC52: {=IF(AM52="",AH52,IF(1-(_xlfn.STDEV.S(IF(AU52:AW52>AM52,IF(AU52:AW52<AN52,AU52:AW52)))/AZ52)>70%,"ALTO","BAJO"))} -> ALTO | BD52: =AX52 -> 318511.4 | BF52: =AY52 -> 179654 | BG52: =AZ52 -> 171843
A53: =A52+1 -> 48 | B53: CAMBIO CATALINA DE CADENA | C53: ud | D53: 1 | E53: 167605 | F53: 175985 | G53: =IFERROR(VLOOKUP(HONDA!B53,'SDM-COT-097-2026'!$B$6:$E$203,4,FALSE),"N/A") -> 48258.918 | I53: =I52+1 -> 48 | J53: CATALINA DE CADENA | K53: ud. | L53: 1 | M53: 413948.6 | N53: 434646 | O53: =IFERROR(VLOOKUP($J53,'SDM-COT-097-2026'!$H$6:$M$203,6,FALSE),"N/A") -> 331697.7 | P53: 294136.7 | Q53: 308844 | R53: =IFERROR(VLOOKUP($J53,'SDM-COT-097-2026'!$H$6:$N$203,7,FALSE),"N/A") -> 317276.06 | T53: =IFERROR(ROUND(AVERAGE($E53,$F53,G53),0),"N/A") -> 130616 | U53: =IFERROR(ROUND(STDEVP($E53,$F53,G53),0),"N/A") -> 58336 | V53: =IFERROR(ROUND((U53/T53)*100,0),"N/A") -> 45 | W53: =IFERROR(ROUND(100-V53,0),"N/A") -> 55 | X53: =IF(W53>75,"ALTO","BAJO") -> BAJO | Y53: =IFERROR(ROUND(AVERAGE($M53,$N53,O53),0),"N/A") -> 393431 | Z53: =IFERROR(ROUND(STDEVP($M53,$N53,R53),0),"N/A") -> 51153 | AA53: =IFERROR(ROUND((Z53/Y53)*100,0),"N/A") -> 13 | AB53: =IFERROR(ROUND(100-AA53,0),"N/A") -> 87 | AC53: =IF(AB53>75,"ALTO","BAJO") -> ALTO | AD53: =IFERROR(ROUND(AVERAGE($P53,$Q53,R53),0),"N/A") -> 306752 | AE53: =IFERROR(ROUND(STDEVP($P53,$Q53,R53),0),"N/A") -> 9562 | AF53: =IFERROR(ROUND((AE53/AD53)*100,0),"N/A") -> 3 | AG53: =IFERROR(ROUND(100-AF53,0),"N/A") -> 97 | AH53: =IF(AG53>75,"ALTO","BAJO") -> ALTO | AI53: =IFERROR(MIN($E53,$F53,$G53),"N/A") -> 48258.918 | AJ53: 166605 | AK53: =IFERROR(IF(AC53="BAJO",(Y53-_xlfn.STDEV.S($M53,$N53,$O53)),""),"N/A") | AL53: =IFERROR(IF(AC53="BAJO",(Y53+_xlfn.STDEV.S($M53,$N53,$O53)),""),"N/A") | AM53: =IFERROR(IF(AH53="BAJO",(AD53-_xlfn.STDEV.S($P53,$Q53,$R53)),""),"N/A") | AN53: =IFERROR(IF(AH53="BAJO",(AD53+_xlfn.STDEV.S($P53,$Q53,$R53)),""),"N/A") | AO53: =E53 -> 167605 | AP53: =F53 -> 175985 | AQ53: =G53 -> 48258.918 | AR53: =M53 -> 413948.6 | AS53: =N53 -> 434646 | AT53: =O53 -> 331697.7 | AU53: =P53 -> 294136.7 | AV53: =Q53 -> 308844 | AW53: =R53 -> 317276.06 | AX53: =IFERROR(IF(AI53="",$T53,AVERAGEIFS((AO53:AQ53),(AO53:AQ53),">="&AI53,(AO53:AQ53),"<"&AJ53)),"N/A") -> 48258.918 | AY53: =IFERROR(IF(AK53="",$Y53,AVERAGEIFS((AR53:AT53),(AR53:AT53),">"&AK53,(AR53:AT53),"<"&AL53)),"N/A") -> 393431 | AZ53: =IFERROR(IF(AM53="",$AD53,AVERAGEIFS((AU53:AW53),(AU53:AW53),">"&AM53,(AU53:AW53),"<"&AN53)),"N/A") -> 306752 | BA53: {=IFERROR(IF(AI53="",X53,IF(1-(_xlfn.STDEV.S(IF(AO53:AQ53>AI53,IF(AO53:AQ53<AJ53,AO53:AQ53)))/AX53)>70%,"ALTO","BAJO")),"ALTO")} -> ALTO | BB53: {=IF(AK53="",AC53,IF(1-(_xlfn.STDEV.S(IF(AR53:AT53>AK53,IF(AR53:AT53<AL53,AR53:AT53)))/AY53)>70%,"ALTO","BAJO"))} -> ALTO | BC53: {=IF(AM53="",AH53,IF(1-(_xlfn.STDEV.S(IF(AU53:AW53>AM53,IF(AU53:AW53<AN53,AU53:AW53)))/AZ53)>70%,"ALTO","BAJO"))} -> ALTO | BD53: =AX53 -> 48258.918 | BF53: =AY53 -> 393431 | BG53: =AZ53 -> 306752
A54: =A53+1 -> 49 | B54: CAMBIO CAUCHO CAMPANA | C54: ud | D54: 1 | E54: 41903 | F54: 43998 | G54: =IFERROR(VLOOKUP(HONDA!B54,'SDM-COT-097-2026'!$B$6:$E$203,4,FALSE),"N/A") -> 53084.965 | I54: =I53+1 -> 49 | J54: CAUCHO CAMPANA | K54: ud. | L54: 1 | M54: 153279.1 | N54: 160943 | O54: =IFERROR(VLOOKUP($J54,'SDM-COT-097-2026'!$H$6:$M$203,6,FALSE),"N/A") -> 179653.69 | R54: =IFERROR(VLOOKUP($J54,'SDM-COT-097-2026'!$H$6:$N$203,7,FALSE),"N/A") -> N/A | T54: =IFERROR(ROUND(AVERAGE($E54,$F54,G54),0),"N/A") -> 46329 | U54: =IFERROR(ROUND(STDEVP($E54,$F54,G54),0),"N/A") -> 4853 | V54: =IFERROR(ROUND((U54/T54)*100,0),"N/A") -> 10 | W54: =IFERROR(ROUND(100-V54,0),"N/A") -> 90 | X54: =IF(W54>75,"ALTO","BAJO") -> ALTO | Y54: =IFERROR(ROUND(AVERAGE($M54,$N54,O54),0),"N/A") -> 164625 | Z54: =IFERROR(ROUND(STDEVP($M54,$N54,R54),0),"N/A") -> 3832 | AA54: =IFERROR(ROUND((Z54/Y54)*100,0),"N/A") -> 2 | AB54: =IFERROR(ROUND(100-AA54,0),"N/A") -> 98 | AC54: =IF(AB54>75,"ALTO","BAJO") -> ALTO | AD54: =IFERROR(ROUND(AVERAGE($P54,$Q54,R54),0),"N/A") -> N/A | AE54: =IFERROR(ROUND(STDEVP($P54,$Q54,R54),0),"N/A") -> N/A | AF54: =IFERROR(ROUND((AE54/AD54)*100,0),"N/A") -> N/A | AG54: =IFERROR(ROUND(100-AF54,0),"N/A") -> N/A | AH54: =IF(AG54>75,"ALTO","BAJO") -> ALTO | AI54: =IFERROR(IF(X54="BAJO",(T54-_xlfn.STDEV.S($E54,$F54,$G54)),""),"N/A") | AJ54: =IFERROR(IF(X54="BAJO",(T54+_xlfn.STDEV.S($E54,$F54,$G54)),""),"N/A") | AK54: =IFERROR(IF(AC54="BAJO",(Y54-_xlfn.STDEV.S($M54,$N54,$O54)),""),"N/A") | AL54: =IFERROR(IF(AC54="BAJO",(Y54+_xlfn.STDEV.S($M54,$N54,$O54)),""),"N/A") | AM54: =IFERROR(IF(AH54="BAJO",(AD54-_xlfn.STDEV.S($P54,$Q54,$R54)),""),"N/A") | AN54: =IFERROR(IF(AH54="BAJO",(AD54+_xlfn.STDEV.S($P54,$Q54,$R54)),""),"N/A") | AO54: =E54 -> 41903 | AP54: =F54 -> 43998 | AQ54: =G54 -> 53084.965 | AR54: =M54 -> 153279.1 | AS54: =N54 -> 160943 | AT54: =O54 -> 179653.69 | AU54: =P54 | AV54: =Q54 | AW54: =R54 -> N/A | AX54: =IFERROR(IF(AI54="",$T54,AVERAGEIFS((AO54:AQ54),(AO54:AQ54),">"&AI54,(AO54:AQ54),"<"&AJ54)),"N/A") -> 46329 | AY54: =IFERROR(IF(AK54="",$Y54,AVERAGEIFS((AR54:AT54),(AR54:AT54),">"&AK54,(AR54:AT54),"<"&AL54)),"N/A") -> 164625 | AZ54: =IFERROR(IF(AM54="",$AD54,AVERAGEIFS((AU54:AW54),(AU54:AW54),">"&AM54,(AU54:AW54),"<"&AN54)),"N/A") -> N/A | BA54: {=IF(AI54="",X54,IF(1-(_xlfn.STDEV.S(IF(AO54:AQ54>AI54,IF(AO54:AQ54<AJ54,AO54:AQ54)))/AX54)>70%,"ALTO","BAJO"))} -> ALTO | BB54: {=IF(AK54="",AC54,IF(1-(_xlfn.STDEV.S(IF(AR54:AT54>AK54,IF(AR54:AT54<AL54,AR54:AT54)))/AY54)>70%,"ALTO","BAJO"))} -> ALTO | BC54: {=IF(AM54="",AH54,IF(1-(_xlfn.STDEV.S(IF(AU54:AW54>AM54,IF(AU54:AW54<AN54,AU54:AW54)))/AZ54)>70%,"ALTO","BAJO"))} -> ALTO | BD54: =AX54 -> 46329 | BF54: =AY54 -> 164625 | BG54: =AZ54 -> N/A
A55: =A54+1 -> 50 | B55: CAMBIO CAUCHO MANGO IZQUIERDO | C55: ud | D55: 1 | E55: 13000 | F55: 13650 | G55: =IFERROR(VLOOKUP(HONDA!B55,'SDM-COT-097-2026'!$B$6:$E$203,4,FALSE),"N/A") -> 28956.312 | I55: =I54+1 -> 50 | J55: CAUCHO MANGO IZQUIERDO | K55: ud. | L55: 1 | M55: 38025 | N55: 39926 | O55: =IFERROR(VLOOKUP($J55,'SDM-COT-097-2026'!$H$6:$M$203,6,FALSE),"N/A") -> 109973.95 | P55: 37893.7 | Q55: 39788 | R55: =IFERROR(VLOOKUP($J55,'SDM-COT-097-2026'!$H$6:$N$203,7,FALSE),"N/A") -> 105167.26 | T55: =IFERROR(ROUND(AVERAGE($E55,$F55,G55),0),"N/A") -> 18535 | U55: =IFERROR(ROUND(STDEVP($E55,$F55,G55),0),"N/A") -> 7373 | V55: =IFERROR(ROUND((U55/T55)*100,0),"N/A") -> 40 | W55: =IFERROR(ROUND(100-V55,0),"N/A") -> 60 | X55: =IF(W55>75,"ALTO","BAJO") -> BAJO | Y55: =IFERROR(ROUND(AVERAGE($M55,$N55,O55),0),"N/A") -> 62642 | Z55: =IFERROR(ROUND(STDEVP($M55,$N55,R55),0),"N/A") -> 31213 | AA55: =IFERROR(ROUND((Z55/Y55)*100,0),"N/A") -> 50 | AB55: =IFERROR(ROUND(100-AA55,0),"N/A") -> 50 | AC55: =IF(AB55>75,"ALTO","BAJO") -> BAJO | AD55: =IFERROR(ROUND(AVERAGE($P55,$Q55,R55),0),"N/A") -> 60950 | AE55: =IFERROR(ROUND(STDEVP($P55,$Q55,R55),0),"N/A") -> 31276 | AF55: =IFERROR(ROUND((AE55/AD55)*100,0),"N/A") -> 51 | AG55: =IFERROR(ROUND(100-AF55,0),"N/A") -> 49 | AH55: =IF(AG55>75,"ALTO","BAJO") -> BAJO | AI55: =IFERROR(IF(X55="BAJO",(T55-_xlfn.STDEV.S($E55,$F55,$G55)),""),"N/A") -> 9504.4077 | AJ55: =IFERROR(IF(X55="BAJO",(T55+_xlfn.STDEV.S($E55,$F55,$G55)),""),"N/A") -> 27565.592 | AK55: =IFERROR(IF(AC55="BAJO",(Y55-_xlfn.STDEV.S($M55,$N55,$O55)),""),"N/A") -> 21640.007 | AL55: =IFERROR(IF(AC55="BAJO",(Y55+_xlfn.STDEV.S($M55,$N55,$O55)),""),"N/A") -> 103643.99 | AM55: =IFERROR(IF(AH55="BAJO",(AD55-_xlfn.STDEV.S($P55,$Q55,$R55)),""),"N/A") -> 22644.719 | AN55: =IFERROR(IF(AH55="BAJO",(AD55+_xlfn.STDEV.S($P55,$Q55,$R55)),""),"N/A") -> 99255.281 | AO55: =E55 -> 13000 | AP55: =F55 -> 13650 | AQ55: =G55 -> 28956.312 | AR55: =M55 -> 38025 | AS55: =N55 -> 39926 | AT55: =O55 -> 109973.95 | AU55: =P55 -> 37893.7 | AV55: =Q55 -> 39788 | AW55: =R55 -> 105167.26 | AX55: =IFERROR(IF(AI55="",$T55,AVERAGEIFS((AO55:AQ55),(AO55:AQ55),">"&AI55,(AO55:AQ55),"<"&AJ55)),"N/A") -> 13325 | AY55: =IFERROR(IF(AK55="",$Y55,AVERAGEIFS((AR55:AT55),(AR55:AT55),">"&AK55,(AR55:AT55),"<"&AL55)),"N/A") -> 38975.5 | AZ55: =IFERROR(IF(AM55="",$AD55,AVERAGEIFS((AU55:AW55),(AU55:AW55),">"&AM55,(AU55:AW55),"<"&AN55)),"N/A") -> 38840.85 | BA55: {=IF(AI55="",X55,IF(1-(_xlfn.STDEV.S(IF(AO55:AQ55>AI55,IF(AO55:AQ55<AJ55,AO55:AQ55)))/AX55)>70%,"ALTO","BAJO"))} -> ALTO | BB55: {=IF(AK55="",AC55,IF(1-(_xlfn.STDEV.S(IF(AR55:AT55>AK55,IF(AR55:AT55<AL55,AR55:AT55)))/AY55)>70%,"ALTO","BAJO"))} -> ALTO | BC55: {=IF(AM55="",AH55,IF(1-(_xlfn.STDEV.S(IF(AU55:AW55>AM55,IF(AU55:AW55<AN55,AU55:AW55)))/AZ55)>70%,"ALTO","BAJO"))} -> ALTO | BD55: =AX55 -> 13325 | BF55: =AY55 -> 38975.5 | BG55: =AZ55 -> 38840.85
A56: =A55+1 -> 51 | B56: CAMBIO CAUCHO MANILAR IZQUIERDO | C56: ud | D56: 1 | E56: 13000 | F56: 13650 | G56: =IFERROR(VLOOKUP(HONDA!B56,'SDM-COT-097-2026'!$B$6:$E$203,4,FALSE),"N/A") -> 28956.312 | I56: =I55+1 -> 51 | J56: CAUCHO MANILAR IZQUIERDO | K56: ud. | L56: 1 | M56: 5049.2 | N56: 5302 | O56: =IFERROR(VLOOKUP($J56,'SDM-COT-097-2026'!$H$6:$M$203,6,FALSE),"N/A") -> 109973.95 | P56: 5049.2 | Q56: 5302 | R56: =IFERROR(VLOOKUP($J56,'SDM-COT-097-2026'!$H$6:$N$203,7,FALSE),"N/A") -> 105167.26 | T56: =IFERROR(ROUND(AVERAGE($E56,$F56,G56),0),"N/A") -> 18535 | U56: =IFERROR(ROUND(STDEVP($E56,$F56,G56),0),"N/A") -> 7373 | V56: =IFERROR(ROUND((U56/T56)*100,0),"N/A") -> 40 | W56: =IFERROR(ROUND(100-V56,0),"N/A") -> 60 | X56: =IF(W56>75,"ALTO","BAJO") -> BAJO | Y56: =IFERROR(ROUND(AVERAGE($M56,$N56,O56),0),"N/A") -> 40108 | Z56: =IFERROR(ROUND(STDEVP($M56,$N56,R56),0),"N/A") -> 47137 | AA56: =IFERROR(ROUND((Z56/Y56)*100,0),"N/A") -> 118 | AB56: =IFERROR(ROUND(100-AA56,0),"N/A") -> -18 | AC56: =IF(AB56>75,"ALTO","BAJO") -> BAJO | AD56: =IFERROR(ROUND(AVERAGE($P56,$Q56,R56),0),"N/A") -> 38506 | AE56: =IFERROR(ROUND(STDEVP($P56,$Q56,R56),0),"N/A") -> 47137 | AF56: =IFERROR(ROUND((AE56/AD56)*100,0),"N/A") -> 122 | AG56: =IFERROR(ROUND(100-AF56,0),"N/A") -> -22 | AH56: =IF(AG56>75,"ALTO","BAJO") -> BAJO | AI56: =IFERROR(IF(X56="BAJO",(T56-_xlfn.STDEV.S($E56,$F56,$G56)),""),"N/A") -> 9504.4077 | AJ56: =IFERROR(IF(X56="BAJO",(T56+_xlfn.STDEV.S($E56,$F56,$G56)),""),"N/A") -> 27565.592 | AK56: =IFERROR(IF(AC56="BAJO",(Y56-_xlfn.STDEV.S($M56,$N56,$O56)),""),"N/A") -> -20397.488 | AL56: =IFERROR(IF(AC56="BAJO",(Y56+_xlfn.STDEV.S($M56,$N56,$O56)),""),"N/A") -> 100613.49 | AM56: =IFERROR(IF(AH56="BAJO",(AD56-_xlfn.STDEV.S($P56,$Q56,$R56)),""),"N/A") -> -19224.348 | AN56: =IFERROR(IF(AH56="BAJO",(AD56+_xlfn.STDEV.S($P56,$Q56,$R56)),""),"N/A") -> 96236.348 | AO56: =E56 -> 13000 | AP56: =F56 -> 13650 | AQ56: =G56 -> 28956.312 | AR56: =M56 -> 5049.2 | AS56: =N56 -> 5302 | AT56: =O56 -> 109973.95 | AU56: =P56 -> 5049.2 | AV56: =Q56 -> 5302 | AW56: =R56 -> 105167.26 | AX56: =IFERROR(IF(AI56="",$T56,AVERAGEIFS((AO56:AQ56),(AO56:AQ56),">"&AI56,(AO56:AQ56),"<"&AJ56)),"N/A") -> 13325 | AY56: =IFERROR(IF(AK56="",$Y56,AVERAGEIFS((AR56:AT56),(AR56:AT56),">"&AK56,(AR56:AT56),"<"&AL56)),"N/A") -> 5175.6 | AZ56: =IFERROR(IF(AM56="",$AD56,AVERAGEIFS((AU56:AW56),(AU56:AW56),">"&AM56,(AU56:AW56),"<"&AN56)),"N/A") -> 5175.6 | BA56: {=IF(AI56="",X56,IF(1-(_xlfn.STDEV.S(IF(AO56:AQ56>AI56,IF(AO56:AQ56<AJ56,AO56:AQ56)))/AX56)>70%,"ALTO","BAJO"))} -> ALTO | BB56: {=IF(AK56="",AC56,IF(1-(_xlfn.STDEV.S(IF(AR56:AT56>AK56,IF(AR56:AT56<AL56,AR56:AT56)))/AY56)>70%,"ALTO","BAJO"))} -> ALTO | BC56: {=IF(AM56="",AH56,IF(1-(_xlfn.STDEV.S(IF(AU56:AW56>AM56,IF(AU56:AW56<AN56,AU56:AW56)))/AZ56)>70%,"ALTO","BAJO"))} -> ALTO | BD56: =AX56 -> 13325 | BF56: =AY56 -> 5175.6 | BG56: =AZ56 -> 5175.6
A57: =A56+1 -> 52 | B57: CAMBIO CAUCHO MORDAZA | C57: ud | D57: 1 | E57: 19500 | F57: 20475 | G57: =IFERROR(VLOOKUP(HONDA!B57,'SDM-COT-097-2026'!$B$6:$E$203,4,FALSE),"N/A") -> 57911.022 | I57: =I56+1 -> 52 | J57: CAUCHO MORDAZA | K57: ud. | L57: 1 | M57: 60314.8 | N57: 63331 | O57: =IFERROR(VLOOKUP($J57,'SDM-COT-097-2026'!$H$6:$M$203,6,FALSE),"N/A") -> 39219.037 | P57: 60314.8 | Q57: 63331 | R57: =IFERROR(VLOOKUP($J57,'SDM-COT-097-2026'!$H$6:$N$203,7,FALSE),"N/A") -> 37513.861 | T57: =IFERROR(ROUND(AVERAGE($E57,$F57,G57),0),"N/A") -> 32629 | U57: =IFERROR(ROUND(STDEVP($E57,$F57,G57),0),"N/A") -> 17882 | V57: =IFERROR(ROUND((U57/T57)*100,0),"N/A") -> 55 | W57: =IFERROR(ROUND(100-V57,0),"N/A") -> 45 | X57: =IF(W57>75,"ALTO","BAJO") -> BAJO | Y57: =IFERROR(ROUND(AVERAGE($M57,$N57,O57),0),"N/A") -> 54288 | Z57: =IFERROR(ROUND(STDEVP($M57,$N57,R57),0),"N/A") -> 11525 | AA57: =IFERROR(ROUND((Z57/Y57)*100,0),"N/A") -> 21 | AB57: =IFERROR(ROUND(100-AA57,0),"N/A") -> 79 | AC57: =IF(AB57>75,"ALTO","BAJO") -> ALTO | AD57: =IFERROR(ROUND(AVERAGE($P57,$Q57,R57),0),"N/A") -> 53720 | AE57: =IFERROR(ROUND(STDEVP($P57,$Q57,R57),0),"N/A") -> 11525 | AF57: =IFERROR(ROUND((AE57/AD57)*100,0),"N/A") -> 21 | AG57: =IFERROR(ROUND(100-AF57,0),"N/A") -> 79 | AH57: =IF(AG57>75,"ALTO","BAJO") -> ALTO | AI57: =IFERROR(IF(X57="BAJO",(T57-_xlfn.STDEV.S($E57,$F57,$G57)),""),"N/A") -> 10728.418 | AJ57: =IFERROR(IF(X57="BAJO",(T57+_xlfn.STDEV.S($E57,$F57,$G57)),""),"N/A") -> 54529.582 | AK57: =IFERROR(IF(AC57="BAJO",(Y57-_xlfn.STDEV.S($M57,$N57,$O57)),""),"N/A") | AL57: =IFERROR(IF(AC57="BAJO",(Y57+_xlfn.STDEV.S($M57,$N57,$O57)),""),"N/A") | AM57: =IFERROR(IF(AH57="BAJO",(AD57-_xlfn.STDEV.S($P57,$Q57,$R57)),""),"N/A") | AN57: =IFERROR(IF(AH57="BAJO",(AD57+_xlfn.STDEV.S($P57,$Q57,$R57)),""),"N/A") | AO57: =E57 -> 19500 | AP57: =F57 -> 20475 | AQ57: =G57 -> 57911.022 | AR57: =M57 -> 60314.8 | AS57: =N57 -> 63331 | AT57: =O57 -> 39219.037 | AU57: =P57 -> 60314.8 | AV57: =Q57 -> 63331 | AW57: =R57 -> 37513.861 | AX57: =IFERROR(IF(AI57="",$T57,AVERAGEIFS((AO57:AQ57),(AO57:AQ57),">"&AI57,(AO57:AQ57),"<"&AJ57)),"N/A") -> 19987.5 | AY57: =IFERROR(IF(AK57="",$Y57,AVERAGEIFS((AR57:AT57),(AR57:AT57),">"&AK57,(AR57:AT57),"<"&AL57)),"N/A") -> 54288 | AZ57: =IFERROR(IF(AM57="",$AD57,AVERAGEIFS((AU57:AW57),(AU57:AW57),">"&AM57,(AU57:AW57),"<"&AN57)),"N/A") -> 53720 | BA57: {=IF(AI57="",X57,IF(1-(_xlfn.STDEV.S(IF(AO57:AQ57>AI57,IF(AO57:AQ57<AJ57,AO57:AQ57)))/AX57)>70%,"ALTO","BAJO"))} -> ALTO | BB57: {=IF(AK57="",AC57,IF(1-(_xlfn.STDEV.S(IF(AR57:AT57>AK57,IF(AR57:AT57<AL57,AR57:AT57)))/AY57)>70%,"ALTO","BAJO"))} -> ALTO | BC57: {=IF(AM57="",AH57,IF(1-(_xlfn.STDEV.S(IF(AU57:AW57>AM57,IF(AU57:AW57<AN57,AU57:AW57)))/AZ57)>70%,"ALTO","BAJO"))} -> ALTO | BD57: =AX57 -> 19987.5 | BF57: =AY57 -> 54288 | BG57: =AZ57 -> 53720
A58: =A57+1 -> 53 | B58: CAMBIO CDI UNIDAD ELECTRONICA | C58: ud | D58: 1 | E58: 45500 | F58: 47775 | G58: =IFERROR(VLOOKUP(HONDA!B58,'SDM-COT-097-2026'!$B$6:$E$203,4,FALSE),"N/A") -> 138021.55 | I58: =I57+1 -> 53 | J58: CDI UNIDAD ELECTRONICA | K58: ud. | L58: 1 | M58: 566130.5 | N58: 594437 | O58: =IFERROR(VLOOKUP($J58,'SDM-COT-097-2026'!$H$6:$M$203,6,FALSE),"N/A") -> 1404166.1 | P58: 1489150 | Q58: 1563608 | R58: =IFERROR(VLOOKUP($J58,'SDM-COT-097-2026'!$H$6:$N$203,7,FALSE),"N/A") -> 1343115.4 | T58: =IFERROR(ROUND(AVERAGE($E58,$F58,G58),0),"N/A") -> 77099 | U58: =IFERROR(ROUND(STDEVP($E58,$F58,G58),0),"N/A") -> 43089 | V58: =IFERROR(ROUND((U58/T58)*100,0),"N/A") -> 56 | W58: =IFERROR(ROUND(100-V58,0),"N/A") -> 44 | X58: =IF(W58>75,"ALTO","BAJO") -> BAJO | Y58: =IFERROR(ROUND(AVERAGE($M58,$N58,O58),0),"N/A") -> 854911 | Z58: =IFERROR(ROUND(STDEVP($M58,$N58,R58),0),"N/A") -> 359788 | AA58: =IFERROR(ROUND((Z58/Y58)*100,0),"N/A") -> 42 | AB58: =IFERROR(ROUND(100-AA58,0),"N/A") -> 58 | AC58: =IF(AB58>75,"ALTO","BAJO") -> BAJO | AD58: =IFERROR(ROUND(AVERAGE($P58,$Q58,R58),0),"N/A") -> 1465291 | AE58: =IFERROR(ROUND(STDEVP($P58,$Q58,R58),0),"N/A") -> 91583 | AF58: =IFERROR(ROUND((AE58/AD58)*100,0),"N/A") -> 6 | AG58: =IFERROR(ROUND(100-AF58,0),"N/A") -> 94 | AH58: =IF(AG58>75,"ALTO","BAJO") -> ALTO | AI58: =IFERROR(IF(X58="BAJO",(T58-_xlfn.STDEV.S($E58,$F58,$G58)),""),"N/A") -> 24326.131 | AJ58: =IFERROR(IF(X58="BAJO",(T58+_xlfn.STDEV.S($E58,$F58,$G58)),""),"N/A") -> 129871.87 | AK58: =IFERROR(IF(AC58="BAJO",(Y58-_xlfn.STDEV.S($M58,$N58,$O58)),""),"N/A") -> 379031.82 | AL58: =IFERROR(IF(AC58="BAJO",(Y58+_xlfn.STDEV.S($M58,$N58,$O58)),""),"N/A") -> 1330790.2 | AM58: =IFERROR(IF(AH58="BAJO",(AD58-_xlfn.STDEV.S($P58,$Q58,$R58)),""),"N/A") | AN58: =IFERROR(IF(AH58="BAJO",(AD58+_xlfn.STDEV.S($P58,$Q58,$R58)),""),"N/A") | AO58: =E58 -> 45500 | AP58: =F58 -> 47775 | AQ58: =G58 -> 138021.55 | AR58: =M58 -> 566130.5 | AS58: =N58 -> 594437 | AT58: =O58 -> 1404166.1 | AU58: =P58 -> 1489150 | AV58: =Q58 -> 1563608 | AW58: =R58 -> 1343115.4 | AX58: =IFERROR(IF(AI58="",$T58,AVERAGEIFS((AO58:AQ58),(AO58:AQ58),">"&AI58,(AO58:AQ58),"<"&AJ58)),"N/A") -> 46637.5 | AY58: =IFERROR(IF(AK58="",$Y58,AVERAGEIFS((AR58:AT58),(AR58:AT58),">"&AK58,(AR58:AT58),"<"&AL58)),"N/A") -> 580283.75 | AZ58: =IFERROR(IF(AM58="",$AD58,AVERAGEIFS((AU58:AW58),(AU58:AW58),">"&AM58,(AU58:AW58),"<"&AN58)),"N/A") -> 1465291 | BA58: {=IF(AI58="",X58,IF(1-(_xlfn.STDEV.S(IF(AO58:AQ58>AI58,IF(AO58:AQ58<AJ58,AO58:AQ58)))/AX58)>70%,"ALTO","BAJO"))} -> ALTO | BB58: {=IF(AK58="",AC58,IF(1-(_xlfn.STDEV.S(IF(AR58:AT58>AK58,IF(AR58:AT58<AL58,AR58:AT58)))/AY58)>70%,"ALTO","BAJO"))} -> ALTO | BC58: {=IF(AM58="",AH58,IF(1-(_xlfn.STDEV.S(IF(AU58:AW58>AM58,IF(AU58:AW58<AN58,AU58:AW58)))/AZ58)>70%,"ALTO","BAJO"))} -> ALTO | BD58: =AX58 -> 46637.5 | BF58: =AY58 -> 580283.75 | BG58: =AZ58 -> 1465291
A59: =A58+1 -> 54 | B59: CAMBIO CHAPA MALETERO | C59: ud | D59: 1 | E59: 117000 | F59: 122850 | G59: =IFERROR(VLOOKUP(HONDA!B59,'SDM-COT-097-2026'!$B$6:$E$203,4,FALSE),"N/A") -> 38606.814 | I59: =I58+1 -> 54 | J59: CHAPA MALETERO | K59: ud. | L59: 1 | O59: =IFERROR(VLOOKUP($J59,'SDM-COT-097-2026'!$H$6:$M$203,6,FALSE),"N/A") -> 43984.2 | R59: =IFERROR(VLOOKUP($J59,'SDM-COT-097-2026'!$H$6:$N$203,7,FALSE),"N/A") -> 42071.843 | T59: =IFERROR(ROUND(AVERAGE($E59,$F59,G59),0),"N/A") -> 92819 | U59: =IFERROR(ROUND(STDEVP($E59,$F59,G59),0),"N/A") -> 38408 | V59: =IFERROR(ROUND((U59/T59)*100,0),"N/A") -> 41 | W59: =IFERROR(ROUND(100-V59,0),"N/A") -> 59 | X59: =IF(W59>75,"ALTO","BAJO") -> BAJO | Y59: =IFERROR(ROUND(AVERAGE($M59,$N59,O59),0),"N/A") -> 43984 | Z59: =IFERROR(ROUND(STDEVP($M59,$N59,R59),0),"N/A") -> 0 | AA59: =IFERROR(ROUND((Z59/Y59)*100,0),"N/A") -> 0 | AB59: =IFERROR(ROUND(100-AA59,0),"N/A") -> 100 | AC59: =IF(AB59>75,"ALTO","BAJO") -> ALTO | AD59: =IFERROR(ROUND(AVERAGE($P59,$Q59,R59),0),"N/A") -> 42072 | AE59: =IFERROR(ROUND(STDEVP($P59,$Q59,R59),0),"N/A") -> 0 | AF59: =IFERROR(ROUND((AE59/AD59)*100,0),"N/A") -> 0 | AG59: =IFERROR(ROUND(100-AF59,0),"N/A") -> 100 | AH59: =IF(AG59>75,"ALTO","BAJO") -> ALTO | AI59: =IFERROR(MIN($E59,$F59,$G59),"N/A") -> 38606.814 | AJ59: 116000 | AK59: =IFERROR(IF(AC59="BAJO",(Y59-_xlfn.STDEV.S($M59,$N59,$O59)),""),"N/A") | AL59: =IFERROR(IF(AC59="BAJO",(Y59+_xlfn.STDEV.S($M59,$N59,$O59)),""),"N/A") | AM59: =IFERROR(IF(AH59="BAJO",(AD59-_xlfn.STDEV.S($P59,$Q59,$R59)),""),"N/A") | AN59: =IFERROR(IF(AH59="BAJO",(AD59+_xlfn.STDEV.S($P59,$Q59,$R59)),""),"N/A") | AO59: =E59 -> 117000 | AP59: =F59 -> 122850 | AQ59: =G59 -> 38606.814 | AR59: =M59 | AS59: =N59 | AT59: =O59 -> 43984.2 | AU59: =P59 | AV59: =Q59 | AW59: =R59 -> 42071.843 | AX59: =IFERROR(IF(AI59="",$T59,AVERAGEIFS((AO59:AQ59),(AO59:AQ59),">="&AI59,(AO59:AQ59),"<"&AJ59)),"N/A") -> 38606.814 | AY59: =IFERROR(IF(AK59="",$Y59,AVERAGEIFS((AR59:AT59),(AR59:AT59),">"&AK59,(AR59:AT59),"<"&AL59)),"N/A") -> 43984 | AZ59: =IFERROR(IF(AM59="",$AD59,AVERAGEIFS((AU59:AW59),(AU59:AW59),">"&AM59,(AU59:AW59),"<"&AN59)),"N/A") -> 42072 | BA59: {=IFERROR(IF(AI59="",X59,IF(1-(_xlfn.STDEV.S(IF(AO59:AQ59>AI59,IF(AO59:AQ59<AJ59,AO59:AQ59)))/AX59)>70%,"ALTO","BAJO")),"ALTO")} -> ALTO | BB59: {=IF(AK59="",AC59,IF(1-(_xlfn.STDEV.S(IF(AR59:AT59>AK59,IF(AR59:AT59<AL59,AR59:AT59)))/AY59)>70%,"ALTO","BAJO"))} -> ALTO | BC59: {=IF(AM59="",AH59,IF(1-(_xlfn.STDEV.S(IF(AU59:AW59>AM59,IF(AU59:AW59<AN59,AU59:AW59)))/AZ59)>70%,"ALTO","BAJO"))} -> ALTO | BD59: =AX59 -> 38606.814 | BF59: =AY59 -> 43984 | BG59: =AZ59 -> 42072
A60: =A59+1 -> 55 | B60: CAMBIO CIGÜEÑAL | C60: ud | D60: 1 | E60: 938600 | F60: 985530 | G60: =IFERROR(VLOOKUP(HONDA!B60,'SDM-COT-097-2026'!$B$6:$E$203,4,FALSE),"N/A") -> 583937.85 | I60: =I59+1 -> 55 | J60: CIGÜEÑAL | K60: ud. | L60: 1 | M60: 1898080.6 | N60: 1992985 | O60: =IFERROR(VLOOKUP($J60,'SDM-COT-097-2026'!$H$6:$M$203,6,FALSE),"N/A") -> 1946602.2 | P60: 2871463.4 | Q60: 3015037 | R60: =IFERROR(VLOOKUP($J60,'SDM-COT-097-2026'!$H$6:$N$203,7,FALSE),"N/A") -> 1731532.6 | T60: =IFERROR(ROUND(AVERAGE($E60,$F60,G60),0),"N/A") -> 836023 | U60: =IFERROR(ROUND(STDEVP($E60,$F60,G60),0),"N/A") -> 179278 | V60: =IFERROR(ROUND((U60/T60)*100,0),"N/A") -> 21 | W60: =IFERROR(ROUND(100-V60,0),"N/A") -> 79 | X60: =IF(W60>75,"ALTO","BAJO") -> ALTO | Y60: =IFERROR(ROUND(AVERAGE($M60,$N60,O60),0),"N/A") -> 1945889 | Z60: =IFERROR(ROUND(STDEVP($M60,$N60,R60),0),"N/A") -> 108065 | AA60: =IFERROR(ROUND((Z60/Y60)*100,0),"N/A") -> 6 | AB60: =IFERROR(ROUND(100-AA60,0),"N/A") -> 94 | AC60: =IF(AB60>75,"ALTO","BAJO") -> ALTO | AD60: =IFERROR(ROUND(AVERAGE($P60,$Q60,R60),0),"N/A") -> 2539344 | AE60: =IFERROR(ROUND(STDEVP($P60,$Q60,R60),0),"N/A") -> 574209 | AF60: =IFERROR(ROUND((AE60/AD60)*100,0),"N/A") -> 23 | AG60: =IFERROR(ROUND(100-AF60,0),"N/A") -> 77 | AH60: =IF(AG60>75,"ALTO","BAJO") -> ALTO | AI60: =IFERROR(IF(X60="BAJO",(T60-_xlfn.STDEV.S($E60,$F60,$G60)),""),"N/A") | AJ60: =IFERROR(IF(X60="BAJO",(T60+_xlfn.STDEV.S($E60,$F60,$G60)),""),"N/A") | AK60: =IFERROR(IF(AC60="BAJO",(Y60-_xlfn.STDEV.S($M60,$N60,$O60)),""),"N/A") | AL60: =IFERROR(IF(AC60="BAJO",(Y60+_xlfn.STDEV.S($M60,$N60,$O60)),""),"N/A") | AM60: =IFERROR(IF(AH60="BAJO",(AD60-_xlfn.STDEV.S($P60,$Q60,$R60)),""),"N/A") | AN60: =IFERROR(IF(AH60="BAJO",(AD60+_xlfn.STDEV.S($P60,$Q60,$R60)),""),"N/A") | AO60: =E60 -> 938600 | AP60: =F60 -> 985530 | AQ60: =G60 -> 583937.85 | AR60: =M60 -> 1898080.6 | AS60: =N60 -> 1992985 | AT60: =O60 -> 1946602.2 | AU60: =P60 -> 2871463.4 | AV60: =Q60 -> 3015037 | AW60: =R60 -> 1731532.6 | AX60: =IFERROR(IF(AI60="",$T60,AVERAGEIFS((AO60:AQ60),(AO60:AQ60),">"&AI60,(AO60:AQ60),"<"&AJ60)),"N/A") -> 836023 | AY60: =IFERROR(IF(AK60="",$Y60,AVERAGEIFS((AR60:AT60),(AR60:AT60),">"&AK60,(AR60:AT60),"<"&AL60)),"N/A") -> 1945889 | AZ60: =IFERROR(IF(AM60="",$AD60,AVERAGEIFS((AU60:AW60),(AU60:AW60),">"&AM60,(AU60:AW60),"<"&AN60)),"N/A") -> 2539344 | BA60: {=IF(AI60="",X60,IF(1-(_xlfn.STDEV.S(IF(AO60:AQ60>AI60,IF(AO60:AQ60<AJ60,AO60:AQ60)))/AX60)>70%,"ALTO","BAJO"))} -> ALTO | BB60: {=IF(AK60="",AC60,IF(1-(_xlfn.STDEV.S(IF(AR60:AT60>AK60,IF(AR60:AT60<AL60,AR60:AT60)))/AY60)>70%,"ALTO","BAJO"))} -> ALTO | BC60: {=IF(AM60="",AH60,IF(1-(_xlfn.STDEV.S(IF(AU60:AW60>AM60,IF(AU60:AW60<AN60,AU60:AW60)))/AZ60)>70%,"ALTO","BAJO"))} -> ALTO | BD60: =AX60 -> 836023 | BF60: =AY60 -> 1945889 | BG60: =AZ60 -> 2539344
A61: =A60+1 -> 56 | B61: CAMBIO CILINDRO MOTOR | C61: ud | D61: 1 | E61: 574600 | F61: 603330 | G61: =IFERROR(VLOOKUP(HONDA!B61,'SDM-COT-097-2026'!$B$6:$E$203,4,FALSE),"N/A") -> 371596.38 | I61: =I60+1 -> 56 | J61: CILINDRO MOTOR | K61: ud. | L61: 1 | M61: 1426727.9 | N61: 1498064 | O61: =IFERROR(VLOOKUP($J61,'SDM-COT-097-2026'!$H$6:$M$203,6,FALSE),"N/A") -> 1099784 | P61: 1399218.6 | Q61: 1469180 | R61: =IFERROR(VLOOKUP($J61,'SDM-COT-097-2026'!$H$6:$N$203,7,FALSE),"N/A") -> 1051967.3 | T61: =IFERROR(ROUND(AVERAGE($E61,$F61,G61),0),"N/A") -> 516509 | U61: =IFERROR(ROUND(STDEVP($E61,$F61,G61),0),"N/A") -> 103138 | V61: =IFERROR(ROUND((U61/T61)*100,0),"N/A") -> 20 | W61: =IFERROR(ROUND(100-V61,0),"N/A") -> 80 | X61: =IF(W61>75,"ALTO","BAJO") -> ALTO | Y61: =IFERROR(ROUND(AVERAGE($M61,$N61,O61),0),"N/A") -> 1341525 | Z61: =IFERROR(ROUND(STDEVP($M61,$N61,R61),0),"N/A") -> 195657 | AA61: =IFERROR(ROUND((Z61/Y61)*100,0),"N/A") -> 15 | AB61: =IFERROR(ROUND(100-AA61,0),"N/A") -> 85 | AC61: =IF(AB61>75,"ALTO","BAJO") -> ALTO | AD61: =IFERROR(ROUND(AVERAGE($P61,$Q61,R61),0),"N/A") -> 1306789 | AE61: =IFERROR(ROUND(STDEVP($P61,$Q61,R61),0),"N/A") -> 182436 | AF61: =IFERROR(ROUND((AE61/AD61)*100,0),"N/A") -> 14 | AG61: =IFERROR(ROUND(100-AF61,0),"N/A") -> 86 | AH61: =IF(AG61>75,"ALTO","BAJO") -> ALTO | AI61: =IFERROR(IF(X61="BAJO",(T61-_xlfn.STDEV.S($E61,$F61,$G61)),""),"N/A") | AJ61: =IFERROR(IF(X61="BAJO",(T61+_xlfn.STDEV.S($E61,$F61,$G61)),""),"N/A") | AK61: =IFERROR(IF(AC61="BAJO",(Y61-_xlfn.STDEV.S($M61,$N61,$O61)),""),"N/A") | AL61: =IFERROR(IF(AC61="BAJO",(Y61+_xlfn.STDEV.S($M61,$N61,$O61)),""),"N/A") | AM61: =IFERROR(IF(AH61="BAJO",(AD61-_xlfn.STDEV.S($P61,$Q61,$R61)),""),"N/A") | AN61: =IFERROR(IF(AH61="BAJO",(AD61+_xlfn.STDEV.S($P61,$Q61,$R61)),""),"N/A") | AO61: =E61 -> 574600 | AP61: =F61 -> 603330 | AQ61: =G61 -> 371596.38 | AR61: =M61 -> 1426727.9 | AS61: =N61 -> 1498064 | AT61: =O61 -> 1099784 | AU61: =P61 -> 1399218.6 | AV61: =Q61 -> 1469180 | AW61: =R61 -> 1051967.3 | AX61: =IFERROR(IF(AI61="",$T61,AVERAGEIFS((AO61:AQ61),(AO61:AQ61),">"&AI61,(AO61:AQ61),"<"&AJ61)),"N/A") -> 516509 | AY61: =IFERROR(IF(AK61="",$Y61,AVERAGEIFS((AR61:AT61),(AR61:AT61),">"&AK61,(AR61:AT61),"<"&AL61)),"N/A") -> 1341525 | AZ61: =IFERROR(IF(AM61="",$AD61,AVERAGEIFS((AU61:AW61),(AU61:AW61),">"&AM61,(AU61:AW61),"<"&AN61)),"N/A") -> 1306789 | BA61: {=IF(AI61="",X61,IF(1-(_xlfn.STDEV.S(IF(AO61:AQ61>AI61,IF(AO61:AQ61<AJ61,AO61:AQ61)))/AX61)>70%,"ALTO","BAJO"))} -> ALTO | BB61: {=IF(AK61="",AC61,IF(1-(_xlfn.STDEV.S(IF(AR61:AT61>AK61,IF(AR61:AT61<AL61,AR61:AT61)))/AY61)>70%,"ALTO","BAJO"))} -> ALTO | BC61: {=IF(AM61="",AH61,IF(1-(_xlfn.STDEV.S(IF(AU61:AW61>AM61,IF(AU61:AW61<AN61,AU61:AW61)))/AZ61)>70%,"ALTO","BAJO"))} -> ALTO | BD61: =AX61 -> 516509 | BF61: =AY61 -> 1341525 | BG61: =AZ61 -> 1306789
A62: =A61+1 -> 57 | B62: CAMBIO COGINETES CIGÜEÑAL | C62: ud | D62: 1 | G62: =IFERROR(VLOOKUP(HONDA!B62,'SDM-COT-097-2026'!$B$6:$E$203,4,FALSE),"N/A") -> N/A | I62: =I61+1 -> 57 | J62: COGINETES CIGÜEÑAL | K62: ud. | L62: 1 | O62: =IFERROR(VLOOKUP($J62,'SDM-COT-097-2026'!$H$6:$M$203,6,FALSE),"N/A") -> N/A | R62: =IFERROR(VLOOKUP($J62,'SDM-COT-097-2026'!$H$6:$N$203,7,FALSE),"N/A") -> N/A | T62: =IFERROR(ROUND(AVERAGE($E62,$F62,G62),0),"N/A") -> N/A | U62: =IFERROR(ROUND(STDEVP($E62,$F62,G62),0),"N/A") -> N/A | V62: =IFERROR(ROUND((U62/T62)*100,0),"N/A") -> N/A | W62: =IFERROR(ROUND(100-V62,0),"N/A") -> N/A | X62: =IF(W62>75,"ALTO","BAJO") -> ALTO | Y62: =IFERROR(ROUND(AVERAGE($M62,$N62,O62),0),"N/A") -> N/A | Z62: =IFERROR(ROUND(STDEVP($M62,$N62,R62),0),"N/A") -> N/A | AA62: =IFERROR(ROUND((Z62/Y62)*100,0),"N/A") -> N/A | AB62: =IFERROR(ROUND(100-AA62,0),"N/A") -> N/A | AC62: =IF(AB62>75,"ALTO","BAJO") -> ALTO | AD62: =IFERROR(ROUND(AVERAGE($P62,$Q62,R62),0),"N/A") -> N/A | AE62: =IFERROR(ROUND(STDEVP($P62,$Q62,R62),0),"N/A") -> N/A | AF62: =IFERROR(ROUND((AE62/AD62)*100,0),"N/A") -> N/A | AG62: =IFERROR(ROUND(100-AF62,0),"N/A") -> N/A | AH62: =IF(AG62>75,"ALTO","BAJO") -> ALTO | AI62: =IFERROR(IF(X62="BAJO",(T62-_xlfn.STDEV.S($E62,$F62,$G62)),""),"N/A") | AJ62: =IFERROR(IF(X62="BAJO",(T62+_xlfn.STDEV.S($E62,$F62,$G62)),""),"N/A") | AK62: =IFERROR(IF(AC62="BAJO",(Y62-_xlfn.STDEV.S($M62,$N62,$O62)),""),"N/A") | AL62: =IFERROR(IF(AC62="BAJO",(Y62+_xlfn.STDEV.S($M62,$N62,$O62)),""),"N/A") | AM62: =IFERROR(IF(AH62="BAJO",(AD62-_xlfn.STDEV.S($P62,$Q62,$R62)),""),"N/A") | AN62: =IFERROR(IF(AH62="BAJO",(AD62+_xlfn.STDEV.S($P62,$Q62,$R62)),""),"N/A") | AO62: =E62 | AP62: =F62 | AQ62: =G62 -> N/A | AR62: =M62 | AS62: =N62 | AT62: =O62 -> N/A | AU62: =P62 | AV62: =Q62 | AW62: =R62 -> N/A | AX62: =IFERROR(IF(AI62="",$T62,AVERAGEIFS((AO62:AQ62),(AO62:AQ62),">"&AI62,(AO62:AQ62),"<"&AJ62)),"N/A") -> N/A | AY62: =IFERROR(IF(AK62="",$Y62,AVERAGEIFS((AR62:AT62),(AR62:AT62),">"&AK62,(AR62:AT62),"<"&AL62)),"N/A") -> N/A | AZ62: =IFERROR(IF(AM62="",$AD62,AVERAGEIFS((AU62:AW62),(AU62:AW62),">"&AM62,(AU62:AW62),"<"&AN62)),"N/A") -> N/A | BA62: {=IF(AI62="",X62,IF(1-(_xlfn.STDEV.S(IF(AO62:AQ62>AI62,IF(AO62:AQ62<AJ62,AO62:AQ62)))/AX62)>70%,"ALTO","BAJO"))} -> ALTO | BB62: {=IF(AK62="",AC62,IF(1-(_xlfn.STDEV.S(IF(AR62:AT62>AK62,IF(AR62:AT62<AL62,AR62:AT62)))/AY62)>70%,"ALTO","BAJO"))} -> ALTO | BC62: {=IF(AM62="",AH62,IF(1-(_xlfn.STDEV.S(IF(AU62:AW62>AM62,IF(AU62:AW62<AN62,AU62:AW62)))/AZ62)>70%,"ALTO","BAJO"))} -> ALTO | BD62: =AX62 -> N/A | BF62: =AY62 -> N/A | BG62: =AZ62 -> N/A
A63: =A62+1 -> 58 | B63: CAMBIO CONJUNTO MANIJA EMBRAGUE | C63: ud | D63: 1 | E63: 19500 | F63: 20475 | G63: =IFERROR(VLOOKUP(HONDA!B63,'SDM-COT-097-2026'!$B$6:$E$203,4,FALSE),"N/A") -> 95553.259 | I63: =I62+1 -> 58 | J63: CONJUNTO MANIJA EMBRAGUE | K63: ud. | L63: 1 | M63: 131056.9 | N63: 137610 | O63: =IFERROR(VLOOKUP($J63,'SDM-COT-097-2026'!$H$6:$M$203,6,FALSE),"N/A") -> 236665.12 | P63: 131056.9 | Q63: 137610 | R63: =IFERROR(VLOOKUP($J63,'SDM-COT-097-2026'!$H$6:$N$203,7,FALSE),"N/A") -> 213331.85 | T63: =IFERROR(ROUND(AVERAGE($E63,$F63,G63),0),"N/A") -> 45176 | U63: =IFERROR(ROUND(STDEVP($E63,$F63,G63),0),"N/A") -> 35624 | V63: =IFERROR(ROUND((U63/T63)*100,0),"N/A") -> 79 | W63: =IFERROR(ROUND(100-V63,0),"N/A") -> 21 | X63: =IF(W63>75,"ALTO","BAJO") -> BAJO | Y63: =IFERROR(ROUND(AVERAGE($M63,$N63,O63),0),"N/A") -> 168444 | Z63: =IFERROR(ROUND(STDEVP($M63,$N63,R63),0),"N/A") -> 37336 | AA63: =IFERROR(ROUND((Z63/Y63)*100,0),"N/A") -> 22 | AB63: =IFERROR(ROUND(100-AA63,0),"N/A") -> 78 | AC63: =IF(AB63>75,"ALTO","BAJO") -> ALTO | AD63: =IFERROR(ROUND(AVERAGE($P63,$Q63,R63),0),"N/A") -> 160666 | AE63: =IFERROR(ROUND(STDEVP($P63,$Q63,R63),0),"N/A") -> 37336 | AF63: =IFERROR(ROUND((AE63/AD63)*100,0),"N/A") -> 23 | AG63: =IFERROR(ROUND(100-AF63,0),"N/A") -> 77 | AH63: =IF(AG63>75,"ALTO","BAJO") -> ALTO | AI63: =IFERROR(IF(X63="BAJO",(T63-_xlfn.STDEV.S($E63,$F63,$G63)),""),"N/A") -> 1545.365 | AJ63: =IFERROR(IF(X63="BAJO",(T63+_xlfn.STDEV.S($E63,$F63,$G63)),""),"N/A") -> 88806.635 | AK63: =IFERROR(IF(AC63="BAJO",(Y63-_xlfn.STDEV.S($M63,$N63,$O63)),""),"N/A") | AL63: =IFERROR(IF(AC63="BAJO",(Y63+_xlfn.STDEV.S($M63,$N63,$O63)),""),"N/A") | AM63: =IFERROR(IF(AH63="BAJO",(AD63-_xlfn.STDEV.S($P63,$Q63,$R63)),""),"N/A") | AN63: =IFERROR(IF(AH63="BAJO",(AD63+_xlfn.STDEV.S($P63,$Q63,$R63)),""),"N/A") | AO63: =E63 -> 19500 | AP63: =F63 -> 20475 | AQ63: =G63 -> 95553.259 | AR63: =M63 -> 131056.9 | AS63: =N63 -> 137610 | AT63: =O63 -> 236665.12 | AU63: =P63 -> 131056.9 | AV63: =Q63 -> 137610 | AW63: =R63 -> 213331.85 | AX63: =IFERROR(IF(AI63="",$T63,AVERAGEIFS((AO63:AQ63),(AO63:AQ63),">"&AI63,(AO63:AQ63),"<"&AJ63)),"N/A") -> 19987.5 | AY63: =IFERROR(IF(AK63="",$Y63,AVERAGEIFS((AR63:AT63),(AR63:AT63),">"&AK63,(AR63:AT63),"<"&AL63)),"N/A") -> 168444 | AZ63: =IFERROR(IF(AM63="",$AD63,AVERAGEIFS((AU63:AW63),(AU63:AW63),">"&AM63,(AU63:AW63),"<"&AN63)),"N/A") -> 160666 | BA63: {=IF(AI63="",X63,IF(1-(_xlfn.STDEV.S(IF(AO63:AQ63>AI63,IF(AO63:AQ63<AJ63,AO63:AQ63)))/AX63)>70%,"ALTO","BAJO"))} -> ALTO | BB63: {=IF(AK63="",AC63,IF(1-(_xlfn.STDEV.S(IF(AR63:AT63>AK63,IF(AR63:AT63<AL63,AR63:AT63)))/AY63)>70%,"ALTO","BAJO"))} -> ALTO | BC63: {=IF(AM63="",AH63,IF(1-(_xlfn.STDEV.S(IF(AU63:AW63>AM63,IF(AU63:AW63<AN63,AU63:AW63)))/AZ63)>70%,"ALTO","BAJO"))} -> ALTO | BD63: =AX63 -> 19987.5 | BF63: =AY63 -> 168444 | BG63: =AZ63 -> 160666
A64: =A63+1 -> 59 | B64: CAMBIO CORONA BOBINA | C64: ud | D64: 1 | E64: 140400 | F64: 147420 | G64: =IFERROR(VLOOKUP(HONDA!B64,'SDM-COT-097-2026'!$B$6:$E$203,4,FALSE),"N/A") -> 84936.589 | I64: =I63+1 -> 59 | J64: CORONA BOBINA | K64: ud. | L64: 1 | M64: 1748425.9 | N64: 1835847 | O64: =IFERROR(VLOOKUP($J64,'SDM-COT-097-2026'!$H$6:$M$203,6,FALSE),"N/A") -> 1276856.3 | P64: 2037278.1 | Q64: 2139142 | R64: =IFERROR(VLOOKUP($J64,'SDM-COT-097-2026'!$H$6:$N$203,7,FALSE),"N/A") -> 1221340.8 | T64: =IFERROR(ROUND(AVERAGE($E64,$F64,G64),0),"N/A") -> 124252 | U64: =IFERROR(ROUND(STDEVP($E64,$F64,G64),0),"N/A") -> 27948 | V64: =IFERROR(ROUND((U64/T64)*100,0),"N/A") -> 22 | W64: =IFERROR(ROUND(100-V64,0),"N/A") -> 78 | X64: =IF(W64>75,"ALTO","BAJO") -> ALTO | Y64: =IFERROR(ROUND(AVERAGE($M64,$N64,O64),0),"N/A") -> 1620376 | Z64: =IFERROR(ROUND(STDEVP($M64,$N64,R64),0),"N/A") -> 271432 | AA64: =IFERROR(ROUND((Z64/Y64)*100,0),"N/A") -> 17 | AB64: =IFERROR(ROUND(100-AA64,0),"N/A") -> 83 | AC64: =IF(AB64>75,"ALTO","BAJO") -> ALTO | AD64: =IFERROR(ROUND(AVERAGE($P64,$Q64,R64),0),"N/A") -> 1799254 | AE64: =IFERROR(ROUND(STDEVP($P64,$Q64,R64),0),"N/A") -> 410757 | AF64: =IFERROR(ROUND((AE64/AD64)*100,0),"N/A") -> 23 | AG64: =IFERROR(ROUND(100-AF64,0),"N/A") -> 77 | AH64: =IF(AG64>75,"ALTO","BAJO") -> ALTO | AI64: =IFERROR(IF(X64="BAJO",(T64-_xlfn.STDEV.S($E64,$F64,$G64)),""),"N/A") | AJ64: =IFERROR(IF(X64="BAJO",(T64+_xlfn.STDEV.S($E64,$F64,$G64)),""),"N/A") | AK64: =IFERROR(IF(AC64="BAJO",(Y64-_xlfn.STDEV.S($M64,$N64,$O64)),""),"N/A") | AL64: =IFERROR(IF(AC64="BAJO",(Y64+_xlfn.STDEV.S($M64,$N64,$O64)),""),"N/A") | AM64: =IFERROR(IF(AH64="BAJO",(AD64-_xlfn.STDEV.S($P64,$Q64,$R64)),""),"N/A") | AN64: =IFERROR(IF(AH64="BAJO",(AD64+_xlfn.STDEV.S($P64,$Q64,$R64)),""),"N/A") | AO64: =E64 -> 140400 | AP64: =F64 -> 147420 | AQ64: =G64 -> 84936.589 | AR64: =M64 -> 1748425.9 | AS64: =N64 -> 1835847 | AT64: =O64 -> 1276856.3 | AU64: =P64 -> 2037278.1 | AV64: =Q64 -> 2139142 | AW64: =R64 -> 1221340.8 | AX64: =IFERROR(IF(AI64="",$T64,AVERAGEIFS((AO64:AQ64),(AO64:AQ64),">"&AI64,(AO64:AQ64),"<"&AJ64)),"N/A") -> 124252 | AY64: =IFERROR(IF(AK64="",$Y64,AVERAGEIFS((AR64:AT64),(AR64:AT64),">"&AK64,(AR64:AT64),"<"&AL64)),"N/A") -> 1620376 | AZ64: =IFERROR(IF(AM64="",$AD64,AVERAGEIFS((AU64:AW64),(AU64:AW64),">"&AM64,(AU64:AW64),"<"&AN64)),"N/A") -> 1799254 | BA64: {=IF(AI64="",X64,IF(1-(_xlfn.STDEV.S(IF(AO64:AQ64>AI64,IF(AO64:AQ64<AJ64,AO64:AQ64)))/AX64)>70%,"ALTO","BAJO"))} -> ALTO | BB64: {=IF(AK64="",AC64,IF(1-(_xlfn.STDEV.S(IF(AR64:AT64>AK64,IF(AR64:AT64<AL64,AR64:AT64)))/AY64)>70%,"ALTO","BAJO"))} -> ALTO | BC64: {=IF(AM64="",AH64,IF(1-(_xlfn.STDEV.S(IF(AU64:AW64>AM64,IF(AU64:AW64<AN64,AU64:AW64)))/AZ64)>70%,"ALTO","BAJO"))} -> ALTO | BD64: =AX64 -> 124252 | BF64: =AY64 -> 1620376 | BG64: =AZ64 -> 1799254
A65: =A64+1 -> 60 | B65: CAMBIO CORREA DE TRANSMICION | C65: ud | D65: 1 | G65: =IFERROR(VLOOKUP(HONDA!B65,'SDM-COT-097-2026'!$B$6:$E$203,4,FALSE),"N/A") -> N/A | I65: =I64+1 -> 60 | J65: CORREA DE TRANSMICION | K65: ud. | L65: 1 | O65: =IFERROR(VLOOKUP($J65,'SDM-COT-097-2026'!$H$6:$M$203,6,FALSE),"N/A") -> N/A | R65: =IFERROR(VLOOKUP($J65,'SDM-COT-097-2026'!$H$6:$N$203,7,FALSE),"N/A") -> N/A | T65: =IFERROR(ROUND(AVERAGE($E65,$F65,G65),0),"N/A") -> N/A | U65: =IFERROR(ROUND(STDEVP($E65,$F65,G65),0),"N/A") -> N/A | V65: =IFERROR(ROUND((U65/T65)*100,0),"N/A") -> N/A | W65: =IFERROR(ROUND(100-V65,0),"N/A") -> N/A | X65: =IF(W65>75,"ALTO","BAJO") -> ALTO | Y65: =IFERROR(ROUND(AVERAGE($M65,$N65,O65),0),"N/A") -> N/A | Z65: =IFERROR(ROUND(STDEVP($M65,$N65,R65),0),"N/A") -> N/A | AA65: =IFERROR(ROUND((Z65/Y65)*100,0),"N/A") -> N/A | AB65: =IFERROR(ROUND(100-AA65,0),"N/A") -> N/A | AC65: =IF(AB65>75,"ALTO","BAJO") -> ALTO | AD65: =IFERROR(ROUND(AVERAGE($P65,$Q65,R65),0),"N/A") -> N/A | AE65: =IFERROR(ROUND(STDEVP($P65,$Q65,R65),0),"N/A") -> N/A | AF65: =IFERROR(ROUND((AE65/AD65)*100,0),"N/A") -> N/A | AG65: =IFERROR(ROUND(100-AF65,0),"N/A") -> N/A | AH65: =IF(AG65>75,"ALTO","BAJO") -> ALTO | AI65: =IFERROR(IF(X65="BAJO",(T65-_xlfn.STDEV.S($E65,$F65,$G65)),""),"N/A") | AJ65: =IFERROR(IF(X65="BAJO",(T65+_xlfn.STDEV.S($E65,$F65,$G65)),""),"N/A") | AK65: =IFERROR(IF(AC65="BAJO",(Y65-_xlfn.STDEV.S($M65,$N65,$O65)),""),"N/A") | AL65: =IFERROR(IF(AC65="BAJO",(Y65+_xlfn.STDEV.S($M65,$N65,$O65)),""),"N/A") | AM65: =IFERROR(IF(AH65="BAJO",(AD65-_xlfn.STDEV.S($P65,$Q65,$R65)),""),"N/A") | AN65: =IFERROR(IF(AH65="BAJO",(AD65+_xlfn.STDEV.S($P65,$Q65,$R65)),""),"N/A") | AO65: =E65 | AP65: =F65 | AQ65: =G65 -> N/A | AR65: =M65 | AS65: =N65 | AT65: =O65 -> N/A | AU65: =P65 | AV65: =Q65 | AW65: =R65 -> N/A | AX65: =IFERROR(IF(AI65="",$T65,AVERAGEIFS((AO65:AQ65),(AO65:AQ65),">"&AI65,(AO65:AQ65),"<"&AJ65)),"N/A") -> N/A | AY65: =IFERROR(IF(AK65="",$Y65,AVERAGEIFS((AR65:AT65),(AR65:AT65),">"&AK65,(AR65:AT65),"<"&AL65)),"N/A") -> N/A | AZ65: =IFERROR(IF(AM65="",$AD65,AVERAGEIFS((AU65:AW65),(AU65:AW65),">"&AM65,(AU65:AW65),"<"&AN65)),"N/A") -> N/A | BA65: {=IF(AI65="",X65,IF(1-(_xlfn.STDEV.S(IF(AO65:AQ65>AI65,IF(AO65:AQ65<AJ65,AO65:AQ65)))/AX65)>70%,"ALTO","BAJO"))} -> ALTO | BB65: {=IF(AK65="",AC65,IF(1-(_xlfn.STDEV.S(IF(AR65:AT65>AK65,IF(AR65:AT65<AL65,AR65:AT65)))/AY65)>70%,"ALTO","BAJO"))} -> ALTO | BC65: {=IF(AM65="",AH65,IF(1-(_xlfn.STDEV.S(IF(AU65:AW65>AM65,IF(AU65:AW65<AN65,AU65:AW65)))/AZ65)>70%,"ALTO","BAJO"))} -> ALTO | BD65: =AX65 -> N/A | BF65: =AY65 -> N/A | BG65: =AZ65 -> N/A
A66: =A65+1 -> 61 | B66: CAMBIO CULATA MOTOR | C66: ud | D66: 1 | E66: 574600 | F66: 603330 | G66: =IFERROR(VLOOKUP(HONDA!B66,'SDM-COT-097-2026'!$B$6:$E$203,4,FALSE),"N/A") -> 201723.2 | I66: =I65+1 -> 61 | J66: CULATA MOTOR | K66: ud. | L66: 1 | M66: 2524615.6 | N66: 2650846 | O66: =IFERROR(VLOOKUP($J66,'SDM-COT-097-2026'!$H$6:$M$203,6,FALSE),"N/A") -> 2943851.6 | P66: 3636168.9 | Q66: 3817977 | R66: =IFERROR(VLOOKUP($J66,'SDM-COT-097-2026'!$H$6:$N$203,7,FALSE),"N/A") -> 2815858.1 | T66: =IFERROR(ROUND(AVERAGE($E66,$F66,G66),0),"N/A") -> 459884 | U66: =IFERROR(ROUND(STDEVP($E66,$F66,G66),0),"N/A") -> 182924 | V66: =IFERROR(ROUND((U66/T66)*100,0),"N/A") -> 40 | W66: =IFERROR(ROUND(100-V66,0),"N/A") -> 60 | X66: =IF(W66>75,"ALTO","BAJO") -> BAJO | Y66: =IFERROR(ROUND(AVERAGE($M66,$N66,O66),0),"N/A") -> 2706438 | Z66: =IFERROR(ROUND(STDEVP($M66,$N66,R66),0),"N/A") -> 119250 | AA66: =IFERROR(ROUND((Z66/Y66)*100,0),"N/A") -> 4 | AB66: =IFERROR(ROUND(100-AA66,0),"N/A") -> 96 | AC66: =IF(AB66>75,"ALTO","BAJO") -> ALTO | AD66: =IFERROR(ROUND(AVERAGE($P66,$Q66,R66),0),"N/A") -> 3423335 | AE66: =IFERROR(ROUND(STDEVP($P66,$Q66,R66),0),"N/A") -> 435916 | AF66: =IFERROR(ROUND((AE66/AD66)*100,0),"N/A") -> 13 | AG66: =IFERROR(ROUND(100-AF66,0),"N/A") -> 87 | AH66: =IF(AG66>75,"ALTO","BAJO") -> ALTO | AI66: =IFERROR(MIN($E66,$F66,$G66),"N/A") -> 201723.2 | AJ66: 573600 | AK66: =IFERROR(IF(AC66="BAJO",(Y66-_xlfn.STDEV.S($M66,$N66,$O66)),""),"N/A") | AL66: =IFERROR(IF(AC66="BAJO",(Y66+_xlfn.STDEV.S($M66,$N66,$O66)),""),"N/A") | AM66: =IFERROR(MIN($P66,$Q66,$R66),"N/A") -> 2815858.1 | AN66: 3635168.9 | AO66: =E66 -> 574600 | AP66: =F66 -> 603330 | AQ66: =G66 -> 201723.2 | AR66: =M66 -> 2524615.6 | AS66: =N66 -> 2650846 | AT66: =O66 -> 2943851.6 | AU66: =P66 -> 3636168.9 | AV66: =Q66 -> 3817977 | AW66: =R66 -> 2815858.1 | AX66: =IFERROR(IF(AI66="",$T66,AVERAGEIFS((AO66:AQ66),(AO66:AQ66),">="&AI66,(AO66:AQ66),"<"&AJ66)),"N/A") -> 201723.2 | AY66: =IFERROR(IF(AK66="",$Y66,AVERAGEIFS((AR66:AT66),(AR66:AT66),">"&AK66,(AR66:AT66),"<"&AL66)),"N/A") -> 2706438 | AZ66: =IFERROR(IF(AM66="",$AD66,AVERAGEIFS((AU66:AW66),(AU66:AW66),">="&AM66,(AU66:AW66),"<"&AN66)),"N/A") -> 2815858.1 | BA66: {=IFERROR(IF(AI66="",X66,IF(1-(_xlfn.STDEV.S(IF(AO66:AQ66>AI66,IF(AO66:AQ66<AJ66,AO66:AQ66)))/AX66)>70%,"ALTO","BAJO")),"ALTO")} -> ALTO | BB66: {=IF(AK66="",AC66,IF(1-(_xlfn.STDEV.S(IF(AR66:AT66>AK66,IF(AR66:AT66<AL66,AR66:AT66)))/AY66)>70%,"ALTO","BAJO"))} -> ALTO | BC66: {=IFERROR(IF(AM66="",AH66,IF(1-(_xlfn.STDEV.S(IF(AU66:AW66>AM66,IF(AU66:AW66<AN66,AU66:AW66)))/AZ66)>70%,"ALTO","BAJO")),"ALTO")} -> ALTO | BD66: =AX66 -> 201723.2 | BF66: =AY66 -> 2706438 | BG66: =AZ66 -> 2815858.1
A67: =A66+1 -> 62 | B67: CAMBIO CUNAS DIRECCION | C67: ud | D67: 1 | E67: 234000 | F67: 245700 | G67: =IFERROR(VLOOKUP(HONDA!B67,'SDM-COT-097-2026'!$B$6:$E$203,4,FALSE),"N/A") -> 26021.554 | I67: =I66+1 -> 62 | J67: CUNAS DIRECCION | K67: ud. | L67: 1 | M67: 384237.1 | N67: 403449 | O67: =IFERROR(VLOOKUP($J67,'SDM-COT-097-2026'!$H$6:$M$203,6,FALSE),"N/A") -> 450866.02 | P67: 384237.1 | Q67: 403449 | R67: =IFERROR(VLOOKUP($J67,'SDM-COT-097-2026'!$H$6:$N$203,7,FALSE),"N/A") -> 431263.15 | T67: =IFERROR(ROUND(AVERAGE($E67,$F67,G67),0),"N/A") -> 168574 | U67: =IFERROR(ROUND(STDEVP($E67,$F67,G67),0),"N/A") -> 100913 | V67: =IFERROR(ROUND((U67/T67)*100,0),"N/A") -> 60 | W67: =IFERROR(ROUND(100-V67,0),"N/A") -> 40 | X67: =IF(W67>75,"ALTO","BAJO") -> BAJO | Y67: =IFERROR(ROUND(AVERAGE($M67,$N67,O67),0),"N/A") -> 412851 | Z67: =IFERROR(ROUND(STDEVP($M67,$N67,R67),0),"N/A") -> 19305 | AA67: =IFERROR(ROUND((Z67/Y67)*100,0),"N/A") -> 5 | AB67: =IFERROR(ROUND(100-AA67,0),"N/A") -> 95 | AC67: =IF(AB67>75,"ALTO","BAJO") -> ALTO | AD67: =IFERROR(ROUND(AVERAGE($P67,$Q67,R67),0),"N/A") -> 406316 | AE67: =IFERROR(ROUND(STDEVP($P67,$Q67,R67),0),"N/A") -> 19305 | AF67: =IFERROR(ROUND((AE67/AD67)*100,0),"N/A") -> 5 | AG67: =IFERROR(ROUND(100-AF67,0),"N/A") -> 95 | AH67: =IF(AG67>75,"ALTO","BAJO") -> ALTO | AI67: =IFERROR(MIN($E67,$F67,$G67),"N/A") -> 26021.554 | AJ67: 233000 | AK67: =IFERROR(IF(AC67="BAJO",(Y67-_xlfn.STDEV.S($M67,$N67,$O67)),""),"N/A") | AL67: =IFERROR(IF(AC67="BAJO",(Y67+_xlfn.STDEV.S($M67,$N67,$O67)),""),"N/A") | AM67: =IFERROR(IF(AH67="BAJO",(AD67-_xlfn.STDEV.S($P67,$Q67,$R67)),""),"N/A") | AN67: =IFERROR(IF(AH67="BAJO",(AD67+_xlfn.STDEV.S($P67,$Q67,$R67)),""),"N/A") | AO67: =E67 -> 234000 | AP67: =F67 -> 245700 | AQ67: =G67 -> 26021.554 | AR67: =M67 -> 384237.1 | AS67: =N67 -> 403449 | AT67: =O67 -> 450866.02 | AU67: =P67 -> 384237.1 | AV67: =Q67 -> 403449 | AW67: =R67 -> 431263.15 | AX67: =IFERROR(IF(AI67="",$T67,AVERAGEIFS((AO67:AQ67),(AO67:AQ67),">="&AI67,(AO67:AQ67),"<"&AJ67)),"N/A") -> 26021.554 | AY67: =IFERROR(IF(AK67="",$Y67,AVERAGEIFS((AR67:AT67),(AR67:AT67),">"&AK67,(AR67:AT67),"<"&AL67)),"N/A") -> 412851 | AZ67: =IFERROR(IF(AM67="",$AD67,AVERAGEIFS((AU67:AW67),(AU67:AW67),">"&AM67,(AU67:AW67),"<"&AN67)),"N/A") -> 406316 | BA67: {=IFERROR(IF(AI67="",X67,IF(1-(_xlfn.STDEV.S(IF(AO67:AQ67>AI67,IF(AO67:AQ67<AJ67,AO67:AQ67)))/AX67)>70%,"ALTO","BAJO")),"ALTO")} -> ALTO | BB67: {=IF(AK67="",AC67,IF(1-(_xlfn.STDEV.S(IF(AR67:AT67>AK67,IF(AR67:AT67<AL67,AR67:AT67)))/AY67)>70%,"ALTO","BAJO"))} -> ALTO | BC67: {=IF(AM67="",AH67,IF(1-(_xlfn.STDEV.S(IF(AU67:AW67>AM67,IF(AU67:AW67<AN67,AU67:AW67)))/AZ67)>70%,"ALTO","BAJO"))} -> ALTO | BD67: =AX67 -> 26021.554 | BF67: =AY67 -> 412851 | BG67: =AZ67 -> 406316
A68: =A67+1 -> 63 | B68: CAMBIO DIRECCIONAL DELANTERA R Y L | C68: ud | D68: 1 | E68: 78000 | F68: 81900 | G68: =IFERROR(VLOOKUP(HONDA!B68,'SDM-COT-097-2026'!$B$6:$E$203,4,FALSE),"N/A") -> 48258.918 | I68: =I67+1 -> 63 | J68: DIRECCIONAL DELANTERA R Y L | K68: ud. | L68: 1 | M68: 664127.1 | N68: 697333 | O68: =IFERROR(VLOOKUP($J68,'SDM-COT-097-2026'!$H$6:$M$203,6,FALSE),"N/A") -> 161057.48 | P68: 1212346.2 | Q68: 1272964 | R68: =IFERROR(VLOOKUP($J68,'SDM-COT-097-2026'!$H$6:$N$203,7,FALSE),"N/A") -> 154054.98 | T68: =IFERROR(ROUND(AVERAGE($E68,$F68,G68),0),"N/A") -> 69386 | U68: =IFERROR(ROUND(STDEVP($E68,$F68,G68),0),"N/A") -> 15024 | V68: =IFERROR(ROUND((U68/T68)*100,0),"N/A") -> 22 | W68: =IFERROR(ROUND(100-V68,0),"N/A") -> 78 | X68: =IF(W68>75,"ALTO","BAJO") -> ALTO | Y68: =IFERROR(ROUND(AVERAGE($M68,$N68,O68),0),"N/A") -> 507506 | Z68: =IFERROR(ROUND(STDEVP($M68,$N68,R68),0),"N/A") -> 248647 | AA68: =IFERROR(ROUND((Z68/Y68)*100,0),"N/A") -> 49 | AB68: =IFERROR(ROUND(100-AA68,0),"N/A") -> 51 | AC68: =IF(AB68>75,"ALTO","BAJO") -> BAJO | AD68: =IFERROR(ROUND(AVERAGE($P68,$Q68,R68),0),"N/A") -> 879788 | AE68: =IFERROR(ROUND(STDEVP($P68,$Q68,R68),0),"N/A") -> 513767 | AF68: =IFERROR(ROUND((AE68/AD68)*100,0),"N/A") -> 58 | AG68: =IFERROR(ROUND(100-AF68,0),"N/A") -> 42 | AH68: =IF(AG68>75,"ALTO","BAJO") -> BAJO | AI68: =IFERROR(IF(X68="BAJO",(T68-_xlfn.STDEV.S($E68,$F68,$G68)),""),"N/A") | AJ68: =IFERROR(IF(X68="BAJO",(T68+_xlfn.STDEV.S($E68,$F68,$G68)),""),"N/A") | AK68: =IFERROR(MIN($M68,$N68,$O68),"N/A") -> 161057.48 | AL68: 663127.1 | AM68: =IFERROR(MIN($P68,$Q68,$R68),"N/A") -> 154054.98 | AN68: 1211346.2 | AO68: =E68 -> 78000 | AP68: =F68 -> 81900 | AQ68: =G68 -> 48258.918 | AR68: =M68 -> 664127.1 | AS68: =N68 -> 697333 | AT68: =O68 -> 161057.48 | AU68: =P68 -> 1212346.2 | AV68: =Q68 -> 1272964 | AW68: =R68 -> 154054.98 | AX68: =IFERROR(IF(AI68="",$T68,AVERAGEIFS((AO68:AQ68),(AO68:AQ68),">"&AI68,(AO68:AQ68),"<"&AJ68)),"N/A") -> 69386 | AY68: =IFERROR(IF(AK68="",$Y68,AVERAGEIFS((AR68:AT68),(AR68:AT68),">="&AK68,(AR68:AT68),"<"&AL68)),"N/A") -> 161057.48 | AZ68: =IFERROR(IF(AM68="",$AD68,AVERAGEIFS((AU68:AW68),(AU68:AW68),">="&AM68,(AU68:AW68),"<"&AN68)),"N/A") -> 154054.98 | BA68: {=IF(AI68="",X68,IF(1-(_xlfn.STDEV.S(IF(AO68:AQ68>AI68,IF(AO68:AQ68<AJ68,AO68:AQ68)))/AX68)>70%,"ALTO","BAJO"))} -> ALTO | BB68: {=IFERROR(IF(AK68="",AC68,IF(1-(_xlfn.STDEV.S(IF(AR68:AT68>AK68,IF(AR68:AT68<AL68,AR68:AT68)))/AY68)>70%,"ALTO","BAJO")),"ALTO")} -> ALTO | BC68: {=IFERROR(IF(AM68="",AH68,IF(1-(_xlfn.STDEV.S(IF(AU68:AW68>AM68,IF(AU68:AW68<AN68,AU68:AW68)))/AZ68)>70%,"ALTO","BAJO")),"ALTO")} -> ALTO | BD68: =AX68 -> 69386 | BF68: =AY68 -> 161057.48 | BG68: =AZ68 -> 154054.98
A69: =A68+1 -> 64 | B69: CAMBIO DIRECCIONAL TRASERA R Y L | C69: ud | D69: 1 | E69: 78000 | F69: 81900 | G69: =IFERROR(VLOOKUP(HONDA!B69,'SDM-COT-097-2026'!$B$6:$E$203,4,FALSE),"N/A") -> 48258.918 | I69: =I68+1 -> 64 | J69: DIRECCIONAL TRASERA R Y L | K69: ud. | L69: 1 | M69: 521597.7 | N69: 547678 | O69: =IFERROR(VLOOKUP($J69,'SDM-COT-097-2026'!$H$6:$M$203,6,FALSE),"N/A") -> 161057.48 | P69: 328212.3 | Q69: 344623 | R69: =IFERROR(VLOOKUP($J69,'SDM-COT-097-2026'!$H$6:$N$203,7,FALSE),"N/A") -> 154054.98 | T69: =IFERROR(ROUND(AVERAGE($E69,$F69,G69),0),"N/A") -> 69386 | U69: =IFERROR(ROUND(STDEVP($E69,$F69,G69),0),"N/A") -> 15024 | V69: =IFERROR(ROUND((U69/T69)*100,0),"N/A") -> 22 | W69: =IFERROR(ROUND(100-V69,0),"N/A") -> 78 | X69: =IF(W69>75,"ALTO","BAJO") -> ALTO | Y69: =IFERROR(ROUND(AVERAGE($M69,$N69,O69),0),"N/A") -> 410111 | Z69: =IFERROR(ROUND(STDEVP($M69,$N69,R69),0),"N/A") -> 179724 | AA69: =IFERROR(ROUND((Z69/Y69)*100,0),"N/A") -> 44 | AB69: =IFERROR(ROUND(100-AA69,0),"N/A") -> 56 | AC69: =IF(AB69>75,"ALTO","BAJO") -> BAJO | AD69: =IFERROR(ROUND(AVERAGE($P69,$Q69,R69),0),"N/A") -> 275630 | AE69: =IFERROR(ROUND(STDEVP($P69,$Q69,R69),0),"N/A") -> 86227 | AF69: =IFERROR(ROUND((AE69/AD69)*100,0),"N/A") -> 31 | AG69: =IFERROR(ROUND(100-AF69,0),"N/A") -> 69 | AH69: =IF(AG69>75,"ALTO","BAJO") -> BAJO | AI69: =IFERROR(IF(X69="BAJO",(T69-_xlfn.STDEV.S($E69,$F69,$G69)),""),"N/A") | AJ69: =IFERROR(IF(X69="BAJO",(T69+_xlfn.STDEV.S($E69,$F69,$G69)),""),"N/A") | AK69: =IFERROR(MIN($M69,$N69,$O69),"N/A") -> 161057.48 | AL69: 520597.7 | AM69: =IFERROR(MIN($P69,$Q69,$R69),"N/A") -> 154054.98 | AN69: 327212.3 | AO69: =E69 -> 78000 | AP69: =F69 -> 81900 | AQ69: =G69 -> 48258.918 | AR69: =M69 -> 521597.7 | AS69: =N69 -> 547678 | AT69: =O69 -> 161057.48 | AU69: =P69 -> 328212.3 | AV69: =Q69 -> 344623 | AW69: =R69 -> 154054.98 | AX69: =IFERROR(IF(AI69="",$T69,AVERAGEIFS((AO69:AQ69),(AO69:AQ69),">"&AI69,(AO69:AQ69),"<"&AJ69)),"N/A") -> 69386 | AY69: =IFERROR(IF(AK69="",$Y69,AVERAGEIFS((AR69:AT69),(AR69:AT69),">="&AK69,(AR69:AT69),"<"&AL69)),"N/A") -> 161057.48 | AZ69: =IFERROR(IF(AM69="",$AD69,AVERAGEIFS((AU69:AW69),(AU69:AW69),">="&AM69,(AU69:AW69),"<"&AN69)),"N/A") -> 154054.98 | BA69: {=IF(AI69="",X69,IF(1-(_xlfn.STDEV.S(IF(AO69:AQ69>AI69,IF(AO69:AQ69<AJ69,AO69:AQ69)))/AX69)>70%,"ALTO","BAJO"))} -> ALTO | BB69: {=IFERROR(IF(AK69="",AC69,IF(1-(_xlfn.STDEV.S(IF(AR69:AT69>AK69,IF(AR69:AT69<AL69,AR69:AT69)))/AY69)>70%,"ALTO","BAJO")),"ALTO")} -> ALTO | BC69: {=IFERROR(IF(AM69="",AH69,IF(1-(_xlfn.STDEV.S(IF(AU69:AW69>AM69,IF(AU69:AW69<AN69,AU69:AW69)))/AZ69)>70%,"ALTO","BAJO")),"ALTO")} -> ALTO | BD69: =AX69 -> 69386 | BF69: =AY69 -> 161057.48 | BG69: =AZ69 -> 154054.98
